Workbook

Sheet Смета 12 гр. по ФЕР
A1: =Source!B1 -> Smeta.RU (495) 974-1589 | H1: ПРИЛОЖЕНИЕ 1 к ФОРМЕ 7
B4: СМЕТА
B5: =IF(Source!G20<>"Новая локальная смета", Source!G20, "")
B7: =IF(Source!G12<>"Новый объект", Source!G12, "") -> на капитальный ремонт аудиторий для компьютерных классов №40,40а,41,42,46,47 в здании учебного корпуса №3 Димитровградского инженерно-технологического института-филиала НИЯУ МИФИ (ДИТИ НИЯУ МИФИ) по адресу: Ульяновская область,г.Димитровград,ул.Куйбышева,д.294 | AD7: =IF(Source!G12<>"Новый объект", Source!G12, "") -> на капитальный ремонт аудиторий для компьютерных классов №40,40а,41,42,46,47 в здании учебного корпуса №3 Димитровградского инженерно-технологического института-филиала НИЯУ МИФИ (ДИТИ НИЯУ МИФИ) по адресу: Ульяновская область,г.Димитровград,ул.Куйбышева,д.294
G10: базовая цена | I10: текущая цена
C11: Сметная стоимость | G11: =SUM(O22:O311)/1000 -> 166.2065 | I11: =(Source!F128/1000) -> 1174.8885 | K11: тыс. руб.
C12: Строительные работы | G12: =SUM(W22:W311)/1000 -> 133.33321 | I12: =(Source!F115)/1000 -> 798.75701 | K12: тыс. руб.
C13: Монтажные работы | G13: =SUM(X22:X311)/1000 -> 32.87329 | I13: =(Source!F116)/1000 -> 196.91118 | K13: тыс. руб.
C14: Оборудование | G14: =SUM(Y22:Y311)/1000 -> 0 | I14: =(Source!F107)/1000 -> 0 | K14: тыс. руб.
C15: Прочие работы | G15: =SUM(Z22:Z311)/1000 -> 0 | I15: =(Source!F117+Source!F118)/1000 -> 0 | K15: тыс. руб.
C16: Нормативная трудоемкость | G16: =I16 -> 1315.7377 | I16: =(Source!F120+Source!F121) -> 1315.7377 | K16: чел. -ч.
C17: Средства на оплату труда | G17: =SUM(R22:R311)/1000 -> 11.4197 | I17: =(Source!F113+ Source!F112)/1000 -> 68.4039 | K17: тыс. руб.
A19: Составлена в ценах IV квартал 2017 года
A20: № п/п | B20: Шифр расценки и коды ресурсов | C20: Наименование работ и затрат | D20: Ед. изм. | E20: Кол-во единиц | F20: Цена на ед. изм. | G20: Попра-вочные коэфф. | H20: Стоимость в ценах 2001г. | I20: Пункт коэфф. пересчета | J20: Коэфф. пересчета | K20: Стоимость в текущих ценах | L20: ЗТР всего чел.-час
A21: 1 | B21: 2 | C21: 3 | D21: 4 | E21: 5 | F21: 6 | G21: 7 | H21: 8 | I21: 9 | J21: 10 | K21: 11 | L21: 12
A22: =Source!E24 -> 1 | B22: =Source!F24 -> 46-04-012-03 | C22: =Source!G24 -> Разборка деревянных заполнений проемов дверных и воротных | D22: =Source!H24 -> 100 м2 | E22: =Source!I24 -> 0.0865 | F22: =Source!AL24+Source!AM24+Source!AO24 -> 1082.58 | I22: =Source!BO24 | S22: =ROUND((Source!FX24/100)*((ROUND(Source!AF24*Source!I24, 2)+ROUND(Source!AE24*Source!I24, 2))), 2) -> 80.93 | T22: =Source!X24 -> 484.8 | U22: =ROUND((Source!FY24/100)*((ROUND(Source!AF24*Source!I24, 2)+ROUND(Source!AE24*Source!I24, 2))), 2) -> 48.64 | V22: =Source!Y24 -> 293.82
C23: Зарплата | F23: =Source!AO24 -> 840.63 | G23: =Source!DG24 | H23: =ROUND(Source!AF24*Source!I24, 2) -> 72.71 | J23: =IF(Source!BA24<> 0, Source!BA24, 1) -> 5.99 | K23: =Source!S24 -> 435.56 | R23: =H23 -> 72.71
C24: Эксплуатация машин | F24: =Source!AM24 -> 241.95 | G24: =Source!DE24 | H24: =ROUND(Source!AD24*Source!I24, 2) -> 20.93 | J24: =IF(Source!BB24<> 0, Source!BB24, 1) -> 5.99 | K24: =Source!Q24 -> 125.36
C25: в т.ч. зарплата машинистов | F25: =Source!AN24 -> 104.49 | G25: =Source!DF24 | H25: =ROUND(Source!AE24*Source!I24, 2) -> 9.04 | J25: =IF(Source!BS24<> 0, Source!BS24, 1) -> 5.99 | K25: =Source!R24 -> 54.14 | R25: =H25 -> 9.04
C26: НР от ФОТ | D26: % | E26: =Source!BZ24 -> 110 | F26: =CONCATENATE(" )", Source!DL24, Source!FT24, "=", Source!FX24) -> )*0,9=99 | H26: =SUM(S22:S28) -> 80.93 | J26: =Source!AT24 -> 99 | K26: =SUM(T22:T28) -> 484.8
C27: СП от ФОТ | D27: % | E27: =Source!CA24 -> 70 | F27: =CONCATENATE(" )", Source!DM24, Source!FU24, "=", Source!FY24) -> )*0,85=59,5 | H27: =SUM(U22:U28) -> 48.64 | J27: =Source!AU24 -> 60 | K27: =SUM(V22:V28) -> 293.82
C28: Затраты труда | D28: чел-ч | E28: =Source!AQ24 -> 103.91 | G28: =Source!DI24 | L28: =Source!U24 -> 8.988215
G29: =H23+H24+H26+H27 -> 223.21 | J29: =K23+K24+K26+K27 -> 1339.54 | L29: =Source!U24 -> 8.988215 | O29: =G29 -> 223.21 | P29: =J29 -> 1339.54 | Q29: =L29 -> 8.988215 | W29: =IF(Source!BI24<=1,H23+H24+H26+H27, 0) -> 223.21 | X29: =IF(Source!BI24=2,H23+H24+H26+H27, 0) -> 0 | Y29: =IF(Source!BI24=3,H23+H24+H26+H27, 0) -> 0 | Z29: =IF(Source!BI24=4,H23+H24+H26+H27, 0) -> 0
A30: =Source!E25 -> 2 | B30: =Source!F25 -> 09-04-012-01 | C30: =Source!G25 -> Демонтаж: металлических дверных блоков в готовые проемы | D30: =Source!H25 -> м2 | E30: =Source!I25 -> 5.94 | F30: =Source!AL25+Source!AM25+Source!AO25 -> 63.94 | I30: =Source!BO25 | S30: =ROUND((Source!FX25/100)*((ROUND(Source!AF25*Source!I25, 2)+ROUND(Source!AE25*Source!I25, 2))), 2) -> 86.85 | T30: =Source!X25 -> 520.21 | U30: =ROUND((Source!FY25/100)*((ROUND(Source!AF25*Source!I25, 2)+ROUND(Source!AE25*Source!I25, 2))), 2) -> 77.47 | V30: =Source!Y25 -> 462.41
C31: Зарплата | F31: =Source!AO25 -> 23.81 | G31: =Source!DG25 -> )*0,7 | H31: =ROUND(Source!AF25*Source!I25, 2) -> 99.02 | J31: =IF(Source!BA25<> 0, Source!BA25, 1) -> 5.99 | K31: =Source!S25 -> 593.13 | R31: =H31 -> 99.02
C32: Эксплуатация машин | F32: =Source!AM25 -> 14.41 | G32: =Source!DE25 -> )*0,7 | H32: =ROUND(Source!AD25*Source!I25, 2) -> 59.93 | J32: =IF(Source!BB25<> 0, Source!BB25, 1) -> 5.99 | K32: =Source!Q25 -> 359.01
C33: в т.ч. зарплата машинистов | F33: =Source!AN25 -> 1.97 | G33: =Source!DF25 -> )*0,7 | H33: =ROUND(Source!AE25*Source!I25, 2) -> 8.2 | J33: =IF(Source!BS25<> 0, Source!BS25, 1) -> 5.99 | K33: =Source!R25 -> 49.1 | R33: =H33 -> 8.2
C34: НР от ФОТ | D34: % | E34: =Source!BZ25 -> 90 | F34: =CONCATENATE(" )", Source!DL25, Source!FT25, "=", Source!FX25) -> )*0,9=81 | H34: =SUM(S30:S36) -> 86.85 | J34: =Source!AT25 -> 81 | K34: =SUM(T30:T36) -> 520.21
C35: СП от ФОТ | D35: % | E35: =Source!CA25 -> 85 | F35: =CONCATENATE(" )", Source!DM25, Source!FU25, "=", Source!FY25) -> )*0,85=72,25 | H35: =SUM(U30:U36) -> 77.47 | J35: =Source!AU25 -> 72 | K35: =SUM(V30:V36) -> 462.41
C36: Затраты труда | D36: чел-ч | E36: =Source!AQ25 -> 2.4 | G36: =Source!DI25 -> )*0,7 | L36: =Source!U25 -> 9.9792
G37: =H31+H32+H34+H35 -> 323.27 | J37: =K31+K32+K34+K35 -> 1934.76 | L37: =Source!U25 -> 9.9792 | O37: =G37 -> 323.27 | P37: =J37 -> 1934.76 | Q37: =L37 -> 9.9792 | W37: =IF(Source!BI25<=1,H31+H32+H34+H35, 0) -> 323.27 | X37: =IF(Source!BI25=2,H31+H32+H34+H35, 0) -> 0 | Y37: =IF(Source!BI25=3,H31+H32+H34+H35, 0) -> 0 | Z37: =IF(Source!BI25=4,H31+H32+H34+H35, 0) -> 0
A38: =Source!E26 -> 3 | B38: =Source!F26 -> 46-04-001-04 | C38: =Source!G26 -> Разборка кирпичных стен | D38: =Source!H26 -> м3 | E38: =Source!I26 -> 3.91 | F38: =Source!AL26+Source!AM26+Source!AO26 -> 113.91 | I38: =Source!BO26 | S38: =ROUND((Source!FX26/100)*((ROUND(Source!AF26*Source!I26, 2)+ROUND(Source!AE26*Source!I26, 2))), 2) -> 282.62 | T38: =Source!X26 -> 1692.86 | U38: =ROUND((Source!FY26/100)*((ROUND(Source!AF26*Source!I26, 2)+ROUND(Source!AE26*Source!I26, 2))), 2) -> 169.85 | V38: =Source!Y26 -> 1025.98
C39: Зарплата | F39: =Source!AO26 -> 73.01 | G39: =Source!DG26 | H39: =ROUND(Source!AF26*Source!I26, 2) -> 285.47 | J39: =IF(Source!BA26<> 0, Source!BA26, 1) -> 5.99 | K39: =Source!S26 -> 1709.96 | R39: =H39 -> 285.47
C40: Эксплуатация машин | F40: =Source!AM26 -> 40.9 | G40: =Source!DE26 | H40: =ROUND(Source!AD26*Source!I26, 2) -> 159.92 | J40: =IF(Source!BB26<> 0, Source!BB26, 1) -> 5.99 | K40: =Source!Q26 -> 957.91
C41: НР от ФОТ | D41: % | E41: =Source!BZ26 -> 110 | F41: =CONCATENATE(" )", Source!DL26, Source!FT26, "=", Source!FX26) -> )*0,9=99 | H41: =SUM(S38:S43) -> 282.62 | J41: =Source!AT26 -> 99 | K41: =SUM(T38:T43) -> 1692.86
C42: СП от ФОТ | D42: % | E42: =Source!CA26 -> 70 | F42: =CONCATENATE(" )", Source!DM26, Source!FU26, "=", Source!FY26) -> )*0,85=59,5 | H42: =SUM(U38:U43) -> 169.85 | J42: =Source!AU26 -> 60 | K42: =SUM(V38:V43) -> 1025.98
C43: Затраты труда | D43: чел-ч | E43: =Source!AQ26 -> 8.24 | G43: =Source!DI26 | L43: =Source!U26 -> 32.2184
G44: =H39+H40+H41+H42 -> 897.86 | J44: =K39+K40+K41+K42 -> 5386.71 | L44: =Source!U26 -> 32.2184 | O44: =G44 -> 897.86 | P44: =J44 -> 5386.71 | Q44: =L44 -> 32.2184 | W44: =IF(Source!BI26<=1,H39+H40+H41+H42, 0) -> 897.86 | X44: =IF(Source!BI26=2,H39+H40+H41+H42, 0) -> 0 | Y44: =IF(Source!BI26=3,H39+H40+H41+H42, 0) -> 0 | Z44: =IF(Source!BI26=4,H39+H40+H41+H42, 0) -> 0
A45: =Source!E27 -> 4 | B45: =Source!F27 -> 10-06-031-01 | C45: =Source!G27 -> Разборка : перегородок из гипсоволокнистых листов (ГВЛ) по системе «КНАУФ» с одинарным металлическим каркасом и однослойной обшивкой с обеих сторон (С 361) глухих | D45: =Source!H27 -> 100 м2 | E45: =Source!I27 -> 0.0877 | F45: =Source!AL27+Source!AM27+Source!AO27 -> 7751.05 | I45: =Source!BO27 | S45: =ROUND((Source!FX27/100)*((ROUND(Source!AF27*Source!I27, 2)+ROUND(Source!AE27*Source!I27, 2))), 2) -> 70.28 | T45: =Source!X27 -> 420.21 | U45: =ROUND((Source!FY27/100)*((ROUND(Source!AF27*Source!I27, 2)+ROUND(Source!AE27*Source!I27, 2))), 2) -> 35.44 | V45: =Source!Y27 -> 214.07
C46: ="Объем: "&Source!I27&"=8,77/"&"100" -> Объем: 0,0877=8,77/100
C47: Зарплата | F47: =Source!AO27 -> 943.28 | G47: =Source!DG27 -> )*0,8 | H47: =ROUND(Source!AF27*Source!I27, 2) -> 66.18 | J47: =IF(Source!BA27<> 0, Source!BA27, 1) -> 5.99 | K47: =Source!S27 -> 396.42 | R47: =H47 -> 66.18
C48: Эксплуатация машин | F48: =Source!AM27 -> 18.81 | G48: =Source!DE27 -> )*0,8 | H48: =ROUND(Source!AD27*Source!I27, 2) -> 1.32 | J48: =IF(Source!BB27<> 0, Source!BB27, 1) -> 5.99 | K48: =Source!Q27 -> 7.91
C49: НР от ФОТ | D49: % | E49: =Source!BZ27 -> 118 | F49: =CONCATENATE(" )", Source!DL27, Source!FT27, "=", Source!FX27) -> )*0,9=106,2 | H49: =SUM(S45:S51) -> 70.28 | J49: =Source!AT27 -> 106 | K49: =SUM(T45:T51) -> 420.21
C50: СП от ФОТ | D50: % | E50: =Source!CA27 -> 63 | F50: =CONCATENATE(" )", Source!DM27, Source!FU27, "=", Source!FY27) -> )*0,85=53,55 | H50: =SUM(U45:U51) -> 35.44 | J50: =Source!AU27 -> 54 | K50: =SUM(V45:V51) -> 214.07
C51: Затраты труда | D51: чел-ч | E51: =Source!AQ27 -> 104 | G51: =Source!DI27 -> )*0,8 | L51: =Source!U27 -> 7.29664
G52: =H47+H48+H49+H50 -> 173.22 | J52: =K47+K48+K49+K50 -> 1038.61 | L52: =Source!U27 -> 7.29664 | O52: =G52 -> 173.22 | P52: =J52 -> 1038.61 | Q52: =L52 -> 7.29664 | W52: =IF(Source!BI27<=1,H47+H48+H49+H50, 0) -> 173.22 | X52: =IF(Source!BI27=2,H47+H48+H49+H50, 0) -> 0 | Y52: =IF(Source!BI27=3,H47+H48+H49+H50, 0) -> 0 | Z52: =IF(Source!BI27=4,H47+H48+H49+H50, 0) -> 0
A53: =Source!E28 -> 5 | B53: =Source!F28 -> 57-2-2 | C53: =Source!G28 -> Разборка покрытий полов из плиток поливинилхлоридных | D53: =Source!H28 -> 100 м2 | E53: =Source!I28 -> 1.89 | F53: =Source!AL28+Source!AM28+Source!AO28 -> 280.88 | I53: =Source!BO28 | S53: =ROUND((Source!FX28/100)*((ROUND(Source!AF28*Source!I28, 2)+ROUND(Source!AE28*Source!I28, 2))), 2) -> 421.22 | T53: =Source!X28 -> 2523.07 | U53: =ROUND((Source!FY28/100)*((ROUND(Source!AF28*Source!I28, 2)+ROUND(Source!AE28*Source!I28, 2))), 2) -> 358.03 | V53: =Source!Y28 -> 2144.61
C54: Зарплата | F54: =Source!AO28 -> 276.82 | G54: =Source!DG28 | H54: =ROUND(Source!AF28*Source!I28, 2) -> 523.19 | J54: =IF(Source!BA28<> 0, Source!BA28, 1) -> 5.99 | K54: =Source!S28 -> 3133.91 | R54: =H54 -> 523.19
C55: Эксплуатация машин | F55: =Source!AM28 -> 4.06 | G55: =Source!DE28 | H55: =ROUND(Source!AD28*Source!I28, 2) -> 7.67 | J55: =IF(Source!BB28<> 0, Source!BB28, 1) -> 5.99 | K55: =Source!Q28 -> 45.96
C56: в т.ч. зарплата машинистов | F56: =Source!AN28 -> 1.76 | G56: =Source!DF28 | H56: =ROUND(Source!AE28*Source!I28, 2) -> 3.33 | J56: =IF(Source!BS28<> 0, Source!BS28, 1) -> 5.99 | K56: =Source!R28 -> 19.93 | R56: =H56 -> 3.33
C57: НР от ФОТ | D57: % | E57: =Source!BZ28 -> 80 | H57: =SUM(S53:S59) -> 421.22 | J57: =Source!AT28 -> 80 | K57: =SUM(T53:T59) -> 2523.07
C58: СП от ФОТ | D58: % | E58: =Source!CA28 -> 68 | H58: =SUM(U53:U59) -> 358.03 | J58: =Source!AU28 -> 68 | K58: =SUM(V53:V59) -> 2144.61
C59: Затраты труда | D59: чел-ч | E59: =Source!AQ28 -> 35.49 | G59: =Source!DI28 | L59: =Source!U28 -> 67.0761
G60: =H54+H55+H57+H58 -> 1310.11 | J60: =K54+K55+K57+K58 -> 7847.55 | L60: =Source!U28 -> 67.0761 | O60: =G60 -> 1310.11 | P60: =J60 -> 7847.55 | Q60: =L60 -> 67.0761 | W60: =IF(Source!BI28<=1,H54+H55+H57+H58, 0) -> 1310.11 | X60: =IF(Source!BI28=2,H54+H55+H57+H58, 0) -> 0 | Y60: =IF(Source!BI28=3,H54+H55+H57+H58, 0) -> 0 | Z60: =IF(Source!BI28=4,H54+H55+H57+H58, 0) -> 0
A61: =Source!E29 -> 6 | B61: =Source!F29 -> 57-2-1 | C61: =Source!G29 -> Разборка покрытий полов из линолеума и релина | D61: =Source!H29 -> 100 м2 | E61: =Source!I29 -> 1.1078 | F61: =Source!AL29+Source!AM29+Source!AO29 -> 92.9 | I61: =Source!BO29 | S61: =ROUND((Source!FX29/100)*((ROUND(Source!AF29*Source!I29, 2)+ROUND(Source!AE29*Source!I29, 2))), 2) -> 80.3 | T61: =Source!X29 -> 480.96 | U61: =ROUND((Source!FY29/100)*((ROUND(Source!AF29*Source!I29, 2)+ROUND(Source!AE29*Source!I29, 2))), 2) -> 68.25 | V61: =Source!Y29 -> 408.82
C62: Зарплата | F62: =Source!AO29 -> 88.84 | G62: =Source!DG29 | H62: =ROUND(Source!AF29*Source!I29, 2) -> 98.42 | J62: =IF(Source!BA29<> 0, Source!BA29, 1) -> 5.99 | K62: =Source!S29 -> 589.52 | R62: =H62 -> 98.42
C63: Эксплуатация машин | F63: =Source!AM29 -> 4.06 | G63: =Source!DE29 | H63: =ROUND(Source!AD29*Source!I29, 2) -> 4.5 | J63: =IF(Source!BB29<> 0, Source!BB29, 1) -> 5.99 | K63: =Source!Q29 -> 26.94
C64: в т.ч. зарплата машинистов | F64: =Source!AN29 -> 1.76 | G64: =Source!DF29 | H64: =ROUND(Source!AE29*Source!I29, 2) -> 1.95 | J64: =IF(Source!BS29<> 0, Source!BS29, 1) -> 5.99 | K64: =Source!R29 -> 11.68 | R64: =H64 -> 1.95
C65: НР от ФОТ | D65: % | E65: =Source!BZ29 -> 80 | H65: =SUM(S61:S67) -> 80.3 | J65: =Source!AT29 -> 80 | K65: =SUM(T61:T67) -> 480.96
C66: СП от ФОТ | D66: % | E66: =Source!CA29 -> 68 | H66: =SUM(U61:U67) -> 68.25 | J66: =Source!AU29 -> 68 | K66: =SUM(V61:V67) -> 408.82
C67: Затраты труда | D67: чел-ч | E67: =Source!AQ29 -> 11.39 | G67: =Source!DI29 | L67: =Source!U29 -> 12.617842
G68: =H62+H63+H65+H66 -> 251.47 | J68: =K62+K63+K65+K66 -> 1506.24 | L68: =Source!U29 -> 12.617842 | O68: =G68 -> 251.47 | P68: =J68 -> 1506.24 | Q68: =L68 -> 12.617842 | W68: =IF(Source!BI29<=1,H62+H63+H65+H66, 0) -> 251.47 | X68: =IF(Source!BI29=2,H62+H63+H65+H66, 0) -> 0 | Y68: =IF(Source!BI29=3,H62+H63+H65+H66, 0) -> 0 | Z68: =IF(Source!BI29=4,H62+H63+H65+H66, 0) -> 0
A69: =Source!E30 -> 7 | B69: =Source!F30 -> 57-3-1 | C69: =Source!G30 -> Разборка плинтусов деревянных и из пластмассовых материалов | D69: =Source!H30 -> 100 м | E69: =Source!I30 -> 1.4905 | F69: =Source!AL30+Source!AM30+Source!AO30 -> 29.41 | I69: =Source!BO30 | S69: =ROUND((Source!FX30/100)*((ROUND(Source!AF30*Source!I30, 2)+ROUND(Source!AE30*Source!I30, 2))), 2) -> 35.07 | T69: =Source!X30 -> 210.06 | U69: =ROUND((Source!FY30/100)*((ROUND(Source!AF30*Source!I30, 2)+ROUND(Source!AE30*Source!I30, 2))), 2) -> 29.81 | V69: =Source!Y30 -> 178.55
C70: Зарплата | F70: =Source!AO30 -> 29.41 | G70: =Source!DG30 | H70: =ROUND(Source!AF30*Source!I30, 2) -> 43.84 | J70: =IF(Source!BA30<> 0, Source!BA30, 1) -> 5.99 | K70: =Source!S30 -> 262.58 | R70: =H70 -> 43.84
C71: НР от ФОТ | D71: % | E71: =Source!BZ30 -> 80 | H71: =SUM(S69:S73) -> 35.07 | J71: =Source!AT30 -> 80 | K71: =SUM(T69:T73) -> 210.06
C72: СП от ФОТ | D72: % | E72: =Source!CA30 -> 68 | H72: =SUM(U69:U73) -> 29.81 | J72: =Source!AU30 -> 68 | K72: =SUM(V69:V73) -> 178.55
C73: Затраты труда | D73: чел-ч | E73: =Source!AQ30 -> 3.77 | G73: =Source!DI30 | L73: =Source!U30 -> 5.619185
G74: =H70+H71+H72 -> 108.72 | J74: =K70+K71+K72 -> 651.19 | L74: =Source!U30 -> 5.619185 | O74: =G74 -> 108.72 | P74: =J74 -> 651.19 | Q74: =L74 -> 5.619185 | W74: =IF(Source!BI30<=1,H70+H71+H72, 0) -> 108.72 | X74: =IF(Source!BI30=2,H70+H71+H72, 0) -> 0 | Y74: =IF(Source!BI30=3,H70+H71+H72, 0) -> 0 | Z74: =IF(Source!BI30=4,H70+H71+H72, 0) -> 0
A75: =Source!E31 -> 8 | B75: =Source!F31 -> 11-01-011-01 | C75: =Source!G31 -> Устройство стяжек цементных толщиной 20 мм | D75: =Source!H31 -> 100 м2 | E75: =Source!I31 -> 2.9978 | F75: =Source!AL31+Source!AM31+Source!AO31 -> 366.49 | I75: =Source!BO31 | S75: =ROUND((Source!FX31/100)*((ROUND(Source!AF31*Source!I31, 2)+ROUND(Source!AE31*Source!I31, 2))), 2) -> 1268.39 | T75: =Source!X31 -> 7618.23 | U75: =ROUND((Source!FY31/100)*((ROUND(Source!AF31*Source!I31, 2)+ROUND(Source!AE31*Source!I31, 2))), 2) -> 730.44 | V75: =Source!Y31 -> 4392.49
C76: Зарплата | F76: =Source!AO31 -> 313.71 | G76: =Source!DG31 -> )*1,15 | H76: =ROUND(Source!AF31*Source!I31, 2) -> 1081.52 | J76: =IF(Source!BA31<> 0, Source!BA31, 1) -> 5.99 | K76: =Source!S31 -> 6478.28 | R76: =H76 -> 1081.52
C77: Эксплуатация машин | F77: =Source!AM31 -> 44.24 | G77: =Source!DE31 -> )*1,25 | H77: =ROUND(Source!AD31*Source!I31, 2) -> 165.78 | J77: =IF(Source!BB31<> 0, Source!BB31, 1) -> 5.99 | K77: =Source!Q31 -> 993.01
C78: в т.ч. зарплата машинистов | F78: =Source!AN31 -> 17.15 | G78: =Source!DF31 -> )*1,25 | H78: =ROUND(Source!AE31*Source!I31, 2) -> 64.27 | J78: =IF(Source!BS31<> 0, Source!BS31, 1) -> 5.99 | K78: =Source!R31 -> 384.99 | R78: =H78 -> 64.27
C79: Материальные ресурсы | F79: =Source!AL31 -> 8.54 | G79: =Source!DD31 | H79: =ROUND(Source!AC31*Source!I31, 2) -> 25.6 | J79: =IF(Source!BC31<> 0, Source!BC31, 1) -> 5.99 | K79: =Source!P31 -> 153.35
C80: НР от ФОТ | D80: % | E80: =Source!BZ31 -> 123 | F80: =CONCATENATE(" )", Source!DL31, Source!FT31, "=", Source!FX31) -> )*0,9=110,7 | H80: =SUM(S75:S84) -> 1268.39 | J80: =Source!AT31 -> 111 | K80: =SUM(T75:T84) -> 7618.23
C81: СП от ФОТ | D81: % | E81: =Source!CA31 -> 75 | F81: =CONCATENATE(" )", Source!DM31, Source!FU31, "=", Source!FY31) -> )*0,85=63,75 | H81: =SUM(U75:U84) -> 730.44 | J81: =Source!AU31 -> 64 | K81: =SUM(V75:V84) -> 4392.49
C82: Затраты труда | D82: чел-ч | E82: =Source!AQ31 -> 39.51 | G82: =Source!DI31 -> )*1,15 | L82: =Source!U31 -> 136.20954
A83: =Source!E32 -> 8,1 | B83: =Source!F32 -> 04.3.01.09-0016 | C83: =Source!G32 -> Раствор готовый кладочный цементный марки 200 | D83: =Source!H32 -> м3 | E83: =Source!I32 -> 6.115512 | F83: =Source!AL32+Source!AM32+Source!AO32 -> 600 | H83: =ROUND(Source!AC32*Source!I32, 2)+ROUND(Source!AD32*Source!I32, 2)+ROUND(Source!AF32*Source!I32, 2) -> 3669.31 | J83: =IF(Source!BC32<> 0, Source!BC32, 1) -> 5.99 | K83: =Source!O32 -> 21979.15 | S83: =ROUND((Source!FX32/100)*((ROUND(Source!AF32*Source!I32, 2)+ROUND(Source!AE32*Source!I32, 2))), 2) -> 0 | T83: =Source!X32 -> 0 | U83: =ROUND((Source!FY32/100)*((ROUND(Source!AF32*Source!I32, 2)+ROUND(Source!AE32*Source!I32, 2))), 2) -> 0 | V83: =Source!Y32 -> 0 | W83: =IF(Source!BI32<=1,H83, 0) -> 3669.31 | X83: =IF(Source!BI32=2,H83, 0) -> 0 | Y83: =IF(Source!BI32=3,H83, 0) -> 0 | Z83: =IF(Source!BI32=4,H83, 0) -> 0
A84: =Source!E33 -> 8,2 | B84: =Source!F33 -> 04.3.01.09 | C84: =Source!G33 -> Раствор готовый кладочный тяжелый цементный | D84: =Source!H33 -> м3 | E84: =Source!I33 -> 6.115512 | F84: =Source!AL33+Source!AM33+Source!AO33 -> 0 | H84: =ROUND(Source!AC33*Source!I33, 2)+ROUND(Source!AD33*Source!I33, 2)+ROUND(Source!AF33*Source!I33, 2) -> 0 | J84: =IF(Source!BC33<> 0, Source!BC33, 1) -> 5.99 | K84: =Source!O33 -> 0 | S84: =ROUND((Source!FX33/100)*((ROUND(Source!AF33*Source!I33, 2)+ROUND(Source!AE33*Source!I33, 2))), 2) -> 0 | T84: =Source!X33 -> 0 | U84: =ROUND((Source!FY33/100)*((ROUND(Source!AF33*Source!I33, 2)+ROUND(Source!AE33*Source!I33, 2))), 2) -> 0 | V84: =Source!Y33 -> 0 | W84: =IF(Source!BI33<=1,H84, 0) -> 0 | X84: =IF(Source!BI33=2,H84, 0) -> 0 | Y84: =IF(Source!BI33=3,H84, 0) -> 0 | Z84: =IF(Source!BI33=4,H84, 0) -> 0
G85: =H76+H77+H79+H80+H81+SUM(H83:H84) -> 6941.04 | J85: =K76+K77+K79+K80+K81+SUM(K83:K84) -> 41614.51 | L85: =Source!U31 -> 136.20954 | O85: =G85 -> 6941.04 | P85: =J85 -> 41614.51 | Q85: =L85 -> 136.20954 | W85: =IF(Source!BI31<=1,H76+H77+H79+H80+H81, 0) -> 3271.73 | X85: =IF(Source!BI31=2,H76+H77+H79+H80+H81, 0) -> 0 | Y85: =IF(Source!BI31=3,H76+H77+H79+H80+H81, 0) -> 0 | Z85: =IF(Source!BI31=4,H76+H77+H79+H80+H81, 0) -> 0
A86: =Source!E34 -> 9 | B86: =Source!F34 -> 11-01-036-01 | C86: =Source!G34 -> Устройство покрытий из линолеума на клее | D86: =Source!H34 -> 100 м2 | E86: =Source!I34 -> 2.9978 | F86: =Source!AL34+Source!AM34+Source!AO34 -> 397.05 | I86: =Source!BO34 | S86: =ROUND((Source!FX34/100)*((ROUND(Source!AF34*Source!I34, 2)+ROUND(Source!AE34*Source!I34, 2))), 2) -> 1388.32 | T86: =Source!X34 -> 8338.58 | U86: =ROUND((Source!FY34/100)*((ROUND(Source!AF34*Source!I34, 2)+ROUND(Source!AE34*Source!I34, 2))), 2) -> 799.51 | V86: =Source!Y34 -> 4807.83
C87: Зарплата | F87: =Source!AO34 -> 352.34 | G87: =Source!DG34 -> )*1,15 | H87: =ROUND(Source!AF34*Source!I34, 2) -> 1214.68 | J87: =IF(Source!BA34<> 0, Source!BA34, 1) -> 5.99 | K87: =Source!S34 -> 7275.92 | R87: =H87 -> 1214.68
C88: Эксплуатация машин | F88: =Source!AM34 -> 43.8 | G88: =Source!DE34 -> )*1,25 | H88: =ROUND(Source!AD34*Source!I34, 2) -> 164.13 | J88: =IF(Source!BB34<> 0, Source!BB34, 1) -> 5.99 | K88: =Source!Q34 -> 983.14
C89: в т.ч. зарплата машинистов | F89: =Source!AN34 -> 10.53 | G89: =Source!DF34 -> )*1,25 | H89: =ROUND(Source!AE34*Source!I34, 2) -> 39.45 | J89: =IF(Source!BS34<> 0, Source!BS34, 1) -> 5.99 | K89: =Source!R34 -> 236.31 | R89: =H89 -> 39.45
C90: Материальные ресурсы | F90: =Source!AL34 -> 0.91 | G90: =Source!DD34 | H90: =ROUND(Source!AC34*Source!I34, 2) -> 2.73 | J90: =IF(Source!BC34<> 0, Source!BC34, 1) -> 5.99 | K90: =Source!P34 -> 16.34
C91: НР от ФОТ | D91: % | E91: =Source!BZ34 -> 123 | F91: =CONCATENATE(" )", Source!DL34, Source!FT34, "=", Source!FX34) -> )*0,9=110,7 | H91: =SUM(S86:S97) -> 1388.32 | J91: =Source!AT34 -> 111 | K91: =SUM(T86:T97) -> 8338.58
C92: СП от ФОТ | D92: % | E92: =Source!CA34 -> 75 | F92: =CONCATENATE(" )", Source!DM34, Source!FU34, "=", Source!FY34) -> )*0,85=63,75 | H92: =SUM(U86:U97) -> 799.51 | J92: =Source!AU34 -> 64 | K92: =SUM(V86:V97) -> 4807.83
C93: Затраты труда | D93: чел-ч | E93: =Source!AQ34 -> 42.4 | G93: =Source!DI34 -> )*1,15 | L93: =Source!U34 -> 146.17273
A94: =Source!E35 -> 9,1 | B94: =Source!F35 -> 01.6.03.04-0118 | C94: =Source!G35 -> Линолеум коммерческий гомогенный "ТАРКЕТТ iQ GRANIT" (толщина 2 мм, класс 34/43, пож. безопасность Г4, В3, РП1, Д2, Т2) | D94: =Source!H35 -> м2 | E94: =Source!I35 -> 305.7756 | F94: =Source!AL35+Source!AM35+Source!AO35 -> 211.2 | H94: =ROUND(Source!AC35*Source!I35, 2)+ROUND(Source!AD35*Source!I35, 2)+ROUND(Source!AF35*Source!I35, 2) -> 64579.81 | J94: =IF(Source!BC35<> 0, Source!BC35, 1) -> 5.99 | K94: =Source!O35 -> 386833.04 | S94: =ROUND((Source!FX35/100)*((ROUND(Source!AF35*Source!I35, 2)+ROUND(Source!AE35*Source!I35, 2))), 2) -> 0 | T94: =Source!X35 -> 0 | U94: =ROUND((Source!FY35/100)*((ROUND(Source!AF35*Source!I35, 2)+ROUND(Source!AE35*Source!I35, 2))), 2) -> 0 | V94: =Source!Y35 -> 0 | W94: =IF(Source!BI35<=1,H94, 0) -> 64579.81 | X94: =IF(Source!BI35=2,H94, 0) -> 0 | Y94: =IF(Source!BI35=3,H94, 0) -> 0 | Z94: =IF(Source!BI35=4,H94, 0) -> 0
A95: =Source!E36 -> 9,2 | B95: =Source!F36 -> 01.6.03.04 | C95: =Source!G36 -> Линолеум на теплозвукоизолирующей подоснове | D95: =Source!H36 -> м2 | E95: =Source!I36 -> 305.7756 | F95: =Source!AL36+Source!AM36+Source!AO36 -> 0 | H95: =ROUND(Source!AC36*Source!I36, 2)+ROUND(Source!AD36*Source!I36, 2)+ROUND(Source!AF36*Source!I36, 2) -> 0 | J95: =IF(Source!BC36<> 0, Source!BC36, 1) -> 5.99 | K95: =Source!O36 -> 0 | S95: =ROUND((Source!FX36/100)*((ROUND(Source!AF36*Source!I36, 2)+ROUND(Source!AE36*Source!I36, 2))), 2) -> 0 | T95: =Source!X36 -> 0 | U95: =ROUND((Source!FY36/100)*((ROUND(Source!AF36*Source!I36, 2)+ROUND(Source!AE36*Source!I36, 2))), 2) -> 0 | V95: =Source!Y36 -> 0 | W95: =IF(Source!BI36<=1,H95, 0) -> 0 | X95: =IF(Source!BI36=2,H95, 0) -> 0 | Y95: =IF(Source!BI36=3,H95, 0) -> 0 | Z95: =IF(Source!BI36=4,H95, 0) -> 0
A96: =Source!E37 -> 9,3 | B96: =Source!F37 -> 14.1.02.04-0101 | C96: =Source!G37 -> Клей «Бустилат» | D96: =Source!H37 -> т | E96: =Source!I37 -> 0.14989 | F96: =Source!AL37+Source!AM37+Source!AO37 -> 11300 | H96: =ROUND(Source!AC37*Source!I37, 2)+ROUND(Source!AD37*Source!I37, 2)+ROUND(Source!AF37*Source!I37, 2) -> 1693.76 | J96: =IF(Source!BC37<> 0, Source!BC37, 1) -> 5.99 | K96: =Source!O37 -> 10145.6 | S96: =ROUND((Source!FX37/100)*((ROUND(Source!AF37*Source!I37, 2)+ROUND(Source!AE37*Source!I37, 2))), 2) -> 0 | T96: =Source!X37 -> 0 | U96: =ROUND((Source!FY37/100)*((ROUND(Source!AF37*Source!I37, 2)+ROUND(Source!AE37*Source!I37, 2))), 2) -> 0 | V96: =Source!Y37 -> 0 | W96: =IF(Source!BI37<=1,H96, 0) -> 1693.76 | X96: =IF(Source!BI37=2,H96, 0) -> 0 | Y96: =IF(Source!BI37=3,H96, 0) -> 0 | Z96: =IF(Source!BI37=4,H96, 0) -> 0
A97: =Source!E38 -> 9,4 | B97: =Source!F38 -> 14.1.06.05 | C97: =Source!G38 -> Состав клеящий | D97: =Source!H38 -> кг | E97: =Source!I38 -> 149.89 | F97: =Source!AL38+Source!AM38+Source!AO38 -> 0 | H97: =ROUND(Source!AC38*Source!I38, 2)+ROUND(Source!AD38*Source!I38, 2)+ROUND(Source!AF38*Source!I38, 2) -> 0 | J97: =IF(Source!BC38<> 0, Source!BC38, 1) -> 5.99 | K97: =Source!O38 -> 0 | S97: =ROUND((Source!FX38/100)*((ROUND(Source!AF38*Source!I38, 2)+ROUND(Source!AE38*Source!I38, 2))), 2) -> 0 | T97: =Source!X38 -> 0 | U97: =ROUND((Source!FY38/100)*((ROUND(Source!AF38*Source!I38, 2)+ROUND(Source!AE38*Source!I38, 2))), 2) -> 0 | V97: =Source!Y38 -> 0 | W97: =IF(Source!BI38<=1,H97, 0) -> 0 | X97: =IF(Source!BI38=2,H97, 0) -> 0 | Y97: =IF(Source!BI38=3,H97, 0) -> 0 | Z97: =IF(Source!BI38=4,H97, 0) -> 0
G98: =H87+H88+H90+H91+H92+SUM(H94:H97) -> 69842.94 | J98: =K87+K88+K90+K91+K92+SUM(K94:K97) -> 418400.45 | L98: =Source!U34 -> 146.17273 | O98: =G98 -> 69842.94 | P98: =J98 -> 418400.45 | Q98: =L98 -> 146.17273 | W98: =IF(Source!BI34<=1,H87+H88+H90+H91+H92, 0) -> 3569.37 | X98: =IF(Source!BI34=2,H87+H88+H90+H91+H92, 0) -> 0 | Y98: =IF(Source!BI34=3,H87+H88+H90+H91+H92, 0) -> 0 | Z98: =IF(Source!BI34=4,H87+H88+H90+H91+H92, 0) -> 0
A99: =Source!E39 -> 10 | B99: =Source!F39 -> 11-01-040-03 | C99: =Source!G39 -> Устройство плинтусов поливинилхлоридных на винтах самонарезающих | D99: =Source!H39 -> 100 м | E99: =Source!I39 -> 1.4905 | F99: =Source!AL39+Source!AM39+Source!AO39 -> 137.09 | I99: =Source!BO39 | S99: =ROUND((Source!FX39/100)*((ROUND(Source!AF39*Source!I39, 2)+ROUND(Source!AE39*Source!I39, 2))), 2) -> 117.23 | T99: =Source!X39 -> 704.12 | U99: =ROUND((Source!FY39/100)*((ROUND(Source!AF39*Source!I39, 2)+ROUND(Source!AE39*Source!I39, 2))), 2) -> 67.51 | V99: =Source!Y39 -> 405.98
C100: Зарплата | F100: =Source!AO39 -> 61.32 | G100: =Source!DG39 -> )*1,15 | H100: =ROUND(Source!AF39*Source!I39, 2) -> 105.11 | J100: =IF(Source!BA39<> 0, Source!BA39, 1) -> 5.99 | K100: =Source!S39 -> 629.61 | R100: =H100 -> 105.11
C101: Эксплуатация машин | F101: =Source!AM39 -> 2.13 | G101: =Source!DE39 -> )*1,25 | H101: =ROUND(Source!AD39*Source!I39, 2) -> 3.98 | J101: =IF(Source!BB39<> 0, Source!BB39, 1) -> 5.99 | K101: =Source!Q39 -> 23.84
C102: в т.ч. зарплата машинистов | F102: =Source!AN39 -> 0.42 | G102: =Source!DF39 -> )*1,25 | H102: =ROUND(Source!AE39*Source!I39, 2) -> 0.79 | J102: =IF(Source!BS39<> 0, Source!BS39, 1) -> 5.99 | K102: =Source!R39 -> 4.73 | R102: =H102 -> 0.79
C103: Материальные ресурсы | F103: =Source!AL39 -> 73.64 | G103: =Source!DD39 | H103: =ROUND(Source!AC39*Source!I39, 2) -> 109.76 | J103: =IF(Source!BC39<> 0, Source!BC39, 1) -> 5.99 | K103: =Source!P39 -> 657.46
C104: НР от ФОТ | D104: % | E104: =Source!BZ39 -> 123 | F104: =CONCATENATE(" )", Source!DL39, Source!FT39, "=", Source!FX39) -> )*0,9=110,7 | H104: =SUM(S99:S118) -> 117.23 | J104: =Source!AT39 -> 111 | K104: =SUM(T99:T118) -> 704.12
C105: СП от ФОТ | D105: % | E105: =Source!CA39 -> 75 | F105: =CONCATENATE(" )", Source!DM39, Source!FU39, "=", Source!FY39) -> )*0,85=63,75 | H105: =SUM(U99:U118) -> 67.51 | J105: =Source!AU39 -> 64 | K105: =SUM(V99:V118) -> 405.98
C106: Затраты труда | D106: чел-ч | E106: =Source!AQ39 -> 6.68 | G106: =Source!DI39 -> )*1,15 | L106: =Source!U39 -> 11.450021
...

Sheet Source
A1: 0 | B1: Smeta.RU (495) 974-1589 | D1: _PS_ | F1: 0 | G1: 0 | H1: 0 | I1: Smeta.RU | K1: 0 | L1: 13277 | M1: 10
A12: 1 | B12: 188 | C12: 0 | D12: =ROW(A130) -> 130 | E12: 0 | F12: Новый объект | G12: на капитальный ремонт аудиторий для компьютерных классов №40,40а,41,42,46,47 в здании учебного корпуса №3 Димитровградского инженерно-технологического института-филиала НИЯУ МИФИ (ДИТИ НИЯУ МИФИ) по адресу: Ульяновская область,г.Димитровград,ул.Куйбышева,д.294 | I12: 0 | K12: 0 | O12: 0 | P12: 0 | Q12: 0 | R12: 0 | V12: 0 | BH12: Сметные нормы списания | BI12: Коды ценников | BJ12: 1 | BK12: 1 | BL12: 0 | BM12: 0 | BN12: 1 | BO12: 0 | BP12: 2 | BQ12: 2 | BR12: 1 | BS12: 1 | BT12: 0 | BU12: 0 | BV12: 0 | BW12: 0 | BX12: 0 | BY12: ФЕР-2017 | BZ12: ТР для Версии 10: Центральные регионы (с учетом п-ма 2536-ИП/12/ГС от 22.03.2017 г | CA12: ФЕР-2017 | CB12: ФЕР-2017 | CC12: ФЕР-2017 | CD12: ФЕР-2017 | CE12: Поправки для ГСН 2017 от 31.03.2017 г | CF12: 0 | CG12: 0 | CH12: 524296 | CK12: 4 | EC12: 0
A15: 15 | B15: 1
A18: 52 | B18: =B130 -> 188 | C18: =C130 -> 1 | D18: =D130 -> 12 | E18: =E130 -> 0 | F18: =F130 -> Новый объект | G18: =G130 -> на капитальный ремонт аудиторий для компьютерных классов №40,40а,41,42,46,47 в здании учебного корпуса №3 Димитровградского инженерно-технологического института-филиала НИЯУ МИФИ (ДИТИ НИЯУ МИФИ) по адресу: Ульяновская область,г.Димитровград,ул.Куйбышева,д.294 | O18: =O130 -> 895203.14 | P18: =P130 -> 821764.52 | Q18: =Q130 -> 6258.58 | R18: =R130 -> 1223.86 | S18: =S130 -> 67180.04 | T18: =T130 -> 0 | U18: =U130 -> 1299.7997 | V18: =V130 -> 15.938036 | ... GX18: =GX130 -> 0
A20: 3 | B20: 1 | D20: =ROW(A98) -> 98 | F20: Новая локальная смета | G20: Новая локальная смета | I20: 0 | K20: 0 | V20: 0 | BX20: 0 | CF20: 0 | CG20: 0
A22: 52 | B22: =B98 -> 1 | C22: =C98 -> 3 | D22: =D98 -> 20 | E22: =E98 -> 0 | F22: =F98 -> Новая локальная смета | G22: =G98 -> Новая локальная смета | O22: =O98 -> 895203.14 | P22: =P98 -> 821764.52 | Q22: =Q98 -> 6258.58 | R22: =R98 -> 1223.86 | S22: =S98 -> 67180.04 | T22: =T98 -> 0 | U22: =U98 -> 1299.7997 | V22: =V98 -> 15.938036 | ... GX22: =GX98 -> 0
A24: 17 | B24: 1 | C24: =ROW(SmtRes!A3) -> 3 | D24: =ROW(EtalonRes!A3) -> 3 | E24: 1 | F24: 46-04-012-03 | G24: Разборка деревянных заполнений проемов дверных и воротных | H24: 100 м2 | I24: 0.0865 | J24: 0 | O24: =ROUND(CP24,2) -> 560.92 | P24: =ROUND(CQ24*I24,2) -> 0 | Q24: =ROUND(CR24*I24,2) -> 125.36 | R24: =ROUND(CS24*I24,2) -> 54.14 | S24: =ROUND(CT24*I24,2) -> 435.56 | T24: =ROUND(CU24*I24,2) -> 0 | U24: =CV24*I24 -> 8.988215 | V24: =CW24*I24 -> 0.66951 | W24: =ROUND(CX24*I24,2) -> 0 | X24: =ROUND(CY24,2) -> 484.8 | Y24: =ROUND(CZ24,2) -> 293.82 | AA24: 39076825 | AB24: =ROUND((AC24+AD24+AF24),2) -> 1082.58 | AC24: =ROUND((ES24),2) -> 0 | AD24: =ROUND((((ET24)-(EU24))+AE24),2) -> 241.95 | AE24: =ROUND((EU24),2) -> 104.49 | AF24: =ROUND((EV24),2) -> 840.63 | AG24: =ROUND((AP24),2) -> 0 | AH24: =(EW24) -> 103.91 | AI24: =(EX24) -> 7.74 | AJ24: =ROUND((AS24),2) -> 0 | AK24: 1082.58 | AL24: 0 | AM24: 241.95 | AN24: 104.49 | AO24: 840.63 | AP24: 0 | AQ24: 103.91 | AR24: 7.74 | AS24: 0 | AT24: 99 | AU24: 60 | AV24: 1 | AW24: 1 | AZ24: 5.99 | BA24: 5.99 | BB24: 5.99 | BC24: 5.99 | BH24: 0 | BI24: 1 | BJ24: ФЕР-2001, 46-04-012-03, приказ Минстроя России №1039/пр от 30.12.2016г. | BM24: 46001 | BN24: 0 | BP24: 0 | BQ24: 2 | BR24: 0 | BS24: 5.99 | BT24: 1 | BU24: 1 | BV24: 1 | BW24: 1 | BX24: 1 | BZ24: 110 | CA24: 70 | CF24: 0 | CG24: 0 | CM24: 0 | CO24: 0 | CP24: =(P24+Q24+S24) -> 560.92 | CQ24: =AC24*BC24 -> 0 | CR24: =AD24*BB24 -> 1449.2805 | CS24: =AE24*BS24 -> 625.8951 | CT24: =AF24*BA24 -> 5035.3737 | CU24: =AG24 -> 0 | CV24: =AH24 -> 103.91 | CW24: =AI24 -> 7.74 | CX24: =AJ24 -> 0 | CY24: =(((S24+R24)*AT24)/100) -> 484.803 | CZ24: =(((S24+R24)*AU24)/100) -> 293.82 | DN24: 0 | DO24: 0 | DP24: 1 | DQ24: 1 | DU24: 1005 | DV24: 100 м2 | DW24: 100 м2 | DX24: 100 | EE24: 39174571 | EF24: 2 | EG24: Общестроительные работы | EH24: 0 | EJ24: 1 | EK24: 46001 | EL24: Реконструкция зданий и сооружений | EM24: ФЕР-46 | EQ24: 0 | ER24: 1082.58 | ES24: 0 | ET24: 241.95 | EU24: 104.49 | EV24: 840.63 | EW24: 103.91 | EX24: 7.74 | EY24: 0 | FQ24: 0 | FR24: =ROUND(IF(AND(BH24=3,BI24=3),P24,0),2) -> 0 | FS24: 0 | FT24: *0,9 | FU24: *0,85 | FX24: 99 | FY24: 59.5 | GD24: 0 | GF24: -96754396 | GG24: 1 | GH24: 1 | GI24: 4 | GJ24: 0 | GK24: =ROUND(R24*(R12)/100,2) -> 0 | GL24: =ROUND(IF(AND(BH24=3,BI24=3,FS24<>0),P24,0),2) -> 0 | GM24: =ROUND(O24+X24+Y24+GK24,2)+GX24 -> 1339.54 | GN24: =IF(OR(BI24=0,BI24=1),ROUND(O24+X24+Y24+GK24,2),0) -> 1339.54 | GO24: =IF(BI24=2,ROUND(O24+X24+Y24+GK24,2),0) -> 0 | GP24: =IF(BI24=4,ROUND(O24+X24+Y24+GK24,2)+GX24,0) -> 0 | GR24: 0 | GS24: 3 | GT24: 0 | GV24: =ROUND(GT24,2) -> 0 | GW24: 1 | GX24: =ROUND(GV24*GW24*I24,2) -> 0 | HA24: 0 | HB24: 0 | IK24: 0
A25: 17 | B25: 1 | C25: =ROW(SmtRes!A10) -> 10 | D25: =ROW(EtalonRes!A12) -> 12 | E25: 2 | F25: 09-04-012-01 | G25: Демонтаж: металлических дверных блоков в готовые проемы | H25: м2 | I25: 5.94 | J25: 0 | O25: =ROUND(CP25,2) -> 952.14 | P25: =ROUND(CQ25*I25,2) -> 0 | Q25: =ROUND(CR25*I25,2) -> 359.01 | R25: =ROUND(CS25*I25,2) -> 49.1 | S25: =ROUND(CT25*I25,2) -> 593.13 | T25: =ROUND(CU25*I25,2) -> 0 | U25: =CV25*I25 -> 9.9792 | V25: =CW25*I25 -> 0.70686 | W25: =ROUND(CX25*I25,2) -> 0 | X25: =ROUND(CY25,2) -> 520.21 | Y25: =ROUND(CZ25,2) -> 462.41 | AA25: 39076825 | AB25: =ROUND((AC25+AD25+AF25),2) -> 26.76 | AC25: =ROUND(((ES25*0)),2) -> 0 | AD25: =ROUND(((((ET25*0.7))-((EU25*0.7)))+AE25),2) -> 10.09 | AE25: =ROUND(((EU25*0.7)),2) -> 1.38 | AF25: =ROUND(((EV25*0.7)),2) -> 16.67 | AG25: =ROUND((AP25),2) -> 0 | AH25: =((EW25*0.7)) -> 1.68 | AI25: =((EX25*0.7)) -> 0.119 | AJ25: =ROUND((AS25),2) -> 0 | AK25: 63.94 | AL25: 25.72 | AM25: 14.41 | AN25: 1.97 | AO25: 23.81 | AP25: 0 | AQ25: 2.4 | AR25: 0.17 | AS25: 0 | AT25: 81 | AU25: 72 | AV25: 1 | AW25: 1 | AZ25: 5.99 | BA25: 5.99 | BB25: 5.99 | BC25: 5.99 | BH25: 0 | BI25: 1 | BJ25: ФЕР-2001, 09-04-012-01, приказ Минстроя России №1039/пр от 30.12.2016г. | BM25: 9001 | BN25: 0 | BP25: 0 | BQ25: 2 | BR25: 0 | BS25: 5.99 | BT25: 1 | BU25: 1 | BV25: 1 | BW25: 1 | BX25: 1 | BZ25: 90 | CA25: 85 | CF25: 0 | CG25: 0 | CM25: 0 | CN25: Поправка: МДС 81-36.2004, п.3.3.1.д Наименование: При демонтаже металлических конструкций | CO25: 0 | CP25: =(P25+Q25+S25) -> 952.14 | CQ25: =AC25*BC25 -> 0 | CR25: =AD25*BB25 -> 60.4391 | CS25: =AE25*BS25 -> 8.2662 | CT25: =AF25*BA25 -> 99.8533 | CU25: =AG25 -> 0 | CV25: =AH25 -> 1.68 | CW25: =AI25 -> 0.119 | CX25: =AJ25 -> 0 | CY25: =(((S25+R25)*AT25)/100) -> 520.2063 | CZ25: =(((S25+R25)*AU25)/100) -> 462.4056 | DD25: )*0 | DE25: )*0,7 | DF25: )*0,7 | DG25: )*0,7 | DI25: )*0,7 | DJ25: )*0,7 | DN25: 0 | DO25: 0 | DP25: 1 | DQ25: 1 | DU25: 1005 | DV25: м2 | DW25: м2 | DX25: 1 | EE25: 39174502 | EF25: 2 | EG25: Общестроительные работы | EH25: 0 | EJ25: 1 | EK25: 9001 | EL25: Металлические конструкции | EM25: ФЕР-09 | EO25: Поправка: МДС 81-36.2004, п.3.3.1.д | EQ25: 0 | ER25: 63.94 | ES25: 25.72 | ET25: 14.41 | EU25: 1.97 | EV25: 23.81 | EW25: 2.4 | EX25: 0.17 | EY25: 0 | FQ25: 0 | FR25: =ROUND(IF(AND(BH25=3,BI25=3),P25,0),2) -> 0 | FS25: 0 | FT25: *0,9 | FU25: *0,85 | FX25: 81 | FY25: 72.25 | GD25: 0 | GF25: 838148157 | GG25: 1 | GH25: 1 | GI25: 4 | GJ25: 0 | GK25: =ROUND(R25*(R12)/100,2) -> 0 | GL25: =ROUND(IF(AND(BH25=3,BI25=3,FS25<>0),P25,0),2) -> 0 | GM25: =ROUND(O25+X25+Y25+GK25,2)+GX25 -> 1934.76 | GN25: =IF(OR(BI25=0,BI25=1),ROUND(O25+X25+Y25+GK25,2),0) -> 1934.76 | GO25: =IF(BI25=2,ROUND(O25+X25+Y25+GK25,2),0) -> 0 | GP25: =IF(BI25=4,ROUND(O25+X25+Y25+GK25,2)+GX25,0) -> 0 | GR25: 0 | GS25: 3 | GT25: 0 | GV25: =ROUND(GT25,2) -> 0 | GW25: 1 | GX25: =ROUND(GV25*GW25*I25,2) -> 0 | HA25: 0 | HB25: 0 | IK25: 0
A26: 17 | B26: 1 | C26: =ROW(SmtRes!A13) -> 13 | D26: =ROW(EtalonRes!A15) -> 15 | E26: 3 | F26: 46-04-001-04 | G26: Разборка кирпичных стен | H26: м3 | I26: 3.91 | J26: 0 | O26: =ROUND(CP26,2) -> 2667.87 | P26: =ROUND(CQ26*I26,2) -> 0 | Q26: =ROUND(CR26*I26,2) -> 957.91 | R26: =ROUND(CS26*I26,2) -> 0 | S26: =ROUND(CT26*I26,2) -> 1709.96 | T26: =ROUND(CU26*I26,2) -> 0 | U26: =CV26*I26 -> 32.2184 | V26: =CW26*I26 -> 0 | W26: =ROUND(CX26*I26,2) -> 0 | X26: =ROUND(CY26,2) -> 1692.86 | Y26: =ROUND(CZ26,2) -> 1025.98 | AA26: 39076825 | AB26: =ROUND((AC26+AD26+AF26),2) -> 113.91 | AC26: =ROUND((ES26),2) -> 0 | AD26: =ROUND((((ET26)-(EU26))+AE26),2) -> 40.9 | AE26: =ROUND((EU26),2) -> 0 | AF26: =ROUND((EV26),2) -> 73.01 | AG26: =ROUND((AP26),2) -> 0 | AH26: =(EW26) -> 8.24 | AI26: =(EX26) -> 0 | AJ26: =ROUND((AS26),2) -> 0 | AK26: 113.91 | AL26: 0 | AM26: 40.9 | AN26: 0 | AO26: 73.01 | AP26: 0 | AQ26: 8.24 | AR26: 0 | AS26: 0 | AT26: 99 | AU26: 60 | AV26: 1 | AW26: 1 | AZ26: 5.99 | BA26: 5.99 | BB26: 5.99 | BC26: 5.99 | BH26: 0 | BI26: 1 | BJ26: ФЕР-2001, 46-04-001-04, приказ Минстроя России №1039/пр от 30.12.2016г. | BM26: 46001 | BN26: 0 | BP26: 0 | BQ26: 2 | BR26: 0 | BS26: 5.99 | BT26: 1 | BU26: 1 | BV26: 1 | BW26: 1 | BX26: 1 | BZ26: 110 | CA26: 70 | CF26: 0 | CG26: 0 | CM26: 0 | CO26: 0 | CP26: =(P26+Q26+S26) -> 2667.87 | CQ26: =AC26*BC26 -> 0 | CR26: =AD26*BB26 -> 244.991 | CS26: =AE26*BS26 -> 0 | CT26: =AF26*BA26 -> 437.3299 | CU26: =AG26 -> 0 | CV26: =AH26 -> 8.24 | CW26: =AI26 -> 0 | CX26: =AJ26 -> 0 | CY26: =(((S26+R26)*AT26)/100) -> 1692.8604 | CZ26: =(((S26+R26)*AU26)/100) -> 1025.976 | DN26: 0 | DO26: 0 | DP26: 1 | DQ26: 1 | DU26: 1007 | DV26: м3 | DW26: м3 | DX26: 1 | EE26: 39174571 | EF26: 2 | EG26: Общестроительные работы | EH26: 0 | EJ26: 1 | EK26: 46001 | EL26: Реконструкция зданий и сооружений | EM26: ФЕР-46 | EQ26: 0 | ER26: 113.91 | ES26: 0 | ET26: 40.9 | EU26: 0 | EV26: 73.01 | EW26: 8.24 | EX26: 0 | EY26: 0 | FQ26: 0 | FR26: =ROUND(IF(AND(BH26=3,BI26=3),P26,0),2) -> 0 | FS26: 0 | FT26: *0,9 | FU26: *0,85 | FX26: 99 | FY26: 59.5 | GD26: 0 | GF26: 1582154589 | GG26: 1 | GH26: 1 | GI26: 4 | GJ26: 0 | GK26: =ROUND(R26*(R12)/100,2) -> 0 | GL26: =ROUND(IF(AND(BH26=3,BI26=3,FS26<>0),P26,0),2) -> 0 | GM26: =ROUND(O26+X26+Y26+GK26,2)+GX26 -> 5386.71 | GN26: =IF(OR(BI26=0,BI26=1),ROUND(O26+X26+Y26+GK26,2),0) -> 5386.71 | GO26: =IF(BI26=2,ROUND(O26+X26+Y26+GK26,2),0) -> 0 | GP26: =IF(BI26=4,ROUND(O26+X26+Y26+GK26,2)+GX26,0) -> 0 | GR26: 0 | GS26: 3 | GT26: 0 | GV26: =ROUND(GT26,2) -> 0 | GW26: 1 | GX26: =ROUND(GV26*GW26*I26,2) -> 0 | HA26: 0 | HB26: 0 | IK26: 0
A27: 17 | B27: 1 | C27: =ROW(SmtRes!A23) -> 23 | D27: =ROW(EtalonRes!A29) -> 29 | E27: 4 | F27: 10-06-031-01 | G27: Разборка : перегородок из гипсоволокнистых листов (ГВЛ) по системе «КНАУФ» с одинарным металлическим каркасом и однослойной обшивкой с обеих сторон (С 361) глухих | H27: 100 м2 | I27: =ROUND(8.77/100,9) -> 0.0877 | J27: 0 | O27: =ROUND(CP27,2) -> 404.33 | P27: =ROUND(CQ27*I27,2) -> 0 | Q27: =ROUND(CR27*I27,2) -> 7.91 | R27: =ROUND(CS27*I27,2) -> 0 | S27: =ROUND(CT27*I27,2) -> 396.42 | T27: =ROUND(CU27*I27,2) -> 0 | U27: =CV27*I27 -> 7.29664 | V27: =CW27*I27 -> 0 | W27: =ROUND(CX27*I27,2) -> 0 | X27: =ROUND(CY27,2) -> 420.21 | Y27: =ROUND(CZ27,2) -> 214.07 | AA27: 39076825 | AB27: =ROUND((AC27+AD27+AF27),2) -> 769.67 | AC27: =ROUND(((ES27*0)),2) -> 0 | AD27: =ROUND(((((ET27*0.8))-((EU27*0.8)))+AE27),2) -> 15.05 | AE27: =ROUND(((EU27*0.8)),2) -> 0 | AF27: =ROUND(((EV27*0.8)),2) -> 754.62 | AG27: =ROUND((AP27),2) -> 0 | AH27: =((EW27*0.8)) -> 83.2 | AI27: =((EX27*0.8)) -> 0 | AJ27: =ROUND((AS27),2) -> 0 | AK27: 7751.05 | AL27: 6788.96 | AM27: 18.81 | AN27: 0 | AO27: 943.28 | AP27: 0 | AQ27: 104 | AR27: 0 | AS27: 0 | AT27: 106 | AU27: 54 | AV27: 1 | AW27: 1 | AZ27: 5.99 | BA27: 5.99 | BB27: 5.99 | BC27: 5.99 | BH27: 0 | BI27: 1 | BJ27: ФЕР-2001, 10-06-031-01, приказ Минстроя России №1039/пр от 30.12.2016г. | BM27: 10001 | BN27: 0 | BP27: 0 | BQ27: 2 | BR27: 0 | BS27: 5.99 | BT27: 1 | BU27: 1 | BV27: 1 | BW27: 1 | BX27: 1 | BZ27: 118 | CA27: 63 | CF27: 0 | CG27: 0 | CM27: 0 | CN27: Поправка: Табл.2, п.2 Наименование: При демонтаже (разборке) сборных деревянных конструкций | CO27: 0 | CP27: =(P27+Q27+S27) -> 404.33 | CQ27: =AC27*BC27 -> 0 | CR27: =AD27*BB27 -> 90.1495 | CS27: =AE27*BS27 -> 0 | CT27: =AF27*BA27 -> 4520.1738 | CU27: =AG27 -> 0 | CV27: =AH27 -> 83.2 | CW27: =AI27 -> 0 | CX27: =AJ27 -> 0 | CY27: =(((S27+R27)*AT27)/100) -> 420.2052 | CZ27: =(((S27+R27)*AU27)/100) -> 214.0668 | DD27: )*0 | DE27: )*0,8 | DF27: )*0,8 | DG27: )*0,8 | DI27: )*0,8 | DJ27: )*0,8 | DN27: 0 | DO27: 0 | DP27: 1 | DQ27: 1 | DU27: 1005 | DV27: 100 м2 | DW27: 100 м2 | DX27: 100 | EE27: 39174503 | EF27: 2 | EG27: Общестроительные работы | EH27: 0 | EJ27: 1 | EK27: 10001 | EL27: Деревянные конструкции | EM27: ФЕР-10 | EO27: Поправка: Табл.2, п.2 | EQ27: 0 | ER27: 7751.05 | ES27: 6788.96 | ET27: 18.81 | EU27: 0 | EV27: 943.28 | EW27: 104 | EX27: 0 | EY27: 0 | FQ27: 0 | FR27: =ROUND(IF(AND(BH27=3,BI27=3),P27,0),2) -> 0 | FS27: 0 | FT27: *0,9 | FU27: *0,85 | FX27: 106.2 | FY27: 53.55 | GD27: 0 | GF27: 2059584284 | GG27: 1 | GH27: 1 | GI27: 4 | GJ27: 0 | GK27: =ROUND(R27*(R12)/100,2) -> 0 | GL27: =ROUND(IF(AND(BH27=3,BI27=3,FS27<>0),P27,0),2) -> 0 | GM27: =ROUND(O27+X27+Y27+GK27,2)+GX27 -> 1038.61 | GN27: =IF(OR(BI27=0,BI27=1),ROUND(O27+X27+Y27+GK27,2),0) -> 1038.61 | GO27: =IF(BI27=2,ROUND(O27+X27+Y27+GK27,2),0) -> 0 | GP27: =IF(BI27=4,ROUND(O27+X27+Y27+GK27,2)+GX27,0) -> 0 | GR27: 0 | GS27: 3 | GT27: 0 | GV27: =ROUND(GT27,2) -> 0 | GW27: 1 | GX27: =ROUND(GV27*GW27*I27,2) -> 0 | HA27: 0 | HB27: 0 | IK27: 0
A28: 17 | B28: 1 | C28: =ROW(SmtRes!A26) -> 26 | D28: =ROW(EtalonRes!A33) -> 33 | E28: 5 | F28: 57-2-2 | G28: Разборка покрытий полов из плиток поливинилхлоридных | H28: 100 м2 | I28: 1.89 | J28: 0 | O28: =ROUND(CP28,2) -> 3179.87 | P28: =ROUND(CQ28*I28,2) -> 0 | Q28: =ROUND(CR28*I28,2) -> 45.96 | R28: =ROUND(CS28*I28,2) -> 19.93 | S28: =ROUND(CT28*I28,2) -> 3133.91 | T28: =ROUND(CU28*I28,2) -> 0 | U28: =CV28*I28 -> 67.0761 | V28: =CW28*I28 -> 0.2457 | W28: =ROUND(CX28*I28,2) -> 0 | X28: =ROUND(CY28,2) -> 2523.07 | Y28: =ROUND(CZ28,2) -> 2144.61 | AA28: 39076825 | AB28: =ROUND((AC28+AD28+AF28),2) -> 280.88 | AC28: =ROUND((ES28),2) -> 0 | AD28: =ROUND((((ET28)-(EU28))+AE28),2) -> 4.06 | AE28: =ROUND((EU28),2) -> 1.76 | AF28: =ROUND((EV28),2) -> 276.82 | AG28: =ROUND((AP28),2) -> 0 | AH28: =(EW28) -> 35.49 | AI28: =(EX28) -> 0.13 | AJ28: =ROUND((AS28),2) -> 0 | AK28: 280.88 | AL28: 0 | AM28: 4.06 | AN28: 1.76 | AO28: 276.82 | AP28: 0 | AQ28: 35.49 | AR28: 0.13 | AS28: 0 | AT28: 80 | AU28: 68 | AV28: 1 | AW28: 1 | AZ28: 5.99 | BA28: 5.99 | BB28: 5.99 | BC28: 5.99 | BH28: 0 | BI28: 1 | BJ28: ФЕР-2001, 57-2-2, приказ Минстроя России №1039/пр от 30.12.2016г. | BM28: 57001 | BN28: 0 | BP28: 0 | BQ28: 6 | BR28: 0 | BS28: 5.99 | BT28: 1 | BU28: 1 | BV28: 1 | BW28: 1 | BX28: 1 | BZ28: 80 | CA28: 68 | CF28: 0 | CG28: 0 | CM28: 0 | CO28: 0 | CP28: =(P28+Q28+S28) -> 3179.87 | CQ28: =AC28*BC28 -> 0 | CR28: =AD28*BB28 -> 24.3194 | CS28: =AE28*BS28 -> 10.5424 | CT28: =AF28*BA28 -> 1658.1518 | CU28: =AG28 -> 0 | CV28: =AH28 -> 35.49 | CW28: =AI28 -> 0.13 | CX28: =AJ28 -> 0 | CY28: =(((S28+R28)*AT28)/100) -> 2523.072 | CZ28: =(((S28+R28)*AU28)/100) -> 2144.6112 | DN28: 0 | DO28: 0 | DP28: 1 | DQ28: 1 | DU28: 1005 | DV28: 100 м2 | DW28: 100 м2 | DX28: 100 | EE28: 39174582 | EF28: 6 | EG28: Ремонтно-строительные работы | EH28: 0 | EJ28: 1 | EK28: 57001 | EL28: Полы | EM28: рФЕР-57 | EQ28: 0 | ER28: 280.88 | ES28: 0 | ET28: 4.06 | EU28: 1.76 | EV28: 276.82 | EW28: 35.49 | EX28: 0.13 | EY28: 0 | FQ28: 0 | FR28: =ROUND(IF(AND(BH28=3,BI28=3),P28,0),2) -> 0 | FS28: 0 | FX28: 80 | FY28: 68 | GD28: 0 | GF28: 970371603 | GG28: 1 | GH28: 1 | GI28: 4 | GJ28: 0 | GK28: =ROUND(R28*(R12)/100,2) -> 0 | GL28: =ROUND(IF(AND(BH28=3,BI28=3,FS28<>0),P28,0),2) -> 0 | GM28: =ROUND(O28+X28+Y28+GK28,2)+GX28 -> 7847.55 | GN28: =IF(OR(BI28=0,BI28=1),ROUND(O28+X28+Y28+GK28,2),0) -> 7847.55 | GO28: =IF(BI28=2,ROUND(O28+X28+Y28+GK28,2),0) -> 0 | GP28: =IF(BI28=4,ROUND(O28+X28+Y28+GK28,2)+GX28,0) -> 0 | GR28: 0 | GS28: 3 | GT28: 0 | GV28: =ROUND(GT28,2) -> 0 | GW28: 1 | GX28: =ROUND(GV28*GW28*I28,2) -> 0 | HA28: 0 | HB28: 0 | IK28: 0
A29: 17 | B29: 1 | C29: =ROW(SmtRes!A29) -> 29 | D29: =ROW(EtalonRes!A37) -> 37 | E29: 6 | F29: 57-2-1 | G29: Разборка покрытий полов из линолеума и релина | H29: 100 м2 | I29: 1.1078 | J29: 0 | O29: =ROUND(CP29,2) -> 616.46 | P29: =ROUND(CQ29*I29,2) -> 0 | Q29: =ROUND(CR29*I29,2) -> 26.94 | R29: =ROUND(CS29*I29,2) -> 11.68 | S29: =ROUND(CT29*I29,2) -> 589.52 | T29: =ROUND(CU29*I29,2) -> 0 | U29: =CV29*I29 -> 12.617842 | V29: =CW29*I29 -> 0.144014 | W29: =ROUND(CX29*I29,2) -> 0 | X29: =ROUND(CY29,2) -> 480.96 | Y29: =ROUND(CZ29,2) -> 408.82 | AA29: 39076825 | AB29: =ROUND((AC29+AD29+AF29),2) -> 92.9 | AC29: =ROUND((ES29),2) -> 0 | AD29: =ROUND((((ET29)-(EU29))+AE29),2) -> 4.06 | AE29: =ROUND((EU29),2) -> 1.76 | AF29: =ROUND((EV29),2) -> 88.84 | AG29: =ROUND((AP29),2) -> 0 | AH29: =(EW29) -> 11.39 | AI29: =(EX29) -> 0.13 | AJ29: =ROUND((AS29),2) -> 0 | AK29: 92.9 | AL29: 0 | AM29: 4.06 | AN29: 1.76 | AO29: 88.84 | AP29: 0 | AQ29: 11.39 | AR29: 0.13 | AS29: 0 | AT29: 80 | AU29: 68 | AV29: 1 | AW29: 1 | AZ29: 5.99 | BA29: 5.99 | BB29: 5.99 | BC29: 5.99 | BH29: 0 | BI29: 1 | BJ29: ФЕРр-2001, 57-2-1, приказ Минстроя России №1039/пр от 30.12.2016г. | BM29: 57001 | BN29: 0 | BP29: 0 | BQ29: 6 | BR29: 0 | BS29: 5.99 | BT29: 1 | BU29: 1 | BV29: 1 | BW29: 1 | BX29: 1 | BZ29: 80 | CA29: 68 | CF29: 0 | CG29: 0 | CM29: 0 | CO29: 0 | CP29: =(P29+Q29+S29) -> 616.46 | CQ29: =AC29*BC29 -> 0 | CR29: =AD29*BB29 -> 24.3194 | CS29: =AE29*BS29 -> 10.5424 | CT29: =AF29*BA29 -> 532.1516 | CU29: =AG29 -> 0 | CV29: =AH29 -> 11.39 | CW29: =AI29 -> 0.13 | CX29: =AJ29 -> 0 | CY29: =(((S29+R29)*AT29)/100) -> 480.96 | CZ29: =(((S29+R29)*AU29)/100) -> 408.816 | DN29: 0 | DO29: 0 | DP29: 1 | DQ29: 1 | DU29: 1005 | DV29: 100 м2 | DW29: 100 м2 | DX29: 100 | EE29: 39174582 | EF29: 6 | EG29: Ремонтно-строительные работы | EH29: 0 | EJ29: 1 | EK29: 57001 | EL29: Полы | EM29: рФЕР-57 | EQ29: 0 | ER29: 92.9 | ES29: 0 | ET29: 4.06 | EU29: 1.76 | EV29: 88.84 | EW29: 11.39 | EX29: 0.13 | EY29: 0 | FQ29: 0 | FR29: =ROUND(IF(AND(BH29=3,BI29=3),P29,0),2) -> 0 | FS29: 0 | FX29: 80 | FY29: 68 | GD29: 0 | GF29: 537707280 | GG29: 1 | GH29: 1 | GI29: 4 | GJ29: 0 | GK29: =ROUND(R29*(R12)/100,2) -> 0 | GL29: =ROUND(IF(AND(BH29=3,BI29=3,FS29<>0),P29,0),2) -> 0 | GM29: =ROUND(O29+X29+Y29+GK29,2)+GX29 -> 1506.24 | GN29: =IF(OR(BI29=0,BI29=1),ROUND(O29+X29+Y29+GK29,2),0) -> 1506.24 | GO29: =IF(BI29=2,ROUND(O29+X29+Y29+GK29,2),0) -> 0 | GP29: =IF(BI29=4,ROUND(O29+X29+Y29+GK29,2)+GX29,0) -> 0 | GR29: 0 | GS29: 3 | GT29: 0 | GV29: =ROUND(GT29,2) -> 0 | GW29: 1 | GX29: =ROUND(GV29*GW29*I29,2) -> 0 | HA29: 0 | HB29: 0 | IK29: 0
A30: 17 | B30: 1 | C30: =ROW(SmtRes!A30) -> 30 | D30: =ROW(EtalonRes!A39) -> 39 | E30: 7 | F30: 57-3-1 | G30: Разборка плинтусов деревянных и из пластмассовых материалов | H30: 100 м | I30: 1.4905 | J30: 0 | O30: =ROUND(CP30,2) -> 262.58 | P30: =ROUND(CQ30*I30,2) -> 0 | Q30: =ROUND(CR30*I30,2) -> 0 | R30: =ROUND(CS30*I30,2) -> 0 | S30: =ROUND(CT30*I30,2) -> 262.58 | T30: =ROUND(CU30*I30,2) -> 0 | U30: =CV30*I30 -> 5.619185 | V30: =CW30*I30 -> 0 | W30: =ROUND(CX30*I30,2) -> 0 | X30: =ROUND(CY30,2) -> 210.06 | Y30: =ROUND(CZ30,2) -> 178.55 | AA30: 39076825 | AB30: =ROUND((AC30+AD30+AF30),2) -> 29.41 | AC30: =ROUND((ES30),2) -> 0 | AD30: =ROUND((((ET30)-(EU30))+AE30),2) -> 0 | AE30: =ROUND((EU30),2) -> 0 | AF30: =ROUND((EV30),2) -> 29.41 | AG30: =ROUND((AP30),2) -> 0 | AH30: =(EW30) -> 3.77 | AI30: =(EX30) -> 0 | AJ30: =ROUND((AS30),2) -> 0 | AK30: 29.41 | AL30: 0 | AM30: 0 | AN30: 0 | AO30: 29.41 | AP30: 0 | AQ30: 3.77 | AR30: 0 | AS30: 0 | AT30: 80 | AU30: 68 | AV30: 1 | AW30: 1 | AZ30: 5.99 | BA30: 5.99 | BB30: 5.99 | BC30: 5.99 | BH30: 0 | BI30: 1 | BJ30: ФЕР-2001, 57-3-1, приказ Минстроя России №1039/пр от 30.12.2016г. | BM30: 57001 | BN30: 0 | BP30: 0 | BQ30: 6 | BR30: 0 | BS30: 5.99 | BT30: 1 | BU30: 1 | BV30: 1 | BW30: 1 | BX30: 1 | BZ30: 80 | CA30: 68 | CF30: 0 | CG30: 0 | CM30: 0 | CO30: 0 | CP30: =(P30+Q30+S30) -> 262.58 | CQ30: =AC30*BC30 -> 0 | CR30: =AD30*BB30 -> 0 | CS30: =AE30*BS30 -> 0 | CT30: =AF30*BA30 -> 176.1659 | CU30: =AG30 -> 0 | CV30: =AH30 -> 3.77 | CW30: =AI30 -> 0 | CX30: =AJ30 -> 0 | CY30: =(((S30+R30)*AT30)/100) -> 210.064 | CZ30: =(((S30+R30)*AU30)/100) -> 178.5544 | DN30: 0 | DO30: 0 | DP30: 1 | DQ30: 1 | DU30: 1003 | DV30: 100 м | DW30: 100 м | DX30: 100 | EE30: 39174582 | EF30: 6 | EG30: Ремонтно-строительные работы | EH30: 0 | EJ30: 1 | EK30: 57001 | EL30: Полы | EM30: рФЕР-57 | EQ30: 0 | ER30: 29.41 | ES30: 0 | ET30: 0 | EU30: 0 | EV30: 29.41 | EW30: 3.77 | EX30: 0 | EY30: 0 | FQ30: 0 | FR30: =ROUND(IF(AND(BH30=3,BI30=3),P30,0),2) -> 0 | FS30: 0 | FX30: 80 | FY30: 68 | GD30: 0 | GF30: -1431764135 | GG30: 1 | GH30: 1 | GI30: 4 | GJ30: 0 | GK30: =ROUND(R30*(R12)/100,2) -> 0 | GL30: =ROUND(IF(AND(BH30=3,BI30=3,FS30<>0),P30,0),2) -> 0 | GM30: =ROUND(O30+X30+Y30+GK30,2)+GX30 -> 651.19 | GN30: =IF(OR(BI30=0,BI30=1),ROUND(O30+X30+Y30+GK30,2),0) -> 651.19 | GO30: =IF(BI30=2,ROUND(O30+X30+Y30+GK30,2),0) -> 0 | GP30: =IF(BI30=4,ROUND(O30+X30+Y30+GK30,2)+GX30,0) -> 0 | GR30: 0 | GS30: 3 | GT30: 0 | GV30: =ROUND(GT30,2) -> 0 | GW30: 1 | GX30: =ROUND(GV30*GW30*I30,2) -> 0 | HA30: 0 | HB30: 0 | IK30: 0
A31: 17 | B31: 1 | C31: =ROW(SmtRes!A37) -> 37 | D31: =ROW(EtalonRes!A45) -> 45 | E31: 8 | F31: 11-01-011-01 | G31: Устройство стяжек цементных толщиной 20 мм | H31: 100 м2 | I31: 2.9978 | J31: 0 | O31: =ROUND(CP31,2) -> 7624.64 | P31: =ROUND(CQ31*I31,2) -> 153.35 | Q31: =ROUND(CR31*I31,2) -> 993.01 | R31: =ROUND(CS31*I31,2) -> 384.99 | S31: =ROUND(CT31*I31,2) -> 6478.28 | T31: =ROUND(CU31*I31,2) -> 0 | U31: =CV31*I31 -> 136.20954 | V31: =CW31*I31 -> 4.7590075 | W31: =ROUND(CX31*I31,2) -> 0 | X31: =ROUND(CY31,2) -> 7618.23 | Y31: =ROUND(CZ31,2) -> 4392.49 | AA31: 39076825 | AB31: =ROUND((AC31+AD31+AF31),2) -> 424.61 | AC31: =ROUND((ES31),2) -> 8.54 | AD31: =ROUND(((((ET31*1.25))-((EU31*1.25)))+AE31),2) -> 55.3 | AE31: =ROUND(((EU31*1.25)),2) -> 21.44 | AF31: =ROUND(((EV31*1.15)),2) -> 360.77 | AG31: =ROUND((AP31),2) -> 0 | AH31: =((EW31*1.15)) -> 45.4365 | AI31: =((EX31*1.25)) -> 1.5875 | AJ31: =ROUND((AS31),2) -> 0 | AK31: 366.49 | AL31: 8.54 | AM31: 44.24 | AN31: 17.15 | AO31: 313.71 | AP31: 0 | AQ31: 39.51 | AR31: 1.27 | AS31: 0 | AT31: 111 | AU31: 64 | AV31: 1 | AW31: 1 | AZ31: 5.99 | BA31: 5.99 | BB31: 5.99 | BC31: 5.99 | BH31: 0 | BI31: 1 | BJ31: ФЕР-2001, 11-01-011-01, приказ Минстроя России №1039/пр от 30.12.2016г. | BM31: 11001 | BN31: 0 | BP31: 0 | BQ31: 2 | BR31: 0 | BS31: 5.99 | BT31: 1 | BU31: 1 | BV31: 1 | BW31: 1 | BX31: 1 | BZ31: 123 | CA31: 75 | CF31: 0 | CG31: 0 | CM31: 0 | CN31: Поправка: МДС 81-35.2004, п.4.7 Наименование: Работы, выполняемые при реконструкции зданий и сооружений работы, аналогичные технологическим процессам в новом строительстве (в том числе возведение новых конструктивных элементов) стоимость которых определена по соответствующим сборникам ФЕР, кроме сборника № 46 «Работы при реконструкции зданий и сооружений» | CO31: 0 | CP31: =(P31+Q31+S31) -> 7624.64 | CQ31: =AC31*BC31 -> 51.1546 | CR31: =AD31*BB31 -> 331.247 | CS31: =AE31*BS31 -> 128.4256 | CT31: =AF31*BA31 -> 2161.0123 | CU31: =AG31 -> 0 | CV31: =AH31 -> 45.4365 | CW31: =AI31 -> 1.5875 | CX31: =AJ31 -> 0 | CY31: =(((S31+R31)*AT31)/100) -> 7618.2297 | CZ31: =(((S31+R31)*AU31)/100) -> 4392.4928 | DE31: )*1,25 | DF31: )*1,25 | DG31: )*1,15 | DI31: )*1,15 | DJ31: )*1,25 | DN31: 0 | DO31: 0 | DP31: 1 | DQ31: 1 | DU31: 1005 | DV31: 100 м2 | DW31: 100 м2 | DX31: 100 | EE31: 39174504 | EF31: 2 | EG31: Общестроительные работы | EH31: 0 | EJ31: 1 | EK31: 11001 | EL31: Полы | EM31: ФЕР-11 | EO31: Поправка: МДС 81-35.2004, п.4.7 | EQ31: 0 | ER31: 366.49 | ES31: 8.54 | ET31: 44.24 | EU31: 17.15 | EV31: 313.71 | EW31: 39.51 | EX31: 1.27 | EY31: 0 | FQ31: 0 | FR31: =ROUND(IF(AND(BH31=3,BI31=3),P31,0),2) -> 0 | FS31: 0 | FT31: *0,9 | FU31: *0,85 | FX31: 110.7 | FY31: 63.75 | GD31: 0 | GF31: 192743499 | GG31: 1 | GH31: 1 | GI31: 4 | GJ31: 0 | GK31: =ROUND(R31*(R12)/100,2) -> 0 | GL31: =ROUND(IF(AND(BH31=3,BI31=3,FS31<>0),P31,0),2) -> 0 | GM31: =ROUND(O31+X31+Y31+GK31,2)+GX31 -> 19635.36 | GN31: =IF(OR(BI31=0,BI31=1),ROUND(O31+X31+Y31+GK31,2),0) -> 19635.36 | GO31: =IF(BI31=2,ROUND(O31+X31+Y31+GK31,2),0) -> 0 | GP31: =IF(BI31=4,ROUND(O31+X31+Y31+GK31,2)+GX31,0) -> 0 | GR31: 0 | GS31: 3 | GT31: 0 | GV31: =ROUND(GT31,2) -> 0 | GW31: 1 | GX31: =ROUND(GV31*GW31*I31,2) -> 0 | HA31: 0 | HB31: 0 | IK31: 0
A32: 18 | B32: 1 | C32: 37 | E32: 8,1 | F32: 04.3.01.09-0016 | G32: Раствор готовый кладочный цементный марки 200 | H32: м3 | I32: =I31*J32 -> 6.115512 | J32: 2.04 | O32: =ROUND(CP32,2) -> 21979.15 | P32: =ROUND(CQ32*I32,2) -> 21979.15 | Q32: =ROUND(CR32*I32,2) -> 0 | R32: =ROUND(CS32*I32,2) -> 0 | S32: =ROUND(CT32*I32,2) -> 0 | T32: =ROUND(CU32*I32,2) -> 0 | U32: =CV32*I32 -> 0 | V32: =CW32*I32 -> 0 | W32: =ROUND(CX32*I32,2) -> 0 | X32: =ROUND(CY32,2) -> 0 | Y32: =ROUND(CZ32,2) -> 0 | AA32: 39076825 | AB32: =ROUND((AC32+AD32+AF32),2) -> 600 | AC32: =ROUND((ES32),2) -> 600 | AD32: =ROUND((((ET32)-(EU32))+AE32),2) -> 0 | AE32: =ROUND((EU32),2) -> 0 | AF32: =ROUND((EV32),2) -> 0 | AG32: =ROUND((AP32),2) -> 0 | AH32: =(EW32) -> 0 | AI32: =(EX32) -> 0 | AJ32: =ROUND((AS32),2) -> 0 | AK32: 600 | AL32: 600 | AM32: 0 | AN32: 0 | AO32: 0 | AP32: 0 | AQ32: 0 | AR32: 0 | AS32: 0 | AT32: 111 | AU32: 64 | AV32: 1 | AW32: 1 | AZ32: 5.99 | BA32: 1 | BB32: 1 | BC32: 5.99 | BH32: 3 | BI32: 1 | BJ32: ФССЦ-2001, 04.3.01.09-0016, приказ Минстроя России №1039/пр от 30.12.2016г. | BM32: 11001 | BN32: 0 | BP32: 0 | BQ32: 2 | BR32: 0 | BS32: 1 | BT32: 1 | BU32: 1 | BV32: 1 | BW32: 1 | BX32: 1 | BZ32: 123 | CA32: 75 | CF32: 0 | CG32: 0 | CM32: 0 | CO32: 0 | CP32: =(P32+Q32+S32) -> 21979.15 | CQ32: =AC32*BC32 -> 3594 | CR32: =AD32*BB32 -> 0 | CS32: =AE32*BS32 -> 0 | CT32: =AF32*BA32 -> 0 | CU32: =AG32 -> 0 | CV32: =AH32 -> 0 | CW32: =AI32 -> 0 | CX32: =AJ32 -> 0 | CY32: =(((S32+R32)*AT32)/100) -> 0 | CZ32: =(((S32+R32)*AU32)/100) -> 0 | DN32: 0 | DO32: 0 | DP32: 1 | DQ32: 1 | DU32: 1007 | DV32: м3 | DW32: м3 | DX32: 1 | EE32: 39174504 | EF32: 2 | EG32: Общестроительные работы | EH32: 0 | EJ32: 1 | EK32: 11001 | EL32: Полы | EM32: ФЕР-11 | EQ32: 0 | ER32: 600 | ES32: 600 | ET32: 0 | EU32: 0 | EV32: 0 | EW32: 0 | EX32: 0 | FQ32: 0 | FR32: =ROUND(IF(AND(BH32=3,BI32=3),P32,0),2) -> 0 | FS32: 0 | FT32: *0,9 | FU32: *0,85 | FX32: 110.7 | FY32: 63.75 | GD32: 0 | GF32: 536744769 | GG32: 1 | GH32: 1 | GI32: 4 | GJ32: 0 | GK32: =ROUND(R32*(R12)/100,2) -> 0 | GL32: =ROUND(IF(AND(BH32=3,BI32=3,FS32<>0),P32,0),2) -> 0 | GM32: =ROUND(O32+X32+Y32+GK32,2)+GX32 -> 21979.15 | GN32: =IF(OR(BI32=0,BI32=1),ROUND(O32+X32+Y32+GK32,2),0) -> 21979.15 | GO32: =IF(BI32=2,ROUND(O32+X32+Y32+GK32,2),0) -> 0 | GP32: =IF(BI32=4,ROUND(O32+X32+Y32+GK32,2)+GX32,0) -> 0 | GR32: 0 | GS32: 3 | GT32: 0 | GV32: =ROUND(GT32,2) -> 0 | GW32: 1 | GX32: =ROUND(GV32*GW32*I32,2) -> 0 | HA32: 0 | HB32: 0 | IK32: 0
A33: 18 | B33: 1 | C33: 36 | E33: 8,2 | F33: 04.3.01.09 | G33: Раствор готовый кладочный тяжелый цементный | H33: м3 | I33: =I31*J33 -> 6.115512 | J33: 2.04 | O33: =ROUND(CP33,2) -> 0 | P33: =ROUND(CQ33*I33,2) -> 0 | Q33: =ROUND(CR33*I33,2) -> 0 | R33: =ROUND(CS33*I33,2) -> 0 | S33: =ROUND(CT33*I33,2) -> 0 | T33: =ROUND(CU33*I33,2) -> 0 | U33: =CV33*I33 -> 0 | V33: =CW33*I33 -> 0 | W33: =ROUND(CX33*I33,2) -> 0 | X33: =ROUND(CY33,2) -> 0 | Y33: =ROUND(CZ33,2) -> 0 | AA33: 39076825 | AB33: =ROUND((AC33+AD33+AF33),2) -> 0 | AC33: =ROUND((ES33),2) -> 0 | AD33: =ROUND((((ET33)-(EU33))+AE33),2) -> 0 | AE33: =ROUND((EU33),2) -> 0 | AF33: =ROUND((EV33),2) -> 0 | AG33: =ROUND((AP33),2) -> 0 | AH33: =(EW33) -> 0 | AI33: =(EX33) -> 0 | AJ33: =ROUND((AS33),2) -> 0 | AK33: 0 | AL33: 0 | AM33: 0 | AN33: 0 | AO33: 0 | AP33: 0 | AQ33: 0 | AR33: 0 | AS33: 0 | AT33: 111 | AU33: 64 | AV33: 1 | AW33: 1 | AZ33: 5.99 | BA33: 1 | BB33: 1 | BC33: 5.99 | BH33: 3 | BI33: 1 | BM33: 11001 | BN33: 0 | BP33: 0 | BQ33: 2 | BR33: 0 | BS33: 1 | BT33: 1 | BU33: 1 | BV33: 1 | BW33: 1 | BX33: 1 | BZ33: 123 | CA33: 75 | CF33: 0 | CG33: 0 | CM33: 0 | CO33: 0 | CP33: =(P33+Q33+S33) -> 0 | CQ33: =AC33*BC33 -> 0 | CR33: =AD33*BB33 -> 0 | CS33: =AE33*BS33 -> 0 | CT33: =AF33*BA33 -> 0 | CU33: =AG33 -> 0 | CV33: =AH33 -> 0 | CW33: =AI33 -> 0 | CX33: =AJ33 -> 0 | CY33: =(((S33+R33)*AT33)/100) -> 0 | CZ33: =(((S33+R33)*AU33)/100) -> 0 | DN33: 0 | DO33: 0 | DP33: 1 | DQ33: 1 | DU33: 1007 | DV33: м3 | DW33: м3 | DX33: 1 | EE33: 39174504 | EF33: 2 | EG33: Общестроительные работы | EH33: 0 | EJ33: 1 | EK33: 11001 | EL33: Полы | EM33: ФЕР-11 | EQ33: 0 | ER33: 0 | ES33: 0 | ET33: 0 | EU33: 0 | EV33: 0 | EW33: 0 | EX33: 0 | FQ33: 0 | FR33: =ROUND(IF(AND(BH33=3,BI33=3),P33,0),2) -> 0 | FS33: 0 | FT33: *0,9 | FU33: *0,85 | FX33: 110.7 | FY33: 63.75 | GA33: занесена вручную | GD33: 0 | GF33: -2113302258 | GG33: 1 | GH33: 1 | GI33: 4 | GJ33: 0 | GK33: =ROUND(R33*(R12)/100,2) -> 0 | GL33: =ROUND(IF(AND(BH33=3,BI33=3,FS33<>0),P33,0),2) -> 0 | GM33: =ROUND(O33+X33+Y33+GK33,2)+GX33 -> 0 | GN33: =IF(OR(BI33=0,BI33=1),ROUND(O33+X33+Y33+GK33,2),0) -> 0 | GO33: =IF(BI33=2,ROUND(O33+X33+Y33+GK33,2),0) -> 0 | GP33: =IF(BI33=4,ROUND(O33+X33+Y33+GK33,2)+GX33,0) -> 0 | GR33: 0 | GS33: 4 | GT33: 0 | GV33: =ROUND(GT33,2) -> 0 | GW33: 1 | GX33: =ROUND(GV33*GW33*I33,2) -> 0 | HA33: 0 | HB33: 0 | IK33: 0
A34: 17 | B34: 1 | C34: =ROW(SmtRes!A46) -> 46 | D34: =ROW(EtalonRes!A52) -> 52 | E34: 9 | F34: 11-01-036-01 | G34: Устройство покрытий из линолеума на клее | H34: 100 м2 | I34: 2.9978 | J34: 0 | O34: =ROUND(CP34,2) -> 8275.4 | P34: =ROUND(CQ34*I34,2) -> 16.34 | Q34: =ROUND(CR34*I34,2) -> 983.14 | R34: =ROUND(CS34*I34,2) -> 236.31 | S34: =ROUND(CT34*I34,2) -> 7275.92 | T34: =ROUND(CU34*I34,2) -> 0 | U34: =CV34*I34 -> 146.17273 | V34: =CW34*I34 -> 3.1851625 | W34: =ROUND(CX34*I34,2) -> 0 | X34: =ROUND(CY34,2) -> 8338.58 | Y34: =ROUND(CZ34,2) -> 4807.83 | AA34: 39076825 | AB34: =ROUND((AC34+AD34+AF34),2) -> 460.85 | AC34: =ROUND((ES34),2) -> 0.91 | AD34: =ROUND(((((ET34*1.25))-((EU34*1.25)))+AE34),2) -> 54.75 | AE34: =ROUND(((EU34*1.25)),2) -> 13.16 | AF34: =ROUND(((EV34*1.15)),2) -> 405.19 | AG34: =ROUND((AP34),2) -> 0 | AH34: =((EW34*1.15)) -> 48.76 | AI34: =((EX34*1.25)) -> 1.0625 | AJ34: =ROUND((AS34),2) -> 0 | AK34: 397.05 | AL34: 0.91 | AM34: 43.8 | AN34: 10.53 | AO34: 352.34 | AP34: 0 | AQ34: 42.4 | AR34: 0.85 | AS34: 0 | AT34: 111 | AU34: 64 | AV34: 1 | AW34: 1 | AZ34: 5.99 | BA34: 5.99 | BB34: 5.99 | BC34: 5.99 | BH34: 0 | BI34: 1 | BJ34: ФЕР-2001, 11-01-036-01, приказ Минстроя России №1039/пр от 30.12.2016г. | BM34: 11001 | BN34: 0 | BP34: 0 | BQ34: 2 | BR34: 0 | BS34: 5.99 | BT34: 1 | BU34: 1 | BV34: 1 | BW34: 1 | BX34: 1 | BZ34: 123 | CA34: 75 | CF34: 0 | CG34: 0 | CM34: 0 | CN34: Поправка: МДС 81-35.2004, п.4.7 Наименование: Работы, выполняемые при реконструкции зданий и сооружений работы, аналогичные технологическим процессам в новом строительстве (в том числе возведение новых конструктивных элементов) стоимость которых определена по соответствующим сборникам ФЕР, кроме сборника № 46 «Работы при реконструкции зданий и сооружений» | CO34: 0 | CP34: =(P34+Q34+S34) -> 8275.4 | CQ34: =AC34*BC34 -> 5.4509 | CR34: =AD34*BB34 -> 327.9525 | CS34: =AE34*BS34 -> 78.8284 | CT34: =AF34*BA34 -> 2427.0881 | CU34: =AG34 -> 0 | CV34: =AH34 -> 48.76 | CW34: =AI34 -> 1.0625 | CX34: =AJ34 -> 0 | CY34: =(((S34+R34)*AT34)/100) -> 8338.5753 | CZ34: =(((S34+R34)*AU34)/100) -> 4807.8272 | DE34: )*1,25 | DF34: )*1,25 | DG34: )*1,15 | DI34: )*1,15 | DJ34: )*1,25 | DN34: 0 | DO34: 0 | DP34: 1 | DQ34: 1 | DU34: 1005 | DV34: 100 м2 | DW34: 100 м2 | DX34: 100 | EE34: 39174504 | EF34: 2 | EG34: Общестроительные работы | EH34: 0 | EJ34: 1 | EK34: 11001 | EL34: Полы | EM34: ФЕР-11 | EO34: Поправка: МДС 81-35.2004, п.4.7 | EQ34: 0 | ER34: 397.05 | ES34: 0.91 | ET34: 43.8 | EU34: 10.53 | EV34: 352.34 | EW34: 42.4 | EX34: 0.85 | EY34: 0 | FQ34: 0 | FR34: =ROUND(IF(AND(BH34=3,BI34=3),P34,0),2) -> 0 | FS34: 0 | FT34: *0,9 | FU34: *0,85 | FX34: 110.7 | FY34: 63.75 | GD34: 0 | GF34: 35623097 | GG34: 1 | GH34: 1 | GI34: 4 | GJ34: 0 | GK34: =ROUND(R34*(R12)/100,2) -> 0 | GL34: =ROUND(IF(AND(BH34=3,BI34=3,FS34<>0),P34,0),2) -> 0 | GM34: =ROUND(O34+X34+Y34+GK34,2)+GX34 -> 21421.81 | GN34: =IF(OR(BI34=0,BI34=1),ROUND(O34+X34+Y34+GK34,2),0) -> 21421.81 | GO34: =IF(BI34=2,ROUND(O34+X34+Y34+GK34,2),0) -> 0 | GP34: =IF(BI34=4,ROUND(O34+X34+Y34+GK34,2)+GX34,0) -> 0 | GR34: 0 | GS34: 3 | GT34: 0 | GV34: =ROUND(GT34,2) -> 0 | GW34: 1 | GX34: =ROUND(GV34*GW34*I34,2) -> 0 | HA34: 0 | HB34: 0 | IK34: 0
A35: 18 | B35: 1 | C35: 43 | E35: 9,1 | F35: 01.6.03.04-0118 | G35: Линолеум коммерческий гомогенный "ТАРКЕТТ iQ GRANIT" (толщина 2 мм, класс 34/43, пож. безопасность Г4, В3, РП1, Д2, Т2) | H35: м2 | I35: =I34*J35 -> 305.7756 | J35: 102 | O35: =ROUND(CP35,2) -> 386833.04 | P35: =ROUND(CQ35*I35,2) -> 386833.04 | Q35: =ROUND(CR35*I35,2) -> 0 | R35: =ROUND(CS35*I35,2) -> 0 | S35: =ROUND(CT35*I35,2) -> 0 | T35: =ROUND(CU35*I35,2) -> 0 | U35: =CV35*I35 -> 0 | V35: =CW35*I35 -> 0 | W35: =ROUND(CX35*I35,2) -> 0 | X35: =ROUND(CY35,2) -> 0 | Y35: =ROUND(CZ35,2) -> 0 | AA35: 39076825 | AB35: =ROUND((AC35+AD35+AF35),2) -> 211.2 | AC35: =ROUND((ES35),2) -> 211.2 | AD35: =ROUND((((ET35)-(EU35))+AE35),2) -> 0 | AE35: =ROUND((EU35),2) -> 0 | AF35: =ROUND((EV35),2) -> 0 | AG35: =ROUND((AP35),2) -> 0 | AH35: =(EW35) -> 0 | AI35: =(EX35) -> 0 | AJ35: =ROUND((AS35),2) -> 0 | AK35: 211.2 | AL35: 211.2 | AM35: 0 | AN35: 0 | AO35: 0 | AP35: 0 | AQ35: 0 | AR35: 0 | AS35: 0 | AT35: 111 | AU35: 64 | AV35: 1 | AW35: 1 | AZ35: 5.99 | BA35: 1 | BB35: 1 | BC35: 5.99 | BH35: 3 | BI35: 1 | BJ35: ФССЦ-2001, 01.6.03.04-0118, приказ Минстроя России №1039/пр от 30.12.2016г. | BM35: 11001 | BN35: 0 | BP35: 0 | BQ35: 2 | BR35: 0 | BS35: 1 | BT35: 1 | BU35: 1 | BV35: 1 | BW35: 1 | BX35: 1 | BZ35: 123 | CA35: 75 | CF35: 0 | CG35: 0 | CM35: 0 | CO35: 0 | CP35: =(P35+Q35+S35) -> 386833.04 | CQ35: =AC35*BC35 -> 1265.088 | CR35: =AD35*BB35 -> 0 | CS35: =AE35*BS35 -> 0 | CT35: =AF35*BA35 -> 0 | CU35: =AG35 -> 0 | CV35: =AH35 -> 0 | CW35: =AI35 -> 0 | CX35: =AJ35 -> 0 | CY35: =(((S35+R35)*AT35)/100) -> 0 | CZ35: =(((S35+R35)*AU35)/100) -> 0 | DN35: 0 | DO35: 0 | DP35: 1 | DQ35: 1 | DU35: 1005 | DV35: м2 | DW35: м2 | DX35: 1 | EE35: 39174504 | EF35: 2 | EG35: Общестроительные работы | EH35: 0 | EJ35: 1 | EK35: 11001 | EL35: Полы | EM35: ФЕР-11 | EQ35: 0 | ER35: 211.2 | ES35: 211.2 | ET35: 0 | EU35: 0 | EV35: 0 | EW35: 0 | EX35: 0 | FQ35: 0 | FR35: =ROUND(IF(AND(BH35=3,BI35=3),P35,0),2) -> 0 | FS35: 0 | FT35: *0,9 | FU35: *0,85 | FX35: 110.7 | FY35: 63.75 | GD35: 0 | GF35: -1256487638 | GG35: 1 | GH35: 1 | GI35: 4 | GJ35: 0 | GK35: =ROUND(R35*(R12)/100,2) -> 0 | GL35: =ROUND(IF(AND(BH35=3,BI35=3,FS35<>0),P35,0),2) -> 0 | GM35: =ROUND(O35+X35+Y35+GK35,2)+GX35 -> 386833.04 | GN35: =IF(OR(BI35=0,BI35=1),ROUND(O35+X35+Y35+GK35,2),0) -> 386833.04 | GO35: =IF(BI35=2,ROUND(O35+X35+Y35+GK35,2),0) -> 0 | GP35: =IF(BI35=4,ROUND(O35+X35+Y35+GK35,2)+GX35,0) -> 0 | GR35: 0 | GS35: 3 | GT35: 0 | GV35: =ROUND(GT35,2) -> 0 | GW35: 1 | GX35: =ROUND(GV35*GW35*I35,2) -> 0 | HA35: 0 | HB35: 0 | IK35: 0
A36: 18 | B36: 1 | C36: 42 | E36: 9,2 | F36: 01.6.03.04 | G36: Линолеум на теплозвукоизолирующей подоснове | H36: м2 | I36: =I34*J36 -> 305.7756 | J36: 102 | O36: =ROUND(CP36,2) -> 0 | P36: =ROUND(CQ36*I36,2) -> 0 | Q36: =ROUND(CR36*I36,2) -> 0 | R36: =ROUND(CS36*I36,2) -> 0 | S36: =ROUND(CT36*I36,2) -> 0 | T36: =ROUND(CU36*I36,2) -> 0 | U36: =CV36*I36 -> 0 | V36: =CW36*I36 -> 0 | W36: =ROUND(CX36*I36,2) -> 0 | X36: =ROUND(CY36,2) -> 0 | Y36: =ROUND(CZ36,2) -> 0 | AA36: 39076825 | AB36: =ROUND((AC36+AD36+AF36),2) -> 0 | AC36: =ROUND((ES36),2) -> 0 | AD36: =ROUND((((ET36)-(EU36))+AE36),2) -> 0 | AE36: =ROUND((EU36),2) -> 0 | AF36: =ROUND((EV36),2) -> 0 | AG36: =ROUND((AP36),2) -> 0 | AH36: =(EW36) -> 0 | AI36: =(EX36) -> 0 | AJ36: =ROUND((AS36),2) -> 0 | AK36: 0 | AL36: 0 | AM36: 0 | AN36: 0 | AO36: 0 | AP36: 0 | AQ36: 0 | AR36: 0 | AS36: 0 | AT36: 111 | AU36: 64 | AV36: 1 | AW36: 1 | AZ36: 5.99 | BA36: 1 | BB36: 1 | BC36: 5.99 | BH36: 3 | BI36: 1 | BM36: 11001 | BN36: 0 | BP36: 0 | BQ36: 2 | BR36: 0 | BS36: 1 | BT36: 1 | BU36: 1 | BV36: 1 | BW36: 1 | BX36: 1 | BZ36: 123 | CA36: 75 | CF36: 0 | CG36: 0 | CM36: 0 | CO36: 0 | CP36: =(P36+Q36+S36) -> 0 | CQ36: =AC36*BC36 -> 0 | CR36: =AD36*BB36 -> 0 | CS36: =AE36*BS36 -> 0 | CT36: =AF36*BA36 -> 0 | CU36: =AG36 -> 0 | CV36: =AH36 -> 0 | CW36: =AI36 -> 0 | CX36: =AJ36 -> 0 | CY36: =(((S36+R36)*AT36)/100) -> 0 | CZ36: =(((S36+R36)*AU36)/100) -> 0 | DN36: 0 | DO36: 0 | DP36: 1 | DQ36: 1 | DU36: 1005 | DV36: м2 | DW36: м2 | DX36: 1 | EE36: 39174504 | EF36: 2 | EG36: Общестроительные работы | EH36: 0 | EJ36: 1 | EK36: 11001 | EL36: Полы | EM36: ФЕР-11 | EQ36: 0 | ER36: 0 | ES36: 0 | ET36: 0 | EU36: 0 | EV36: 0 | EW36: 0 | EX36: 0 | FQ36: 0 | FR36: =ROUND(IF(AND(BH36=3,BI36=3),P36,0),2) -> 0 | FS36: 0 | FT36: *0,9 | FU36: *0,85 | FX36: 110.7 | FY36: 63.75 | GA36: занесена вручную | GD36: 0 | GF36: -919469713 | GG36: 1 | GH36: 1 | GI36: 4 | GJ36: 0 | GK36: =ROUND(R36*(R12)/100,2) -> 0 | GL36: =ROUND(IF(AND(BH36=3,BI36=3,FS36<>0),P36,0),2) -> 0 | GM36: =ROUND(O36+X36+Y36+GK36,2)+GX36 -> 0 | GN36: =IF(OR(BI36=0,BI36=1),ROUND(O36+X36+Y36+GK36,2),0) -> 0 | GO36: =IF(BI36=2,ROUND(O36+X36+Y36+GK36,2),0) -> 0 | GP36: =IF(BI36=4,ROUND(O36+X36+Y36+GK36,2)+GX36,0) -> 0 | GR36: 0 | GS36: 4 | GT36: 0 | GV36: =ROUND(GT36,2) -> 0 | GW36: 1 | GX36: =ROUND(GV36*GW36*I36,2) -> 0 | HA36: 0 | HB36: 0 | IK36: 0
A37: 18 | B37: 1 | C37: 45 | E37: 9,3 | F37: 14.1.02.04-0101 | G37: Клей «Бустилат» | H37: т | I37: =I34*J37 -> 0.14989 | J37: 0.05 | O37: =ROUND(CP37,2) -> 10145.6 | P37: =ROUND(CQ37*I37,2) -> 10145.6 | Q37: =ROUND(CR37*I37,2) -> 0 | R37: =ROUND(CS37*I37,2) -> 0 | S37: =ROUND(CT37*I37,2) -> 0 | T37: =ROUND(CU37*I37,2) -> 0 | U37: =CV37*I37 -> 0 | V37: =CW37*I37 -> 0 | W37: =ROUND(CX37*I37,2) -> 0 | X37: =ROUND(CY37,2) -> 0 | Y37: =ROUND(CZ37,2) -> 0 | AA37: 39076825 | AB37: =ROUND((AC37+AD37+AF37),2) -> 11300 | AC37: =ROUND((ES37),2) -> 11300 | AD37: =ROUND((((ET37)-(EU37))+AE37),2) -> 0 | AE37: =ROUND((EU37),2) -> 0 | AF37: =ROUND((EV37),2) -> 0 | AG37: =ROUND((AP37),2) -> 0 | AH37: =(EW37) -> 0 | AI37: =(EX37) -> 0 | AJ37: =ROUND((AS37),2) -> 0 | AK37: 11300 | AL37: 11300 | AM37: 0 | AN37: 0 | AO37: 0 | AP37: 0 | AQ37: 0 | AR37: 0 | AS37: 0 | AT37: 111 | AU37: 64 | AV37: 1 | AW37: 1 | AZ37: 5.99 | BA37: 1 | BB37: 1 | BC37: 5.99 | BH37: 3 | BI37: 1 | BJ37: ФССЦ-2001, 14.1.02.04-0101, приказ Минстроя России №1039/пр от 30.12.2016г. | BM37: 11001 | BN37: 0 | BP37: 0 | BQ37: 2 | BR37: 0 | BS37: 1 | BT37: 1 | BU37: 1 | BV37: 1 | BW37: 1 | BX37: 1 | BZ37: 123 | CA37: 75 | CF37: 0 | CG37: 0 | CM37: 0 | CO37: 0 | CP37: =(P37+Q37+S37) -> 10145.6 | CQ37: =AC37*BC37 -> 67687 | CR37: =AD37*BB37 -> 0 | CS37: =AE37*BS37 -> 0 | CT37: =AF37*BA37 -> 0 | CU37: =AG37 -> 0 | CV37: =AH37 -> 0 | CW37: =AI37 -> 0 | CX37: =AJ37 -> 0 | CY37: =(((S37+R37)*AT37)/100) -> 0 | CZ37: =(((S37+R37)*AU37)/100) -> 0 | DN37: 0 | DO37: 0 | DP37: 1 | DQ37: 1 | DU37: 1009 | DV37: т | DW37: т | DX37: 1000 | EE37: 39174504 | EF37: 2 | EG37: Общестроительные работы | EH37: 0 | EJ37: 1 | EK37: 11001 | EL37: Полы | EM37: ФЕР-11 | EQ37: 0 | ER37: 11300 | ES37: 11300 | ET37: 0 | EU37: 0 | EV37: 0 | EW37: 0 | EX37: 0 | FQ37: 0 | FR37: =ROUND(IF(AND(BH37=3,BI37=3),P37,0),2) -> 0 | FS37: 0 | FT37: *0,9 | FU37: *0,85 | FX37: 110.7 | FY37: 63.75 | GD37: 0 | GF37: 486476101 | GG37: 1 | GH37: 1 | GI37: 4 | GJ37: 0 | GK37: =ROUND(R37*(R12)/100,2) -> 0 | GL37: =ROUND(IF(AND(BH37=3,BI37=3,FS37<>0),P37,0),2) -> 0 | GM37: =ROUND(O37+X37+Y37+GK37,2)+GX37 -> 10145.6 | GN37: =IF(OR(BI37=0,BI37=1),ROUND(O37+X37+Y37+GK37,2),0) -> 10145.6 | GO37: =IF(BI37=2,ROUND(O37+X37+Y37+GK37,2),0) -> 0 | GP37: =IF(BI37=4,ROUND(O37+X37+Y37+GK37,2)+GX37,0) -> 0 | GR37: 0 | GS37: 3 | GT37: 0 | GV37: =ROUND(GT37,2) -> 0 | GW37: 1 | GX37: =ROUND(GV37*GW37*I37,2) -> 0 | HA37: 0 | HB37: 0 | IK37: 0
A38: 18 | B38: 1 | C38: 46 | E38: 9,4 | F38: 14.1.06.05 | G38: Состав клеящий | H38: кг | I38: =I34*J38 -> 149.89 | J38: 50 | O38: =ROUND(CP38,2) -> 0 | P38: =ROUND(CQ38*I38,2) -> 0 | Q38: =ROUND(CR38*I38,2) -> 0 | R38: =ROUND(CS38*I38,2) -> 0 | S38: =ROUND(CT38*I38,2) -> 0 | T38: =ROUND(CU38*I38,2) -> 0 | U38: =CV38*I38 -> 0 | V38: =CW38*I38 -> 0 | W38: =ROUND(CX38*I38,2) -> 0 | X38: =ROUND(CY38,2) -> 0 | Y38: =ROUND(CZ38,2) -> 0 | AA38: 39076825 | AB38: =ROUND((AC38+AD38+AF38),2) -> 0 | AC38: =ROUND((ES38),2) -> 0 | AD38: =ROUND((((ET38)-(EU38))+AE38),2) -> 0 | AE38: =ROUND((EU38),2) -> 0 | AF38: =ROUND((EV38),2) -> 0 | AG38: =ROUND((AP38),2) -> 0 | AH38: =(EW38) -> 0 | AI38: =(EX38) -> 0 | AJ38: =ROUND((AS38),2) -> 0 | AK38: 0 | AL38: 0 | AM38: 0 | AN38: 0 | AO38: 0 | AP38: 0 | AQ38: 0 | AR38: 0 | AS38: 0 | AT38: 111 | AU38: 64 | AV38: 1 | AW38: 1 | AZ38: 5.99 | BA38: 1 | BB38: 1 | BC38: 5.99 | BH38: 3 | BI38: 1 | BM38: 11001 | BN38: 0 | BP38: 0 | BQ38: 2 | BR38: 0 | BS38: 1 | BT38: 1 | BU38: 1 | BV38: 1 | BW38: 1 | BX38: 1 | BZ38: 123 | CA38: 75 | CF38: 0 | CG38: 0 | CM38: 0 | CO38: 0 | CP38: =(P38+Q38+S38) -> 0 | CQ38: =AC38*BC38 -> 0 | CR38: =AD38*BB38 -> 0 | CS38: =AE38*BS38 -> 0 | CT38: =AF38*BA38 -> 0 | CU38: =AG38 -> 0 | CV38: =AH38 -> 0 | CW38: =AI38 -> 0 | CX38: =AJ38 -> 0 | CY38: =(((S38+R38)*AT38)/100) -> 0 | CZ38: =(((S38+R38)*AU38)/100) -> 0 | DN38: 0 | DO38: 0 | DP38: 1 | DQ38: 1 | DU38: 1009 | DV38: кг | DW38: кг | DX38: 1 | EE38: 39174504 | EF38: 2 | EG38: Общестроительные работы | EH38: 0 | EJ38: 1 | EK38: 11001 | EL38: Полы | EM38: ФЕР-11 | EQ38: 0 | ER38: 0 | ES38: 0 | ET38: 0 | EU38: 0 | EV38: 0 | EW38: 0 | EX38: 0 | FQ38: 0 | FR38: =ROUND(IF(AND(BH38=3,BI38=3),P38,0),2) -> 0 | FS38: 0 | FT38: *0,9 | FU38: *0,85 | FX38: 110.7 | FY38: 63.75 | GA38: занесена вручную | GD38: 0 | GF38: 290394019 | GG38: 1 | GH38: 1 | GI38: 4 | GJ38: 0 | GK38: =ROUND(R38*(R12)/100,2) -> 0 | GL38: =ROUND(IF(AND(BH38=3,BI38=3,FS38<>0),P38,0),2) -> 0 | GM38: =ROUND(O38+X38+Y38+GK38,2)+GX38 -> 0 | GN38: =IF(OR(BI38=0,BI38=1),ROUND(O38+X38+Y38+GK38,2),0) -> 0 | GO38: =IF(BI38=2,ROUND(O38+X38+Y38+GK38,2),0) -> 0 | GP38: =IF(BI38=4,ROUND(O38+X38+Y38+GK38,2)+GX38,0) -> 0 | GR38: 0 | GS38: 4 | GT38: 0 | GV38: =ROUND(GT38,2) -> 0 | GW38: 1 | GX38: =ROUND(GV38*GW38*I38,2) -> 0 | HA38: 0 | HB38: 0 | IK38: 0
A39: 17 | B39: 1 | C39: =ROW(SmtRes!A64) -> 64 | D39: =ROW(EtalonRes!A64) -> 64 | E39: 10 | F39: 11-01-040-03 | G39: Устройство плинтусов поливинилхлоридных на винтах самонарезающих | H39: 100 м | I39: 1.4905 | J39: 0 | O39: =ROUND(CP39,2) -> 1310.91 | P39: =ROUND(CQ39*I39,2) -> 657.46 | Q39: =ROUND(CR39*I39,2) -> 23.84 | R39: =ROUND(CS39*I39,2) -> 4.73 | S39: =ROUND(CT39*I39,2) -> 629.61 | T39: =ROUND(CU39*I39,2) -> 0 | U39: =CV39*I39 -> 11.450021 | V39: =CW39*I39 -> 0.074525 | W39: =ROUND(CX39*I39,2) -> 0 | X39: =ROUND(CY39,2) -> 704.12 | Y39: =ROUND(CZ39,2) -> 405.98 | AA39: 39076825 | AB39: =ROUND((AC39+AD39+AF39),2) -> 146.83 | AC39: =ROUND((ES39),2) -> 73.64 | AD39: =ROUND(((((ET39*1.25))-((EU39*1.25)))+AE39),2) -> 2.67 | AE39: =ROUND(((EU39*1.25)),2) -> 0.53 | AF39: =ROUND(((EV39*1.15)),2) -> 70.52 | AG39: =ROUND((AP39),2) -> 0 | AH39: =((EW39*1.15)) -> 7.682 | AI39: =((EX39*1.25)) -> 0.05 | AJ39: =ROUND((AS39),2) -> 0 | AK39: 137.09 | AL39: 73.64 | AM39: 2.13 | AN39: 0.42 | AO39: 61.32 | AP39: 0 | AQ39: 6.68 | AR39: 0.04 | AS39: 0 | AT39: 111 | AU39: 64 | AV39: 1 | AW39: 1 | AZ39: 5.99 | BA39: 5.99 | BB39: 5.99 | BC39: 5.99 | BH39: 0 | BI39: 1 | BJ39: ФЕР-2001, 11-01-040-03, приказ Минстроя России №1039/пр от 30.12.2016г. | BM39: 11001 | BN39: 0 | BP39: 0 | BQ39: 2 | BR39: 0 | BS39: 5.99 | BT39: 1 | BU39: 1 | BV39: 1 | BW39: 1 | BX39: 1 | BZ39: 123 | CA39: 75 | CF39: 0 | CG39: 0 | CM39: 0 | CN39: Поправка: МДС 81-35.2004, п.4.7 Наименование: Работы, выполняемые при реконструкции зданий и сооружений работы, аналогичные технологическим процессам в новом строительстве (в том числе возведение новых конструктивных элементов) стоимость которых определена по соответствующим сборникам ФЕР, кроме сборника № 46 «Работы при реконструкции зданий и сооружений» | CO39: 0 | CP39: =(P39+Q39+S39) -> 1310.91 | CQ39: =AC39*BC39 -> 441.1036 | CR39: =AD39*BB39 -> 15.9933 | CS39: =AE39*BS39 -> 3.1747 | CT39: =AF39*BA39 -> 422.4148 | CU39: =AG39 -> 0 | CV39: =AH39 -> 7.682 | CW39: =AI39 -> 0.05 | CX39: =AJ39 -> 0 | CY39: =(((S39+R39)*AT39)/100) -> 704.1174 | CZ39: =(((S39+R39)*AU39)/100) -> 405.9776 | DE39: )*1,25 | DF39: )*1,25 | DG39: )*1,15 | DI39: )*1,15 | DJ39: )*1,25 | DN39: 0 | DO39: 0 | DP39: 1 | DQ39: 1 | DU39: 1003 | DV39: 100 м | DW39: 100 м | DX39: 100 | EE39: 39174504 | EF39: 2 | EG39: Общестроительные работы | EH39: 0 | EJ39: 1 | EK39: 11001 | EL39: Полы | EM39: ФЕР-11 | EO39: Поправка: МДС 81-35.2004, п.4.7 | EQ39: 0 | ER39: 137.09 | ES39: 73.64 | ET39: 2.13 | EU39: 0.42 | EV39: 61.32 | EW39: 6.68 | EX39: 0.04 | EY39: 0 | FQ39: 0 | FR39: =ROUND(IF(AND(BH39=3,BI39=3),P39,0),2) -> 0 | FS39: 0 | FT39: *0,9 | FU39: *0,85 | FX39: 110.7 | FY39: 63.75 | GD39: 0 | GF39: -1404287246 | GG39: 1 | GH39: 1 | GI39: 4 | GJ39: 0 | GK39: =ROUND(R39*(R12)/100,2) -> 0 | GL39: =ROUND(IF(AND(BH39=3,BI39=3,FS39<>0),P39,0),2) -> 0 | GM39: =ROUND(O39+X39+Y39+GK39,2)+GX39 -> 2421.01 | GN39: =IF(OR(BI39=0,BI39=1),ROUND(O39+X39+Y39+GK39,2),0) -> 2421.01 | GO39: =IF(BI39=2,ROUND(O39+X39+Y39+GK39,2),0) -> 0 | GP39: =IF(BI39=4,ROUND(O39+X39+Y39+GK39,2)+GX39,0) -> 0 | GR39: 0 | GS39: 3 | GT39: 0 | GV39: =ROUND(GT39,2) -> 0 | GW39: 1 | GX39: =ROUND(GV39*GW39*I39,2) -> 0 | HA39: 0 | HB39: 0 | IK39: 0
A40: 18 | B40: 1 | C40: 63 | E40: 10,1 | F40: 11.3.03.14-0032 | G40: Уголок внутренний для пластикового плинтуса, высота 49 мм | H40: 100 шт. | I40: =I39*J40 -> 0.1 | J40: 0.06709158 | O40: =ROUND(CP40,2) -> 76.67 | P40: =ROUND(CQ40*I40,2) -> 76.67 | Q40: =ROUND(CR40*I40,2) -> 0 | R40: =ROUND(CS40*I40,2) -> 0 | S40: =ROUND(CT40*I40,2) -> 0 | T40: =ROUND(CU40*I40,2) -> 0 | U40: =CV40*I40 -> 0 | V40: =CW40*I40 -> 0 | W40: =ROUND(CX40*I40,2) -> 0 | X40: =ROUND(CY40,2) -> 0 | Y40: =ROUND(CZ40,2) -> 0 | AA40: 39076825 | AB40: =ROUND((AC40+AD40+AF40),2) -> 128 | AC40: =ROUND((ES40),2) -> 128 | AD40: =ROUND((((ET40)-(EU40))+AE40),2) -> 0 | AE40: =ROUND((EU40),2) -> 0 | AF40: =ROUND((EV40),2) -> 0 | AG40: =ROUND((AP40),2) -> 0 | AH40: =(EW40) -> 0 | AI40: =(EX40) -> 0 | AJ40: =ROUND((AS40),2) -> 0 | AK40: 128 | AL40: 128 | AM40: 0 | AN40: 0 | AO40: 0 | AP40: 0 | AQ40: 0 | AR40: 0 | AS40: 0 | AT40: 111 | AU40: 64 | AV40: 1 | AW40: 1 | AZ40: 5.99 | BA40: 1 | BB40: 1 | BC40: 5.99 | BH40: 3 | BI40: 1 | BJ40: ФССЦ-2001, 11.3.03.14-0032, приказ Минстроя России №1039/пр от 30.12.2016г. | BM40: 11001 | BN40: 0 | BP40: 0 | BQ40: 2 | BR40: 0 | BS40: 1 | BT40: 1 | BU40: 1 | BV40: 1 | BW40: 1 | BX40: 1 | BZ40: 123 | CA40: 75 | CF40: 0 | CG40: 0 | CM40: 0 | CO40: 0 | CP40: =(P40+Q40+S40) -> 76.67 | CQ40: =AC40*BC40 -> 766.72 | CR40: =AD40*BB40 -> 0 | CS40: =AE40*BS40 -> 0 | CT40: =AF40*BA40 -> 0 | CU40: =AG40 -> 0 | CV40: =AH40 -> 0 | CW40: =AI40 -> 0 | CX40: =AJ40 -> 0 | CY40: =(((S40+R40)*AT40)/100) -> 0 | CZ40: =(((S40+R40)*AU40)/100) -> 0 | DN40: 0 | DO40: 0 | DP40: 1 | DQ40: 1 | DU40: 1010 | DV40: 100 шт. | DW40: 100 шт. | DX40: 100 | EE40: 39174504 | EF40: 2 | EG40: Общестроительные работы | EH40: 0 | EJ40: 1 | EK40: 11001 | EL40: Полы | EM40: ФЕР-11 | EQ40: 0 | ER40: 128 | ES40: 128 | ET40: 0 | EU40: 0 | EV40: 0 | EW40: 0 | EX40: 0 | FQ40: 0 | FR40: =ROUND(IF(AND(BH40=3,BI40=3),P40,0),2) -> 0 | FS40: 0 | FT40: *0,9 | FU40: *0,85 | FX40: 110.7 | FY40: 63.75 | GD40: 0 | GF40: 1800897042 | GG40: 1 | GH40: 1 | GI40: 4 | GJ40: 0 | GK40: =ROUND(R40*(R12)/100,2) -> 0 | GL40: =ROUND(IF(AND(BH40=3,BI40=3,FS40<>0),P40,0),2) -> 0 | GM40: =ROUND(O40+X40+Y40+GK40,2)+GX40 -> 76.67 | GN40: =IF(OR(BI40=0,BI40=1),ROUND(O40+X40+Y40+GK40,2),0) -> 76.67 | GO40: =IF(BI40=2,ROUND(O40+X40+Y40+GK40,2),0) -> 0 | GP40: =IF(BI40=4,ROUND(O40+X40+Y40+GK40,2)+GX40,0) -> 0 | GR40: 0 | GS40: 3 | GT40: 0 | GV40: =ROUND(GT40,2) -> 0 | GW40: 1 | GX40: =ROUND(GV40*GW40*I40,2) -> 0 | HA40: 0 | HB40: 0 | IK40: 0
A41: 18 | B41: 1 | C41: 64 | E41: 10,2 | F41: 11.3.03.14-0034 | G41: Уголок наружный для пластикового плинтуса, высота 49 мм | H41: 100 шт. | I41: =I39*J41 -> 0.1 | J41: 0.06709158 | O41: =ROUND(CP41,2) -> 76.67 | P41: =ROUND(CQ41*I41,2) -> 76.67 | Q41: =ROUND(CR41*I41,2) -> 0 | R41: =ROUND(CS41*I41,2) -> 0 | S41: =ROUND(CT41*I41,2) -> 0 | T41: =ROUND(CU41*I41,2) -> 0 | U41: =CV41*I41 -> 0 | V41: =CW41*I41 -> 0 | W41: =ROUND(CX41*I41,2) -> 0 | X41: =ROUND(CY41,2) -> 0 | Y41: =ROUND(CZ41,2) -> 0 | AA41: 39076825 | AB41: =ROUND((AC41+AD41+AF41),2) -> 128 | AC41: =ROUND((ES41),2) -> 128 | AD41: =ROUND((((ET41)-(EU41))+AE41),2) -> 0 | AE41: =ROUND((EU41),2) -> 0 | AF41: =ROUND((EV41),2) -> 0 | AG41: =ROUND((AP41),2) -> 0 | AH41: =(EW41) -> 0 | AI41: =(EX41) -> 0 | AJ41: =ROUND((AS41),2) -> 0 | AK41: 128 | AL41: 128 | AM41: 0 | AN41: 0 | AO41: 0 | AP41: 0 | AQ41: 0 | AR41: 0 | AS41: 0 | AT41: 111 | AU41: 64 | AV41: 1 | AW41: 1 | AZ41: 5.99 | BA41: 1 | BB41: 1 | BC41: 5.99 | BH41: 3 | BI41: 1 | BJ41: ФССЦ-2001, 11.3.03.14-0034, приказ Минстроя России №1039/пр от 30.12.2016г. | BM41: 11001 | BN41: 0 | BP41: 0 | BQ41: 2 | BR41: 0 | BS41: 1 | BT41: 1 | BU41: 1 | BV41: 1 | BW41: 1 | BX41: 1 | BZ41: 123 | CA41: 75 | CF41: 0 | CG41: 0 | CM41: 0 | CO41: 0 | CP41: =(P41+Q41+S41) -> 76.67 | CQ41: =AC41*BC41 -> 766.72 | CR41: =AD41*BB41 -> 0 | CS41: =AE41*BS41 -> 0 | CT41: =AF41*BA41 -> 0 | CU41: =AG41 -> 0 | CV41: =AH41 -> 0 | CW41: =AI41 -> 0 | CX41: =AJ41 -> 0 | CY41: =(((S41+R41)*AT41)/100) -> 0 | CZ41: =(((S41+R41)*AU41)/100) -> 0 | DN41: 0 | DO41: 0 | DP41: 1 | DQ41: 1 | DU41: 1010 | DV41: 100 шт. | DW41: 100 шт. | DX41: 100 | EE41: 39174504 | EF41: 2 | EG41: Общестроительные работы | EH41: 0 | EJ41: 1 | EK41: 11001 | EL41: Полы | EM41: ФЕР-11 | EQ41: 0 | ER41: 128 | ES41: 128 | ET41: 0 | EU41: 0 | EV41: 0 | EW41: 0 | EX41: 0 | FQ41: 0 | FR41: =ROUND(IF(AND(BH41=3,BI41=3),P41,0),2) -> 0 | FS41: 0 | FT41: *0,9 | FU41: *0,85 | FX41: 110.7 | FY41: 63.75 | GD41: 0 | GF41: 952646044 | GG41: 1 | GH41: 1 | GI41: 4 | GJ41: 0 | GK41: =ROUND(R41*(R12)/100,2) -> 0 | GL41: =ROUND(IF(AND(BH41=3,BI41=3,FS41<>0),P41,0),2) -> 0 | GM41: =ROUND(O41+X41+Y41+GK41,2)+GX41 -> 76.67 | GN41: =IF(OR(BI41=0,BI41=1),ROUND(O41+X41+Y41+GK41,2),0) -> 76.67 | GO41: =IF(BI41=2,ROUND(O41+X41+Y41+GK41,2),0) -> 0 | GP41: =IF(BI41=4,ROUND(O41+X41+Y41+GK41,2)+GX41,0) -> 0 | GR41: 0 | GS41: 3 | GT41: 0 | GV41: =ROUND(GT41,2) -> 0 | GW41: 1 | GX41: =ROUND(GV41*GW41*I41,2) -> 0 | HA41: 0 | HB41: 0 | IK41: 0
A42: 18 | B42: 1 | C42: 62 | E42: 10,3 | F42: 11.3.03.14-0022 | G42: Соединитель для пластикового плинтуса, высота 49 мм | H42: 100 шт. | I42: =I39*J42 -> 0.6 | J42: 0.40254948 | O42: =ROUND(CP42,2) -> 460.03 | P42: =ROUND(CQ42*I42,2) -> 460.03 | Q42: =ROUND(CR42*I42,2) -> 0 | R42: =ROUND(CS42*I42,2) -> 0 | S42: =ROUND(CT42*I42,2) -> 0 | T42: =ROUND(CU42*I42,2) -> 0 | U42: =CV42*I42 -> 0 | V42: =CW42*I42 -> 0 | W42: =ROUND(CX42*I42,2) -> 0 | X42: =ROUND(CY42,2) -> 0 | Y42: =ROUND(CZ42,2) -> 0 | AA42: 39076825 | AB42: =ROUND((AC42+AD42+AF42),2) -> 128 | AC42: =ROUND((ES42),2) -> 128 | AD42: =ROUND((((ET42)-(EU42))+AE42),2) -> 0 | AE42: =ROUND((EU42),2) -> 0 | AF42: =ROUND((EV42),2) -> 0 | AG42: =ROUND((AP42),2) -> 0 | AH42: =(EW42) -> 0 | AI42: =(EX42) -> 0 | AJ42: =ROUND((AS42),2) -> 0 | AK42: 128 | AL42: 128 | AM42: 0 | AN42: 0 | AO42: 0 | AP42: 0 | AQ42: 0 | AR42: 0 | AS42: 0 | AT42: 111 | AU42: 64 | AV42: 1 | AW42: 1 | AZ42: 5.99 | BA42: 1 | BB42: 1 | BC42: 5.99 | BH42: 3 | BI42: 1 | BJ42: ФССЦ-2001, 11.3.03.14-0022, приказ Минстроя России №1039/пр от 30.12.2016г. | BM42: 11001 | BN42: 0 | BP42: 0 | BQ42: 2 | BR42: 0 | BS42: 1 | BT42: 1 | BU42: 1 | BV42: 1 | BW42: 1 | BX42: 1 | BZ42: 123 | CA42: 75 | CF42: 0 | CG42: 0 | CM42: 0 | CO42: 0 | CP42: =(P42+Q42+S42) -> 460.03 | CQ42: =AC42*BC42 -> 766.72 | CR42: =AD42*BB42 -> 0 | CS42: =AE42*BS42 -> 0 | CT42: =AF42*BA42 -> 0 | CU42: =AG42 -> 0 | CV42: =AH42 -> 0 | CW42: =AI42 -> 0 | CX42: =AJ42 -> 0 | CY42: =(((S42+R42)*AT42)/100) -> 0 | CZ42: =(((S42+R42)*AU42)/100) -> 0 | DN42: 0 | DO42: 0 | DP42: 1 | DQ42: 1 | DU42: 1010 | DV42: 100 шт. | DW42: 100 шт. | DX42: 100 | EE42: 39174504 | EF42: 2 | EG42: Общестроительные работы | EH42: 0 | EJ42: 1 | EK42: 11001 | EL42: Полы | EM42: ФЕР-11 | EQ42: 0 | ER42: 128 | ES42: 128 | ET42: 0 | EU42: 0 | EV42: 0 | EW42: 0 | EX42: 0 | FQ42: 0 | FR42: =ROUND(IF(AND(BH42=3,BI42=3),P42,0),2) -> 0 | FS42: 0 | FT42: *0,9 | FU42: *0,85 | FX42: 110.7 | FY42: 63.75 | GD42: 0 | GF42: 1073883569 | GG42: 1 | GH42: 1 | GI42: 4 | GJ42: 0 | GK42: =ROUND(R42*(R12)/100,2) -> 0 | GL42: =ROUND(IF(AND(BH42=3,BI42=3,FS42<>0),P42,0),2) -> 0 | GM42: =ROUND(O42+X42+Y42+GK42,2)+GX42 -> 460.03 | GN42: =IF(OR(BI42=0,BI42=1),ROUND(O42+X42+Y42+GK42,2),0) -> 460.03 | GO42: =IF(BI42=2,ROUND(O42+X42+Y42+GK42,2),0) -> 0 | GP42: =IF(BI42=4,ROUND(O42+X42+Y42+GK42,2)+GX42,0) -> 0 | GR42: 0 | GS42: 3 | GT42: 0 | GV42: =ROUND(GT42,2) -> 0 | GW42: 1 | GX42: =ROUND(GV42*GW42*I42,2) -> 0 | HA42: 0 | HB42: 0 | IK42: 0
A43: 18 | B43: 1 | C43: 60 | E43: 10,4 | F43: 11.3.03.14-0002 | G43: Заглушка торцевая для пластикового плинтуса левая, высота 49 мм | H43: 100 шт. | I43: =I39*J43 -> 0.12 | J43: 0.080509896 | O43: =ROUND(CP43,2) -> 72.6 | P43: =ROUND(CQ43*I43,2) -> 72.6 | Q43: =ROUND(CR43*I43,2) -> 0 | R43: =ROUND(CS43*I43,2) -> 0 | S43: =ROUND(CT43*I43,2) -> 0 | T43: =ROUND(CU43*I43,2) -> 0 | U43: =CV43*I43 -> 0 | V43: =CW43*I43 -> 0 | W43: =ROUND(CX43*I43,2) -> 0 | X43: =ROUND(CY43,2) -> 0 | Y43: =ROUND(CZ43,2) -> 0 | AA43: 39076825 | AB43: =ROUND((AC43+AD43+AF43),2) -> 101 | AC43: =ROUND((ES43),2) -> 101 | AD43: =ROUND((((ET43)-(EU43))+AE43),2) -> 0 | AE43: =ROUND((EU43),2) -> 0 | AF43: =ROUND((EV43),2) -> 0 | AG43: =ROUND((AP43),2) -> 0 | AH43: =(EW43) -> 0 | AI43: =(EX43) -> 0 | AJ43: =ROUND((AS43),2) -> 0 | AK43: 101 | AL43: 101 | AM43: 0 | AN43: 0 | AO43: 0 | AP43: 0 | AQ43: 0 | AR43: 0 | AS43: 0 | AT43: 111 | AU43: 64 | AV43: 1 | AW43: 1 | AZ43: 5.99 | BA43: 1 | BB43: 1 | BC43: 5.99 | BH43: 3 | BI43: 1 | BJ43: ФССЦ-2001, 11.3.03.14-0002, приказ Минстроя России №1039/пр от 30.12.2016г. | BM43: 11001 | BN43: 0 | BP43: 0 | BQ43: 2 | BR43: 0 | BS43: 1 | BT43: 1 | BU43: 1 | BV43: 1 | BW43: 1 | BX43: 1 | BZ43: 123 | CA43: 75 | CF43: 0 | CG43: 0 | CM43: 0 | CO43: 0 | CP43: =(P43+Q43+S43) -> 72.6 | CQ43: =AC43*BC43 -> 604.99 | CR43: =AD43*BB43 -> 0 | CS43: =AE43*BS43 -> 0 | CT43: =AF43*BA43 -> 0 | CU43: =AG43 -> 0 | CV43: =AH43 -> 0 | CW43: =AI43 -> 0 | CX43: =AJ43 -> 0 | CY43: =(((S43+R43)*AT43)/100) -> 0 | CZ43: =(((S43+R43)*AU43)/100) -> 0 | DN43: 0 | DO43: 0 | DP43: 1 | DQ43: 1 | DU43: 1010 | DV43: 100 шт. | DW43: 100 шт. | DX43: 100 | EE43: 39174504 | EF43: 2 | EG43: Общестроительные работы | EH43: 0 | EJ43: 1 | EK43: 11001 | EL43: Полы | EM43: ФЕР-11 | EQ43: 0 | ER43: 101 | ES43: 101 | ET43: 0 | EU43: 0 | EV43: 0 | EW43: 0 | EX43: 0 | FQ43: 0 | FR43: =ROUND(IF(AND(BH43=3,BI43=3),P43,0),2) -> 0 | FS43: 0 | FT43: *0,9 | FU43: *0,85 | FX43: 110.7 | FY43: 63.75 | GD43: 0 | GF43: 766681708 | GG43: 1 | GH43: 1 | GI43: 4 | GJ43: 0 | GK43: =ROUND(R43*(R12)/100,2) -> 0 | GL43: =ROUND(IF(AND(BH43=3,BI43=3,FS43<>0),P43,0),2) -> 0 | GM43: =ROUND(O43+X43+Y43+GK43,2)+GX43 -> 72.6 | GN43: =IF(OR(BI43=0,BI43=1),ROUND(O43+X43+Y43+GK43,2),0) -> 72.6 | GO43: =IF(BI43=2,ROUND(O43+X43+Y43+GK43,2),0) -> 0 | GP43: =IF(BI43=4,ROUND(O43+X43+Y43+GK43,2)+GX43,0) -> 0 | GR43: 0 | GS43: 3 | GT43: 0 | GV43: =ROUND(GT43,2) -> 0 | GW43: 1 | GX43: =ROUND(GV43*GW43*I43,2) -> 0 | HA43: 0 | HB43: 0 | IK43: 0
A44: 18 | B44: 1 | C44: 61 | E44: 10,5 | F44: 11.3.03.14-0012 | G44: Заглушки торцевая для пластикового плинтуса правая, высота 49 мм | H44: 100 шт. | I44: =I39*J44 -> 0.12 | J44: 0.080509896 | O44: =ROUND(CP44,2) -> 72.6 | P44: =ROUND(CQ44*I44,2) -> 72.6 | Q44: =ROUND(CR44*I44,2) -> 0 | R44: =ROUND(CS44*I44,2) -> 0 | S44: =ROUND(CT44*I44,2) -> 0 | T44: =ROUND(CU44*I44,2) -> 0 | U44: =CV44*I44 -> 0 | V44: =CW44*I44 -> 0 | W44: =ROUND(CX44*I44,2) -> 0 | X44: =ROUND(CY44,2) -> 0 | Y44: =ROUND(CZ44,2) -> 0 | AA44: 39076825 | AB44: =ROUND((AC44+AD44+AF44),2) -> 101 | AC44: =ROUND((ES44),2) -> 101 | AD44: =ROUND((((ET44)-(EU44))+AE44),2) -> 0 | AE44: =ROUND((EU44),2) -> 0 | AF44: =ROUND((EV44),2) -> 0 | AG44: =ROUND((AP44),2) -> 0 | AH44: =(EW44) -> 0 | AI44: =(EX44) -> 0 | AJ44: =ROUND((AS44),2) -> 0 | AK44: 101 | AL44: 101 | AM44: 0 | AN44: 0 | AO44: 0 | AP44: 0 | AQ44: 0 | AR44: 0 | AS44: 0 | AT44: 111 | AU44: 64 | AV44: 1 | AW44: 1 | AZ44: 5.99 | BA44: 1 | BB44: 1 | BC44: 5.99 | BH44: 3 | BI44: 1 | BJ44: ФССЦ-2001, 11.3.03.14-0012, приказ Минстроя России №1039/пр от 30.12.2016г. | BM44: 11001 | BN44: 0 | BP44: 0 | BQ44: 2 | BR44: 0 | BS44: 1 | BT44: 1 | BU44: 1 | BV44: 1 | BW44: 1 | BX44: 1 | BZ44: 123 | CA44: 75 | CF44: 0 | CG44: 0 | CM44: 0 | CO44: 0 | CP44: =(P44+Q44+S44) -> 72.6 | CQ44: =AC44*BC44 -> 604.99 | CR44: =AD44*BB44 -> 0 | CS44: =AE44*BS44 -> 0 | CT44: =AF44*BA44 -> 0 | CU44: =AG44 -> 0 | CV44: =AH44 -> 0 | CW44: =AI44 -> 0 | CX44: =AJ44 -> 0 | CY44: =(((S44+R44)*AT44)/100) -> 0 | CZ44: =(((S44+R44)*AU44)/100) -> 0 | DN44: 0 | DO44: 0 | DP44: 1 | DQ44: 1 | DU44: 1010 | DV44: 100 шт. | DW44: 100 шт. | DX44: 100 | EE44: 39174504 | EF44: 2 | EG44: Общестроительные работы | EH44: 0 | EJ44: 1 | EK44: 11001 | EL44: Полы | EM44: ФЕР-11 | EQ44: 0 | ER44: 101 | ES44: 101 | ET44: 0 | EU44: 0 | EV44: 0 | EW44: 0 | EX44: 0 | FQ44: 0 | FR44: =ROUND(IF(AND(BH44=3,BI44=3),P44,0),2) -> 0 | FS44: 0 | FT44: *0,9 | FU44: *0,85 | FX44: 110.7 | FY44: 63.75 | GD44: 0 | GF44: 191136453 | GG44: 1 | GH44: 1 | GI44: 4 | GJ44: 0 | GK44: =ROUND(R44*(R12)/100,2) -> 0 | GL44: =ROUND(IF(AND(BH44=3,BI44=3,FS44<>0),P44,0),2) -> 0 | GM44: =ROUND(O44+X44+Y44+GK44,2)+GX44 -> 72.6 | GN44: =IF(OR(BI44=0,BI44=1),ROUND(O44+X44+Y44+GK44,2),0) -> 72.6 | GO44: =IF(BI44=2,ROUND(O44+X44+Y44+GK44,2),0) -> 0 | GP44: =IF(BI44=4,ROUND(O44+X44+Y44+GK44,2)+GX44,0) -> 0 | GR44: 0 | GS44: 3 | GT44: 0 | GV44: =ROUND(GT44,2) -> 0 | GW44: 1 | GX44: =ROUND(GV44*GW44*I44,2) -> 0 | HA44: 0 | HB44: 0 | IK44: 0
A45: 18 | B45: 1 | C45: 54 | E45: 10,6 | F45: 11.3.03.06-0001 | G45: Плинтуса для полов пластиковые, 19х48 мм | H45: м | I45: =I39*J45 -> 150.5405 | J45: 101 | O45: =ROUND(CP45,2) -> 11091.37 | P45: =ROUND(CQ45*I45,2) -> 11091.37 | Q45: =ROUND(CR45*I45,2) -> 0 | R45: =ROUND(CS45*I45,2) -> 0 | S45: =ROUND(CT45*I45,2) -> 0 | T45: =ROUND(CU45*I45,2) -> 0 | U45: =CV45*I45 -> 0 | V45: =CW45*I45 -> 0 | W45: =ROUND(CX45*I45,2) -> 0 | X45: =ROUND(CY45,2) -> 0 | Y45: =ROUND(CZ45,2) -> 0 | AA45: 39076825 | AB45: =ROUND((AC45+AD45+AF45),2) -> 12.3 | AC45: =ROUND((ES45),2) -> 12.3 | AD45: =ROUND((((ET45)-(EU45))+AE45),2) -> 0 | AE45: =ROUND((EU45),2) -> 0 | AF45: =ROUND((EV45),2) -> 0 | AG45: =ROUND((AP45),2) -> 0 | AH45: =(EW45) -> 0 | AI45: =(EX45) -> 0 | AJ45: =ROUND((AS45),2) -> 0 | AK45: 12.3 | AL45: 12.3 | AM45: 0 | AN45: 0 | AO45: 0 | AP45: 0 | AQ45: 0 | AR45: 0 | AS45: 0 | AT45: 111 | AU45: 64 | AV45: 1 | AW45: 1 | AZ45: 5.99 | BA45: 1 | BB45: 1 | BC45: 5.99 | BH45: 3 | BI45: 1 | BJ45: ФССЦ-2001, 11.3.03.06-0001, приказ Минстроя России №1039/пр от 30.12.2016г. | BM45: 11001 | BN45: 0 | BP45: 0 | BQ45: 2 | BR45: 0 | BS45: 1 | BT45: 1 | BU45: 1 | BV45: 1 | BW45: 1 | BX45: 1 | BZ45: 123 | CA45: 75 | CF45: 0 | CG45: 0 | CM45: 0 | CO45: 0 | CP45: =(P45+Q45+S45) -> 11091.37 | CQ45: =AC45*BC45 -> 73.677 | CR45: =AD45*BB45 -> 0 | CS45: =AE45*BS45 -> 0 | CT45: =AF45*BA45 -> 0 | CU45: =AG45 -> 0 | CV45: =AH45 -> 0 | CW45: =AI45 -> 0 | CX45: =AJ45 -> 0 | CY45: =(((S45+R45)*AT45)/100) -> 0 | CZ45: =(((S45+R45)*AU45)/100) -> 0 | DN45: 0 | DO45: 0 | DP45: 1 | DQ45: 1 | DU45: 1003 | DV45: м | DW45: м | DX45: 1 | EE45: 39174504 | EF45: 2 | EG45: Общестроительные работы | EH45: 0 | EJ45: 1 | EK45: 11001 | EL45: Полы | EM45: ФЕР-11 | EQ45: 0 | ER45: 12.3 | ES45: 12.3 | ET45: 0 | EU45: 0 | EV45: 0 | EW45: 0 | EX45: 0 | FQ45: 0 | FR45: =ROUND(IF(AND(BH45=3,BI45=3),P45,0),2) -> 0 | FS45: 0 | FT45: *0,9 | FU45: *0,85 | FX45: 110.7 | FY45: 63.75 | GD45: 0 | GF45: 26470480 | GG45: 1 | GH45: 1 | GI45: 4 | GJ45: 0 | GK45: =ROUND(R45*(R12)/100,2) -> 0 | GL45: =ROUND(IF(AND(BH45=3,BI45=3,FS45<>0),P45,0),2) -> 0 | GM45: =ROUND(O45+X45+Y45+GK45,2)+GX45 -> 11091.37 | GN45: =IF(OR(BI45=0,BI45=1),ROUND(O45+X45+Y45+GK45,2),0) -> 11091.37 | GO45: =IF(BI45=2,ROUND(O45+X45+Y45+GK45,2),0) -> 0 | GP45: =IF(BI45=4,ROUND(O45+X45+Y45+GK45,2)+GX45,0) -> 0 | GR45: 0 | GS45: 3 | GT45: 0 | GV45: =ROUND(GT45,2) -> 0 | GW45: 1 | GX45: =ROUND(GV45*GW45*I45,2) -> 0 | HA45: 0 | HB45: 0 | IK45: 0
A46: 18 | B46: 1 | C46: 53 | E46: 10,7 | F46: 11.3.03.06 | G46: Плинтуса для полов пластиковые | H46: м | I46: =I39*J46 -> 150.5405 | J46: 101 | O46: =ROUND(CP46,2) -> 0 | P46: =ROUND(CQ46*I46,2) -> 0 | Q46: =ROUND(CR46*I46,2) -> 0 | R46: =ROUND(CS46*I46,2) -> 0 | S46: =ROUND(CT46*I46,2) -> 0 | T46: =ROUND(CU46*I46,2) -> 0 | U46: =CV46*I46 -> 0 | V46: =CW46*I46 -> 0 | W46: =ROUND(CX46*I46,2) -> 0 | X46: =ROUND(CY46,2) -> 0 | Y46: =ROUND(CZ46,2) -> 0 | AA46: 39076825 | AB46: =ROUND((AC46+AD46+AF46),2) -> 0 | AC46: =ROUND((ES46),2) -> 0 | AD46: =ROUND((((ET46)-(EU46))+AE46),2) -> 0 | AE46: =ROUND((EU46),2) -> 0 | AF46: =ROUND((EV46),2) -> 0 | AG46: =ROUND((AP46),2) -> 0 | AH46: =(EW46) -> 0 | AI46: =(EX46) -> 0 | AJ46: =ROUND((AS46),2) -> 0 | AK46: 0 | AL46: 0 | AM46: 0 | AN46: 0 | AO46: 0 | AP46: 0 | AQ46: 0 | AR46: 0 | AS46: 0 | AT46: 111 | AU46: 64 | AV46: 1 | AW46: 1 | AZ46: 5.99 | BA46: 1 | BB46: 1 | BC46: 5.99 | BH46: 3 | BI46: 1 | BM46: 11001 | BN46: 0 | BP46: 0 | BQ46: 2 | BR46: 0 | BS46: 1 | BT46: 1 | BU46: 1 | BV46: 1 | BW46: 1 | BX46: 1 | BZ46: 123 | CA46: 75 | CF46: 0 | CG46: 0 | CM46: 0 | CO46: 0 | CP46: =(P46+Q46+S46) -> 0 | CQ46: =AC46*BC46 -> 0 | CR46: =AD46*BB46 -> 0 | CS46: =AE46*BS46 -> 0 | CT46: =AF46*BA46 -> 0 | CU46: =AG46 -> 0 | CV46: =AH46 -> 0 | CW46: =AI46 -> 0 | CX46: =AJ46 -> 0 | CY46: =(((S46+R46)*AT46)/100) -> 0 | CZ46: =(((S46+R46)*AU46)/100) -> 0 | DN46: 0 | DO46: 0 | DP46: 1 | DQ46: 1 | DU46: 1003 | DV46: м | DW46: м | DX46: 1 | EE46: 39174504 | EF46: 2 | EG46: Общестроительные работы | EH46: 0 | EJ46: 1 | EK46: 11001 | EL46: Полы | EM46: ФЕР-11 | EQ46: 0 | ER46: 0 | ES46: 0 | ET46: 0 | EU46: 0 | EV46: 0 | EW46: 0 | EX46: 0 | FQ46: 0 | FR46: =ROUND(IF(AND(BH46=3,BI46=3),P46,0),2) -> 0 | FS46: 0 | FT46: *0,9 | FU46: *0,85 | FX46: 110.7 | FY46: 63.75 | GA46: занесена вручную | GD46: 0 | GF46: -2049262376 | GG46: 1 | GH46: 1 | GI46: 4 | GJ46: 0 | GK46: =ROUND(R46*(R12)/100,2) -> 0 | GL46: =ROUND(IF(AND(BH46=3,BI46=3,FS46<>0),P46,0),2) -> 0 | GM46: =ROUND(O46+X46+Y46+GK46,2)+GX46 -> 0 | GN46: =IF(OR(BI46=0,BI46=1),ROUND(O46+X46+Y46+GK46,2),0) -> 0 | GO46: =IF(BI46=2,ROUND(O46+X46+Y46+GK46,2),0) -> 0 | GP46: =IF(BI46=4,ROUND(O46+X46+Y46+GK46,2)+GX46,0) -> 0 | GR46: 0 | GS46: 4 | GT46: 0 | GV46: =ROUND(GT46,2) -> 0 | GW46: 1 | GX46: =ROUND(GV46*GW46*I46,2) -> 0 | HA46: 0 | HB46: 0 | IK46: 0
A47: 18 | B47: 1 | C47: 55 | E47: 10,8 | F47: 11.3.03.14 | G47: Уголок наружный для пластикового плинтуса | H47: шт. | I47: =I39*J47 -> 10 | J47: 6.709158 | O47: =ROUND(CP47,2) -> 0 | P47: =ROUND(CQ47*I47,2) -> 0 | Q47: =ROUND(CR47*I47,2) -> 0 | R47: =ROUND(CS47*I47,2) -> 0 | S47: =ROUND(CT47*I47,2) -> 0 | T47: =ROUND(CU47*I47,2) -> 0 | U47: =CV47*I47 -> 0 | V47: =CW47*I47 -> 0 | W47: =ROUND(CX47*I47,2) -> 0 | X47: =ROUND(CY47,2) -> 0 | Y47: =ROUND(CZ47,2) -> 0 | AA47: 39076825 | AB47: =ROUND((AC47+AD47+AF47),2) -> 0 | AC47: =ROUND((ES47),2) -> 0 | AD47: =ROUND((((ET47)-(EU47))+AE47),2) -> 0 | AE47: =ROUND((EU47),2) -> 0 | AF47: =ROUND((EV47),2) -> 0 | AG47: =ROUND((AP47),2) -> 0 | AH47: =(EW47) -> 0 | AI47: =(EX47) -> 0 | AJ47: =ROUND((AS47),2) -> 0 | AK47: 0 | AL47: 0 | AM47: 0 | AN47: 0 | AO47: 0 | AP47: 0 | AQ47: 0 | AR47: 0 | AS47: 0 | AT47: 111 | AU47: 64 | AV47: 1 | AW47: 1 | AZ47: 5.99 | BA47: 1 | BB47: 1 | BC47: 5.99 | BH47: 3 | BI47: 1 | BM47: 11001 | BN47: 0 | BP47: 0 | BQ47: 2 | BR47: 0 | BS47: 1 | BT47: 1 | BU47: 1 | BV47: 1 | BW47: 1 | BX47: 1 | BZ47: 123 | CA47: 75 | CF47: 0 | CG47: 0 | CM47: 0 | CO47: 0 | CP47: =(P47+Q47+S47) -> 0 | CQ47: =AC47*BC47 -> 0 | CR47: =AD47*BB47 -> 0 | CS47: =AE47*BS47 -> 0 | CT47: =AF47*BA47 -> 0 | CU47: =AG47 -> 0 | CV47: =AH47 -> 0 | CW47: =AI47 -> 0 | CX47: =AJ47 -> 0 | CY47: =(((S47+R47)*AT47)/100) -> 0 | CZ47: =(((S47+R47)*AU47)/100) -> 0 | DN47: 0 | DO47: 0 | DP47: 1 | DQ47: 1 | DU47: 1010 | DV47: шт. | DW47: шт. | DX47: 1 | EE47: 39174504 | EF47: 2 | EG47: Общестроительные работы | EH47: 0 | EJ47: 1 | EK47: 11001 | EL47: Полы | EM47: ФЕР-11 | EQ47: 0 | ER47: 0 | ES47: 0 | ET47: 0 | EU47: 0 | EV47: 0 | EW47: 0 | EX47: 0 | FQ47: 0 | FR47: =ROUND(IF(AND(BH47=3,BI47=3),P47,0),2) -> 0 | FS47: 0 | FT47: *0,9 | FU47: *0,85 | FX47: 110.7 | FY47: 63.75 | GA47: занесена вручную | GD47: 0 | GF47: 457303772 | GG47: 1 | GH47: 1 | GI47: 4 | GJ47: 0 | GK47: =ROUND(R47*(R12)/100,2) -> 0 | GL47: =ROUND(IF(AND(BH47=3,BI47=3,FS47<>0),P47,0),2) -> 0 | GM47: =ROUND(O47+X47+Y47+GK47,2)+GX47 -> 0 | GN47: =IF(OR(BI47=0,BI47=1),ROUND(O47+X47+Y47+GK47,2),0) -> 0 | GO47: =IF(BI47=2,ROUND(O47+X47+Y47+GK47,2),0) -> 0 | GP47: =IF(BI47=4,ROUND(O47+X47+Y47+GK47,2)+GX47,0) -> 0 | GR47: 0 | GS47: 4 | GT47: 0 | GV47: =ROUND(GT47,2) -> 0 | GW47: 1 | GX47: =ROUND(GV47*GW47*I47,2) -> 0 | HA47: 0 | HB47: 0 | IK47: 0
A48: 18 | B48: 1 | C48: 56 | E48: 10,9 | F48: 11.3.03.14 | G48: Уголок внутренний для пластикового плинтуса | H48: шт. | I48: =I39*J48 -> 10 | J48: 6.709158 | O48: =ROUND(CP48,2) -> 0 | P48: =ROUND(CQ48*I48,2) -> 0 | Q48: =ROUND(CR48*I48,2) -> 0 | R48: =ROUND(CS48*I48,2) -> 0 | S48: =ROUND(CT48*I48,2) -> 0 | T48: =ROUND(CU48*I48,2) -> 0 | U48: =CV48*I48 -> 0 | V48: =CW48*I48 -> 0 | W48: =ROUND(CX48*I48,2) -> 0 | X48: =ROUND(CY48,2) -> 0 | Y48: =ROUND(CZ48,2) -> 0 | AA48: 39076825 | AB48: =ROUND((AC48+AD48+AF48),2) -> 0 | AC48: =ROUND((ES48),2) -> 0 | AD48: =ROUND((((ET48)-(EU48))+AE48),2) -> 0 | AE48: =ROUND((EU48),2) -> 0 | AF48: =ROUND((EV48),2) -> 0 | AG48: =ROUND((AP48),2) -> 0 | AH48: =(EW48) -> 0 | AI48: =(EX48) -> 0 | AJ48: =ROUND((AS48),2) -> 0 | AK48: 0 | AL48: 0 | AM48: 0 | AN48: 0 | AO48: 0 | AP48: 0 | AQ48: 0 | AR48: 0 | AS48: 0 | AT48: 111 | AU48: 64 | AV48: 1 | AW48: 1 | AZ48: 5.99 | BA48: 1 | BB48: 1 | BC48: 5.99 | BH48: 3 | BI48: 1 | BM48: 11001 | BN48: 0 | BP48: 0 | BQ48: 2 | BR48: 0 | BS48: 1 | BT48: 1 | BU48: 1 | BV48: 1 | BW48: 1 | BX48: 1 | BZ48: 123 | CA48: 75 | CF48: 0 | CG48: 0 | CM48: 0 | CO48: 0 | CP48: =(P48+Q48+S48) -> 0 | CQ48: =AC48*BC48 -> 0 | CR48: =AD48*BB48 -> 0 | CS48: =AE48*BS48 -> 0 | CT48: =AF48*BA48 -> 0 | CU48: =AG48 -> 0 | CV48: =AH48 -> 0 | CW48: =AI48 -> 0 | CX48: =AJ48 -> 0 | CY48: =(((S48+R48)*AT48)/100) -> 0 | CZ48: =(((S48+R48)*AU48)/100) -> 0 | DN48: 0 | DO48: 0 | DP48: 1 | DQ48: 1 | DU48: 1010 | DV48: шт. | DW48: шт. | DX48: 1 | EE48: 39174504 | EF48: 2 | EG48: Общестроительные работы | EH48: 0 | EJ48: 1 | EK48: 11001 | EL48: Полы | EM48: ФЕР-11 | EQ48: 0 | ER48: 0 | ES48: 0 | ET48: 0 | EU48: 0 | EV48: 0 | EW48: 0 | EX48: 0 | FQ48: 0 | FR48: =ROUND(IF(AND(BH48=3,BI48=3),P48,0),2) -> 0 | FS48: 0 | FT48: *0,9 | FU48: *0,85 | FX48: 110.7 | FY48: 63.75 | GA48: занесена вручную | GD48: 0 | GF48: 119324816 | GG48: 1 | GH48: 1 | GI48: 4 | GJ48: 0 | GK48: =ROUND(R48*(R12)/100,2) -> 0 | GL48: =ROUND(IF(AND(BH48=3,BI48=3,FS48<>0),P48,0),2) -> 0 | GM48: =ROUND(O48+X48+Y48+GK48,2)+GX48 -> 0 | GN48: =IF(OR(BI48=0,BI48=1),ROUND(O48+X48+Y48+GK48,2),0) -> 0 | GO48: =IF(BI48=2,ROUND(O48+X48+Y48+GK48,2),0) -> 0 | GP48: =IF(BI48=4,ROUND(O48+X48+Y48+GK48,2)+GX48,0) -> 0 | GR48: 0 | GS48: 4 | GT48: 0 | GV48: =ROUND(GT48,2) -> 0 | GW48: 1 | GX48: =ROUND(GV48*GW48*I48,2) -> 0 | HA48: 0 | HB48: 0 | IK48: 0
A49: 18 | B49: 1 | C49: 57 | E49: 10,10 | F49: 11.3.03.14 | G49: Соединитель для пластикового плинтуса | H49: шт. | I49: =I39*J49 -> 60 | J49: 40.254948 | O49: =ROUND(CP49,2) -> 0 | P49: =ROUND(CQ49*I49,2) -> 0 | Q49: =ROUND(CR49*I49,2) -> 0 | R49: =ROUND(CS49*I49,2) -> 0 | S49: =ROUND(CT49*I49,2) -> 0 | T49: =ROUND(CU49*I49,2) -> 0 | U49: =CV49*I49 -> 0 | V49: =CW49*I49 -> 0 | W49: =ROUND(CX49*I49,2) -> 0 | X49: =ROUND(CY49,2) -> 0 | Y49: =ROUND(CZ49,2) -> 0 | AA49: 39076825 | AB49: =ROUND((AC49+AD49+AF49),2) -> 0 | AC49: =ROUND((ES49),2) -> 0 | AD49: =ROUND((((ET49)-(EU49))+AE49),2) -> 0 | AE49: =ROUND((EU49),2) -> 0 | AF49: =ROUND((EV49),2) -> 0 | AG49: =ROUND((AP49),2) -> 0 | AH49: =(EW49) -> 0 | AI49: =(EX49) -> 0 | AJ49: =ROUND((AS49),2) -> 0 | AK49: 0 | AL49: 0 | AM49: 0 | AN49: 0 | AO49: 0 | AP49: 0 | AQ49: 0 | AR49: 0 | AS49: 0 | AT49: 111 | AU49: 64 | AV49: 1 | AW49: 1 | AZ49: 5.99 | BA49: 1 | BB49: 1 | BC49: 5.99 | BH49: 3 | BI49: 1 | BM49: 11001 | BN49: 0 | BP49: 0 | BQ49: 2 | BR49: 0 | BS49: 1 | BT49: 1 | BU49: 1 | BV49: 1 | BW49: 1 | BX49: 1 | BZ49: 123 | CA49: 75 | CF49: 0 | CG49: 0 | CM49: 0 | CO49: 0 | CP49: =(P49+Q49+S49) -> 0 | CQ49: =AC49*BC49 -> 0 | CR49: =AD49*BB49 -> 0 | CS49: =AE49*BS49 -> 0 | CT49: =AF49*BA49 -> 0 | CU49: =AG49 -> 0 | CV49: =AH49 -> 0 | CW49: =AI49 -> 0 | CX49: =AJ49 -> 0 | CY49: =(((S49+R49)*AT49)/100) -> 0 | CZ49: =(((S49+R49)*AU49)/100) -> 0 | DN49: 0 | DO49: 0 | DP49: 1 | DQ49: 1 | DU49: 1010 | DV49: шт. | DW49: шт. | DX49: 1 | EE49: 39174504 | EF49: 2 | EG49: Общестроительные работы | EH49: 0 | EJ49: 1 | EK49: 11001 | EL49: Полы | EM49: ФЕР-11 | EQ49: 0 | ER49: 0 | ES49: 0 | ET49: 0 | EU49: 0 | EV49: 0 | EW49: 0 | EX49: 0 | FQ49: 0 | FR49: =ROUND(IF(AND(BH49=3,BI49=3),P49,0),2) -> 0 | FS49: 0 | FT49: *0,9 | FU49: *0,85 | FX49: 110.7 | FY49: 63.75 | GA49: занесена вручную | GD49: 0 | GF49: 2133044040 | GG49: 1 | GH49: 1 | GI49: 4 | GJ49: 0 | GK49: =ROUND(R49*(R12)/100,2) -> 0 | GL49: =ROUND(IF(AND(BH49=3,BI49=3,FS49<>0),P49,0),2) -> 0 | GM49: =ROUND(O49+X49+Y49+GK49,2)+GX49 -> 0 | GN49: =IF(OR(BI49=0,BI49=1),ROUND(O49+X49+Y49+GK49,2),0) -> 0 | GO49: =IF(BI49=2,ROUND(O49+X49+Y49+GK49,2),0) -> 0 | GP49: =IF(BI49=4,ROUND(O49+X49+Y49+GK49,2)+GX49,0) -> 0 | GR49: 0 | GS49: 4 | GT49: 0 | GV49: =ROUND(GT49,2) -> 0 | GW49: 1 | GX49: =ROUND(GV49*GW49*I49,2) -> 0 | HA49: 0 | HB49: 0 | IK49: 0
A50: 18 | B50: 1 | C50: 58 | E50: 10,11 | F50: 11.3.03.14 | G50: Заглушка торцевая для пластикового плинтуса левая | H50: шт. | I50: =I39*J50 -> 12 | J50: 8.0509896 | O50: =ROUND(CP50,2) -> 0 | P50: =ROUND(CQ50*I50,2) -> 0 | Q50: =ROUND(CR50*I50,2) -> 0 | R50: =ROUND(CS50*I50,2) -> 0 | S50: =ROUND(CT50*I50,2) -> 0 | T50: =ROUND(CU50*I50,2) -> 0 | U50: =CV50*I50 -> 0 | V50: =CW50*I50 -> 0 | W50: =ROUND(CX50*I50,2) -> 0 | X50: =ROUND(CY50,2) -> 0 | Y50: =ROUND(CZ50,2) -> 0 | AA50: 39076825 | AB50: =ROUND((AC50+AD50+AF50),2) -> 0 | AC50: =ROUND((ES50),2) -> 0 | AD50: =ROUND((((ET50)-(EU50))+AE50),2) -> 0 | AE50: =ROUND((EU50),2) -> 0 | AF50: =ROUND((EV50),2) -> 0 | AG50: =ROUND((AP50),2) -> 0 | AH50: =(EW50) -> 0 | AI50: =(EX50) -> 0 | AJ50: =ROUND((AS50),2) -> 0 | AK50: 0 | AL50: 0 | AM50: 0 | AN50: 0 | AO50: 0 | AP50: 0 | AQ50: 0 | AR50: 0 | AS50: 0 | AT50: 111 | AU50: 64 | AV50: 1 | AW50: 1 | AZ50: 5.99 | BA50: 1 | BB50: 1 | BC50: 5.99 | BH50: 3 | BI50: 1 | BM50: 11001 | BN50: 0 | BP50: 0 | BQ50: 2 | BR50: 0 | BS50: 1 | BT50: 1 | BU50: 1 | BV50: 1 | BW50: 1 | BX50: 1 | BZ50: 123 | CA50: 75 | CF50: 0 | CG50: 0 | CM50: 0 | CO50: 0 | CP50: =(P50+Q50+S50) -> 0 | CQ50: =AC50*BC50 -> 0 | CR50: =AD50*BB50 -> 0 | CS50: =AE50*BS50 -> 0 | CT50: =AF50*BA50 -> 0 | CU50: =AG50 -> 0 | CV50: =AH50 -> 0 | CW50: =AI50 -> 0 | CX50: =AJ50 -> 0 | CY50: =(((S50+R50)*AT50)/100) -> 0 | CZ50: =(((S50+R50)*AU50)/100) -> 0 | DN50: 0 | DO50: 0 | DP50: 1 | DQ50: 1 | DU50: 1010 | DV50: шт. | DW50: шт. | DX50: 1 | EE50: 39174504 | EF50: 2 | EG50: Общестроительные работы | EH50: 0 | EJ50: 1 | EK50: 11001 | EL50: Полы | EM50: ФЕР-11 | EQ50: 0 | ER50: 0 | ES50: 0 | ET50: 0 | EU50: 0 | EV50: 0 | EW50: 0 | EX50: 0 | FQ50: 0 | FR50: =ROUND(IF(AND(BH50=3,BI50=3),P50,0),2) -> 0 | FS50: 0 | FT50: *0,9 | FU50: *0,85 | FX50: 110.7 | FY50: 63.75 | GA50: занесена вручную | GD50: 0 | GF50: 1953413105 | GG50: 1 | GH50: 1 | GI50: 4 | GJ50: 0 | GK50: =ROUND(R50*(R12)/100,2) -> 0 | GL50: =ROUND(IF(AND(BH50=3,BI50=3,FS50<>0),P50,0),2) -> 0 | GM50: =ROUND(O50+X50+Y50+GK50,2)+GX50 -> 0 | GN50: =IF(OR(BI50=0,BI50=1),ROUND(O50+X50+Y50+GK50,2),0) -> 0 | GO50: =IF(BI50=2,ROUND(O50+X50+Y50+GK50,2),0) -> 0 | GP50: =IF(BI50=4,ROUND(O50+X50+Y50+GK50,2)+GX50,0) -> 0 | GR50: 0 | GS50: 4 | GT50: 0 | GV50: =ROUND(GT50,2) -> 0 | GW50: 1 | GX50: =ROUND(GV50*GW50*I50,2) -> 0 | HA50: 0 | HB50: 0 | IK50: 0
A51: 18 | B51: 1 | C51: 59 | E51: 10,12 | F51: 11.3.03.14 | G51: Заглушка торцевая для пластикового плинтуса правая | H51: шт. | I51: =I39*J51 -> 12 | J51: 8.0509896 | O51: =ROUND(CP51,2) -> 0 | P51: =ROUND(CQ51*I51,2) -> 0 | Q51: =ROUND(CR51*I51,2) -> 0 | R51: =ROUND(CS51*I51,2) -> 0 | S51: =ROUND(CT51*I51,2) -> 0 | T51: =ROUND(CU51*I51,2) -> 0 | U51: =CV51*I51 -> 0 | V51: =CW51*I51 -> 0 | W51: =ROUND(CX51*I51,2) -> 0 | X51: =ROUND(CY51,2) -> 0 | Y51: =ROUND(CZ51,2) -> 0 | AA51: 39076825 | AB51: =ROUND((AC51+AD51+AF51),2) -> 0 | AC51: =ROUND((ES51),2) -> 0 | AD51: =ROUND((((ET51)-(EU51))+AE51),2) -> 0 | AE51: =ROUND((EU51),2) -> 0 | AF51: =ROUND((EV51),2) -> 0 | AG51: =ROUND((AP51),2) -> 0 | AH51: =(EW51) -> 0 | AI51: =(EX51) -> 0 | AJ51: =ROUND((AS51),2) -> 0 | AK51: 0 | AL51: 0 | AM51: 0 | AN51: 0 | AO51: 0 | AP51: 0 | AQ51: 0 | AR51: 0 | AS51: 0 | AT51: 111 | AU51: 64 | AV51: 1 | AW51: 1 | AZ51: 5.99 | BA51: 1 | BB51: 1 | BC51: 5.99 | BH51: 3 | BI51: 1 | BM51: 11001 | BN51: 0 | BP51: 0 | BQ51: 2 | BR51: 0 | BS51: 1 | BT51: 1 | BU51: 1 | BV51: 1 | BW51: 1 | BX51: 1 | BZ51: 123 | CA51: 75 | CF51: 0 | CG51: 0 | CM51: 0 | CO51: 0 | CP51: =(P51+Q51+S51) -> 0 | CQ51: =AC51*BC51 -> 0 | CR51: =AD51*BB51 -> 0 | CS51: =AE51*BS51 -> 0 | CT51: =AF51*BA51 -> 0 | CU51: =AG51 -> 0 | CV51: =AH51 -> 0 | CW51: =AI51 -> 0 | CX51: =AJ51 -> 0 | CY51: =(((S51+R51)*AT51)/100) -> 0 | CZ51: =(((S51+R51)*AU51)/100) -> 0 | DN51: 0 | DO51: 0 | DP51: 1 | DQ51: 1 | DU51: 1010 | DV51: шт. | DW51: шт. | DX51: 1 | EE51: 39174504 | EF51: 2 | EG51: Общестроительные работы | EH51: 0 | EJ51: 1 | EK51: 11001 | EL51: Полы | EM51: ФЕР-11 | EQ51: 0 | ER51: 0 | ES51: 0 | ET51: 0 | EU51: 0 | EV51: 0 | EW51: 0 | EX51: 0 | FQ51: 0 | FR51: =ROUND(IF(AND(BH51=3,BI51=3),P51,0),2) -> 0 | FS51: 0 | FT51: *0,9 | FU51: *0,85 | FX51: 110.7 | FY51: 63.75 | GA51: занесена вручную | GD51: 0 | GF51: -333106949 | GG51: 1 | GH51: 1 | GI51: 4 | GJ51: 0 | GK51: =ROUND(R51*(R12)/100,2) -> 0 | GL51: =ROUND(IF(AND(BH51=3,BI51=3,FS51<>0),P51,0),2) -> 0 | GM51: =ROUND(O51+X51+Y51+GK51,2)+GX51 -> 0 | GN51: =IF(OR(BI51=0,BI51=1),ROUND(O51+X51+Y51+GK51,2),0) -> 0 | GO51: =IF(BI51=2,ROUND(O51+X51+Y51+GK51,2),0) -> 0 | GP51: =IF(BI51=4,ROUND(O51+X51+Y51+GK51,2)+GX51,0) -> 0 | GR51: 0 | GS51: 4 | GT51: 0 | GV51: =ROUND(GT51,2) -> 0 | GW51: 1 | GX51: =ROUND(GV51*GW51*I51,2) -> 0 | HA51: 0 | HB51: 0 | IK51: 0
A52: 17 | B52: 1 | C52: =ROW(SmtRes!A77) -> 77 | D52: =ROW(EtalonRes!A76) -> 76 | E52: 11 | F52: 62-17-3 | G52: Окрашивание водоэмульсионными составами поверхностей потолков, ранее окрашенных водоэмульсионной краской, с расчисткой старой краски до 35% | H52: 100 м2 | I52: 3.5378 | J52: 0 | O52: =ROUND(CP52,2) -> 16317.18 | P52: =ROUND(CQ52*I52,2) -> 9530.21 | Q52: =ROUND(CR52*I52,2) -> 149.82 | R52: =ROUND(CS52*I52,2) -> 43.44 | S52: =ROUND(CT52*I52,2) -> 6637.15 | T52: =ROUND(CU52*I52,2) -> 0 | U52: =CV52*I52 -> 128.24525 | V52: =CW52*I52 -> 0.566048 | W52: =ROUND(CX52*I52,2) -> 0 | X52: =ROUND(CY52,2) -> 5344.47 | Y52: =ROUND(CZ52,2) -> 3340.3 | AA52: 39076825 | AB52: =ROUND((AC52+AD52+AF52),2) -> 769.99 | AC52: =ROUND((ES52),2) -> 449.72 | AD52: =ROUND((((ET52)-(EU52))+AE52),2) -> 7.07 | AE52: =ROUND((EU52),2) -> 2.05 | AF52: =ROUND((EV52),2) -> 313.2 | AG52: =ROUND((AP52),2) -> 0 | AH52: =(EW52) -> 36.25 | AI52: =(EX52) -> 0.16 | AJ52: =ROUND((AS52),2) -> 0 | AK52: 769.99 | AL52: 449.72 | AM52: 7.07 | AN52: 2.05 | AO52: 313.2 | AP52: 0 | AQ52: 36.25 | AR52: 0.16 | AS52: 0 | AT52: 80 | AU52: 50 | AV52: 1 | AW52: 1 | AZ52: 5.99 | BA52: 5.99 | BB52: 5.99 | BC52: 5.99 | BH52: 0 | BI52: 1 | BJ52: ФЕР-2001, 62-17-3, приказ Минстроя России №1039/пр от 30.12.2016г. | BM52: 62001 | BN52: 0 | BP52: 0 | BQ52: 6 | BR52: 0 | BS52: 5.99 | BT52: 1 | BU52: 1 | BV52: 1 | BW52: 1 | BX52: 1 | BZ52: 80 | CA52: 50 | CF52: 0 | CG52: 0 | CM52: 0 | CO52: 0 | CP52: =(P52+Q52+S52) -> 16317.18 | CQ52: =AC52*BC52 -> 2693.8228 | CR52: =AD52*BB52 -> 42.3493 | CS52: =AE52*BS52 -> 12.2795 | CT52: =AF52*BA52 -> 1876.068 | CU52: =AG52 -> 0 | CV52: =AH52 -> 36.25 | CW52: =AI52 -> 0.16 | CX52: =AJ52 -> 0 | CY52: =(((S52+R52)*AT52)/100) -> 5344.472 | CZ52: =(((S52+R52)*AU52)/100) -> 3340.295 | DN52: 0 | DO52: 0 | DP52: 1 | DQ52: 1 | DU52: 1005 | DV52: 100 м2 | DW52: 100 м2 | DX52: 100 | EE52: 39174587 | EF52: 6 | EG52: Ремонтно-строительные работы | EH52: 0 | EJ52: 1 | EK52: 62001 | EL52: Малярные работы | EM52: рФЕР-62 | EQ52: 0 | ER52: 769.99 | ES52: 449.72 | ET52: 7.07 | EU52: 2.05 | EV52: 313.2 | EW52: 36.25 | EX52: 0.16 | EY52: 0 | FQ52: 0 | FR52: =ROUND(IF(AND(BH52=3,BI52=3),P52,0),2) -> 0 | FS52: 0 | FX52: 80 | FY52: 50 | GD52: 0 | GF52: 1872133447 | GG52: 1 | GH52: 1 | GI52: 4 | GJ52: 0 | GK52: =ROUND(R52*(R12)/100,2) -> 0 | GL52: =ROUND(IF(AND(BH52=3,BI52=3,FS52<>0),P52,0),2) -> 0 | GM52: =ROUND(O52+X52+Y52+GK52,2)+GX52 -> 25001.95 | GN52: =IF(OR(BI52=0,BI52=1),ROUND(O52+X52+Y52+GK52,2),0) -> 25001.95 | GO52: =IF(BI52=2,ROUND(O52+X52+Y52+GK52,2),0) -> 0 | GP52: =IF(BI52=4,ROUND(O52+X52+Y52+GK52,2)+GX52,0) -> 0 | GR52: 0 | GS52: 3 | GT52: 0 | GV52: =ROUND(GT52,2) -> 0 | GW52: 1 | GX52: =ROUND(GV52*GW52*I52,2) -> 0 | HA52: 0 | HB52: 0 | IK52: 0
A53: 18 | B53: 1 | C53: 76 | E53: 11,1 | F53: 14.3.02.01-0224 | G53: Краска водоэмульсионная для внутренних работ ВАК-25 | H53: т | I53: =I52*J53 -> 0.237033 | J53: 0.067000113 | O53: =ROUND(CP53,2) -> 31924.34 | P53: =ROUND(CQ53*I53,2) -> 31924.34 | Q53: =ROUND(CR53*I53,2) -> 0 | R53: =ROUND(CS53*I53,2) -> 0 | S53: =ROUND(CT53*I53,2) -> 0 | T53: =ROUND(CU53*I53,2) -> 0 | U53: =CV53*I53 -> 0 | V53: =CW53*I53 -> 0 | W53: =ROUND(CX53*I53,2) -> 0 | X53: =ROUND(CY53,2) -> 0 | Y53: =ROUND(CZ53,2) -> 0 | AA53: 39076825 | AB53: =ROUND((AC53+AD53+AF53),2) -> 22484.66 | AC53: =ROUND((ES53),2) -> 22484.66 | AD53: =ROUND((((ET53)-(EU53))+AE53),2) -> 0 | AE53: =ROUND((EU53),2) -> 0 | AF53: =ROUND((EV53),2) -> 0 | AG53: =ROUND((AP53),2) -> 0 | AH53: =(EW53) -> 0 | AI53: =(EX53) -> 0 | AJ53: =ROUND((AS53),2) -> 0 | AK53: 22484.66 | AL53: 22484.66 | AM53: 0 | AN53: 0 | AO53: 0 | AP53: 0 | AQ53: 0 | AR53: 0 | AS53: 0 | AT53: 80 | AU53: 50 | AV53: 1 | AW53: 1 | AZ53: 5.99 | BA53: 1 | BB53: 1 | BC53: 5.99 | BH53: 3 | BI53: 1 | BJ53: ФССЦ-2001, 14.3.02.01-0224, приказ Минстроя России №1039/пр от 30.12.2016г. | BM53: 62001 | BN53: 0 | BP53: 0 | BQ53: 6 | BR53: 0 | BS53: 1 | BT53: 1 | BU53: 1 | BV53: 1 | BW53: 1 | BX53: 1 | BZ53: 80 | CA53: 50 | CF53: 0 | CG53: 0 | CM53: 0 | CO53: 0 | CP53: =(P53+Q53+S53) -> 31924.34 | CQ53: =AC53*BC53 -> 134683.11 | CR53: =AD53*BB53 -> 0 | CS53: =AE53*BS53 -> 0 | CT53: =AF53*BA53 -> 0 | CU53: =AG53 -> 0 | CV53: =AH53 -> 0 | CW53: =AI53 -> 0 | CX53: =AJ53 -> 0 | CY53: =(((S53+R53)*AT53)/100) -> 0 | CZ53: =(((S53+R53)*AU53)/100) -> 0 | DN53: 0 | DO53: 0 | DP53: 1 | DQ53: 1 | DU53: 1009 | DV53: т | DW53: т | DX53: 1000 | EE53: 39174587 | EF53: 6 | EG53: Ремонтно-строительные работы | EH53: 0 | EJ53: 1 | EK53: 62001 | EL53: Малярные работы | EM53: рФЕР-62 | EQ53: 0 | ER53: 22484.66 | ES53: 22484.66 | ET53: 0 | EU53: 0 | EV53: 0 | EW53: 0 | EX53: 0 | FQ53: 0 | FR53: =ROUND(IF(AND(BH53=3,BI53=3),P53,0),2) -> 0 | FS53: 0 | FX53: 80 | FY53: 50 | GD53: 0 | GF53: 960802034 | GG53: 1 | GH53: 1 | GI53: 4 | GJ53: 0 | GK53: =ROUND(R53*(R12)/100,2) -> 0 | GL53: =ROUND(IF(AND(BH53=3,BI53=3,FS53<>0),P53,0),2) -> 0 | GM53: =ROUND(O53+X53+Y53+GK53,2)+GX53 -> 31924.34 | GN53: =IF(OR(BI53=0,BI53=1),ROUND(O53+X53+Y53+GK53,2),0) -> 31924.34 | GO53: =IF(BI53=2,ROUND(O53+X53+Y53+GK53,2),0) -> 0 | GP53: =IF(BI53=4,ROUND(O53+X53+Y53+GK53,2)+GX53,0) -> 0 | GR53: 0 | GS53: 3 | GT53: 0 | GV53: =ROUND(GT53,2) -> 0 | GW53: 1 | GX53: =ROUND(GV53*GW53*I53,2) -> 0 | HA53: 0 | HB53: 0 | IK53: 0
A54: 18 | B54: 1 | C54: 75 | E54: 11,2 | F54: 14.3.02.01 | G54: Краска водоэмульсионная | H54: т | I54: =I52*J54 -> 0.237033 | J54: 0.067000113 | O54: =ROUND(CP54,2) -> 0 | P54: =ROUND(CQ54*I54,2) -> 0 | Q54: =ROUND(CR54*I54,2) -> 0 | R54: =ROUND(CS54*I54,2) -> 0 | S54: =ROUND(CT54*I54,2) -> 0 | T54: =ROUND(CU54*I54,2) -> 0 | U54: =CV54*I54 -> 0 | V54: =CW54*I54 -> 0 | W54: =ROUND(CX54*I54,2) -> 0 | X54: =ROUND(CY54,2) -> 0 | Y54: =ROUND(CZ54,2) -> 0 | AA54: 39076825 | AB54: =ROUND((AC54+AD54+AF54),2) -> 0 | AC54: =ROUND((ES54),2) -> 0 | AD54: =ROUND((((ET54)-(EU54))+AE54),2) -> 0 | AE54: =ROUND((EU54),2) -> 0 | AF54: =ROUND((EV54),2) -> 0 | AG54: =ROUND((AP54),2) -> 0 | AH54: =(EW54) -> 0 | AI54: =(EX54) -> 0 | AJ54: =ROUND((AS54),2) -> 0 | AK54: 0 | AL54: 0 | AM54: 0 | AN54: 0 | AO54: 0 | AP54: 0 | AQ54: 0 | AR54: 0 | AS54: 0 | AT54: 80 | AU54: 50 | AV54: 1 | AW54: 1 | AZ54: 5.99 | BA54: 1 | BB54: 1 | BC54: 5.99 | BH54: 3 | BI54: 1 | BM54: 62001 | BN54: 0 | BP54: 0 | BQ54: 6 | BR54: 0 | BS54: 1 | BT54: 1 | BU54: 1 | BV54: 1 | BW54: 1 | BX54: 1 | BZ54: 80 | CA54: 50 | CF54: 0 | CG54: 0 | CM54: 0 | CO54: 0 | CP54: =(P54+Q54+S54) -> 0 | CQ54: =AC54*BC54 -> 0 | CR54: =AD54*BB54 -> 0 | CS54: =AE54*BS54 -> 0 | CT54: =AF54*BA54 -> 0 | CU54: =AG54 -> 0 | CV54: =AH54 -> 0 | CW54: =AI54 -> 0 | CX54: =AJ54 -> 0 | CY54: =(((S54+R54)*AT54)/100) -> 0 | CZ54: =(((S54+R54)*AU54)/100) -> 0 | DN54: 0 | DO54: 0 | DP54: 1 | DQ54: 1 | DU54: 1009 | DV54: т | DW54: т | DX54: 1000 | EE54: 39174587 | EF54: 6 | EG54: Ремонтно-строительные работы | EH54: 0 | EJ54: 1 | EK54: 62001 | EL54: Малярные работы | EM54: рФЕР-62 | EQ54: 0 | ER54: 0 | ES54: 0 | ET54: 0 | EU54: 0 | EV54: 0 | EW54: 0 | EX54: 0 | FQ54: 0 | FR54: =ROUND(IF(AND(BH54=3,BI54=3),P54,0),2) -> 0 | FS54: 0 | FX54: 80 | FY54: 50 | GA54: занесена вручную | GD54: 0 | GF54: 1891904026 | GG54: 1 | GH54: 1 | GI54: 4 | GJ54: 0 | GK54: =ROUND(R54*(R12)/100,2) -> 0 | GL54: =ROUND(IF(AND(BH54=3,BI54=3,FS54<>0),P54,0),2) -> 0 | GM54: =ROUND(O54+X54+Y54+GK54,2)+GX54 -> 0 | GN54: =IF(OR(BI54=0,BI54=1),ROUND(O54+X54+Y54+GK54,2),0) -> 0 | GO54: =IF(BI54=2,ROUND(O54+X54+Y54+GK54,2),0) -> 0 | GP54: =IF(BI54=4,ROUND(O54+X54+Y54+GK54,2)+GX54,0) -> 0 | GR54: 0 | GS54: 4 | GT54: 0 | GV54: =ROUND(GT54,2) -> 0 | GW54: 1 | GX54: =ROUND(GV54*GW54*I54,2) -> 0 | HA54: 0 | HB54: 0 | IK54: 0
A55: 17 | B55: 1 | C55: =ROW(SmtRes!A90) -> 90 | D55: =ROW(EtalonRes!A88) -> 88 | E55: 12 | F55: 62-16-3 | G55: Окрашивание водоэмульсионными составами поверхностей стен, ранее окрашенных водоэмульсионной краской с расчисткой старой краски до 35% | H55: 100 м2 | I55: 1.064 | J55: 0 | O55: =ROUND(CP55,2) -> 4344.79 | P55: =ROUND(CQ55*I55,2) -> 2756.8 | Q55: =ROUND(CR55*I55,2) -> 45.06 | R55: =ROUND(CS55*I55,2) -> 13.07 | S55: =ROUND(CT55*I55,2) -> 1542.93 | T55: =ROUND(CU55*I55,2) -> 0 | U55: =CV55*I55 -> 29.81328 | V55: =CW55*I55 -> 0.17024 | W55: =ROUND(CX55*I55,2) -> 0 | X55: =ROUND(CY55,2) -> 1244.8 | Y55: =ROUND(CZ55,2) -> 778 | AA55: 39076825 | AB55: =ROUND((AC55+AD55+AF55),2) -> 681.71 | AC55: =ROUND((ES55),2) -> 432.55 | AD55: =ROUND((((ET55)-(EU55))+AE55),2) -> 7.07 | AE55: =ROUND((EU55),2) -> 2.05 | AF55: =ROUND((EV55),2) -> 242.09 | AG55: =ROUND((AP55),2) -> 0 | AH55: =(EW55) -> 28.02 | AI55: =(EX55) -> 0.16 | AJ55: =ROUND((AS55),2) -> 0 | AK55: 681.71 | AL55: 432.55 | AM55: 7.07 | AN55: 2.05 | AO55: 242.09 | AP55: 0 | AQ55: 28.02 | AR55: 0.16 | AS55: 0 | AT55: 80 | AU55: 50 | AV55: 1 | AW55: 1 | AZ55: 5.99 | BA55: 5.99 | BB55: 5.99 | BC55: 5.99 | BH55: 0 | BI55: 1 | BJ55: ФЕР-2001, 62-16-3, приказ Минстроя России №1039/пр от 30.12.2016г. | BM55: 62001 | BN55: 0 | BP55: 0 | BQ55: 6 | BR55: 0 | BS55: 5.99 | BT55: 1 | BU55: 1 | BV55: 1 | BW55: 1 | BX55: 1 | BZ55: 80 | CA55: 50 | CF55: 0 | CG55: 0 | CM55: 0 | CO55: 0 | CP55: =(P55+Q55+S55) -> 4344.79 | CQ55: =AC55*BC55 -> 2590.9745 | CR55: =AD55*BB55 -> 42.3493 | CS55: =AE55*BS55 -> 12.2795 | CT55: =AF55*BA55 -> 1450.1191 | CU55: =AG55 -> 0 | CV55: =AH55 -> 28.02 | CW55: =AI55 -> 0.16 | CX55: =AJ55 -> 0 | CY55: =(((S55+R55)*AT55)/100) -> 1244.8 | CZ55: =(((S55+R55)*AU55)/100) -> 778 | DN55: 0 | DO55: 0 | DP55: 1 | DQ55: 1 | DU55: 1005 | DV55: 100 м2 | DW55: 100 м2 | DX55: 100 | EE55: 39174587 | EF55: 6 | EG55: Ремонтно-строительные работы | EH55: 0 | EJ55: 1 | EK55: 62001 | EL55: Малярные работы | EM55: рФЕР-62 | EQ55: 0 | ER55: 681.71 | ES55: 432.55 | ET55: 7.07 | EU55: 2.05 | EV55: 242.09 | EW55: 28.02 | EX55: 0.16 | EY55: 0 | FQ55: 0 | FR55: =ROUND(IF(AND(BH55=3,BI55=3),P55,0),2) -> 0 | FS55: 0 | FX55: 80 | FY55: 50 | GD55: 0 | GF55: -1174125834 | GG55: 1 | GH55: 1 | GI55: 4 | GJ55: 0 | GK55: =ROUND(R55*(R12)/100,2) -> 0 | GL55: =ROUND(IF(AND(BH55=3,BI55=3,FS55<>0),P55,0),2) -> 0 | GM55: =ROUND(O55+X55+Y55+GK55,2)+GX55 -> 6367.59 | GN55: =IF(OR(BI55=0,BI55=1),ROUND(O55+X55+Y55+GK55,2),0) -> 6367.59 | GO55: =IF(BI55=2,ROUND(O55+X55+Y55+GK55,2),0) -> 0 | GP55: =IF(BI55=4,ROUND(O55+X55+Y55+GK55,2)+GX55,0) -> 0 | GR55: 0 | GS55: 3 | GT55: 0 | GV55: =ROUND(GT55,2) -> 0 | GW55: 1 | GX55: =ROUND(GV55*GW55*I55,2) -> 0 | HA55: 0 | HB55: 0 | IK55: 0
A56: 18 | B56: 1 | C56: 89 | E56: 12,1 | F56: 14.3.02.01-0224 | G56: Краска водоэмульсионная для внутренних работ ВАК-25 | H56: т | I56: =I55*J56 -> 0.071288 | J56: 0.067 | O56: =ROUND(CP56,2) -> 9601.29 | P56: =ROUND(CQ56*I56,2) -> 9601.29 | Q56: =ROUND(CR56*I56,2) -> 0 | R56: =ROUND(CS56*I56,2) -> 0 | S56: =ROUND(CT56*I56,2) -> 0 | T56: =ROUND(CU56*I56,2) -> 0 | U56: =CV56*I56 -> 0 | V56: =CW56*I56 -> 0 | W56: =ROUND(CX56*I56,2) -> 0 | X56: =ROUND(CY56,2) -> 0 | Y56: =ROUND(CZ56,2) -> 0 | AA56: 39076825 | AB56: =ROUND((AC56+AD56+AF56),2) -> 22484.66 | AC56: =ROUND((ES56),2) -> 22484.66 | AD56: =ROUND((((ET56)-(EU56))+AE56),2) -> 0 | AE56: =ROUND((EU56),2) -> 0 | AF56: =ROUND((EV56),2) -> 0 | AG56: =ROUND((AP56),2) -> 0 | AH56: =(EW56) -> 0 | AI56: =(EX56) -> 0 | AJ56: =ROUND((AS56),2) -> 0 | AK56: 22484.66 | AL56: 22484.66 | AM56: 0 | AN56: 0 | AO56: 0 | AP56: 0 | AQ56: 0 | AR56: 0 | AS56: 0 | AT56: 80 | AU56: 50 | AV56: 1 | AW56: 1 | AZ56: 5.99 | BA56: 1 | BB56: 1 | BC56: 5.99 | BH56: 3 | BI56: 1 | BJ56: ФССЦ-2001, 14.3.02.01-0224, приказ Минстроя России №1039/пр от 30.12.2016г. | BM56: 62001 | BN56: 0 | BP56: 0 | BQ56: 6 | BR56: 0 | BS56: 1 | BT56: 1 | BU56: 1 | BV56: 1 | BW56: 1 | BX56: 1 | BZ56: 80 | CA56: 50 | CF56: 0 | CG56: 0 | CM56: 0 | CO56: 0 | CP56: =(P56+Q56+S56) -> 9601.29 | CQ56: =AC56*BC56 -> 134683.11 | CR56: =AD56*BB56 -> 0 | CS56: =AE56*BS56 -> 0 | CT56: =AF56*BA56 -> 0 | CU56: =AG56 -> 0 | CV56: =AH56 -> 0 | CW56: =AI56 -> 0 | CX56: =AJ56 -> 0 | CY56: =(((S56+R56)*AT56)/100) -> 0 | CZ56: =(((S56+R56)*AU56)/100) -> 0 | DN56: 0 | DO56: 0 | DP56: 1 | DQ56: 1 | DU56: 1009 | DV56: т | DW56: т | DX56: 1000 | EE56: 39174587 | EF56: 6 | EG56: Ремонтно-строительные работы | EH56: 0 | EJ56: 1 | EK56: 62001 | EL56: Малярные работы | EM56: рФЕР-62 | EQ56: 0 | ER56: 22484.66 | ES56: 22484.66 | ET56: 0 | EU56: 0 | EV56: 0 | EW56: 0 | EX56: 0 | FQ56: 0 | FR56: =ROUND(IF(AND(BH56=3,BI56=3),P56,0),2) -> 0 | FS56: 0 | FX56: 80 | FY56: 50 | GD56: 0 | GF56: 960802034 | GG56: 1 | GH56: 1 | GI56: 4 | GJ56: 0 | GK56: =ROUND(R56*(R12)/100,2) -> 0 | GL56: =ROUND(IF(AND(BH56=3,BI56=3,FS56<>0),P56,0),2) -> 0 | GM56: =ROUND(O56+X56+Y56+GK56,2)+GX56 -> 9601.29 | GN56: =IF(OR(BI56=0,BI56=1),ROUND(O56+X56+Y56+GK56,2),0) -> 9601.29 | GO56: =IF(BI56=2,ROUND(O56+X56+Y56+GK56,2),0) -> 0 | GP56: =IF(BI56=4,ROUND(O56+X56+Y56+GK56,2)+GX56,0) -> 0 | GR56: 0 | GS56: 3 | GT56: 0 | GV56: =ROUND(GT56,2) -> 0 | GW56: 1 | GX56: =ROUND(GV56*GW56*I56,2) -> 0 | HA56: 0 | HB56: 0 | IK56: 0
A57: 18 | B57: 1 | C57: 88 | E57: 12,2 | F57: 14.3.02.01 | G57: Краска водоэмульсионная | H57: т | I57: =I55*J57 -> 0.071288 | J57: 0.067 | O57: =ROUND(CP57,2) -> 0 | P57: =ROUND(CQ57*I57,2) -> 0 | Q57: =ROUND(CR57*I57,2) -> 0 | R57: =ROUND(CS57*I57,2) -> 0 | S57: =ROUND(CT57*I57,2) -> 0 | T57: =ROUND(CU57*I57,2) -> 0 | U57: =CV57*I57 -> 0 | V57: =CW57*I57 -> 0 | W57: =ROUND(CX57*I57,2) -> 0 | X57: =ROUND(CY57,2) -> 0 | Y57: =ROUND(CZ57,2) -> 0 | AA57: 39076825 | AB57: =ROUND((AC57+AD57+AF57),2) -> 0 | AC57: =ROUND((ES57),2) -> 0 | AD57: =ROUND((((ET57)-(EU57))+AE57),2) -> 0 | AE57: =ROUND((EU57),2) -> 0 | AF57: =ROUND((EV57),2) -> 0 | AG57: =ROUND((AP57),2) -> 0 | AH57: =(EW57) -> 0 | AI57: =(EX57) -> 0 | AJ57: =ROUND((AS57),2) -> 0 | AK57: 0 | AL57: 0 | AM57: 0 | AN57: 0 | AO57: 0 | AP57: 0 | AQ57: 0 | AR57: 0 | AS57: 0 | AT57: 80 | AU57: 50 | AV57: 1 | AW57: 1 | AZ57: 5.99 | BA57: 1 | BB57: 1 | BC57: 5.99 | BH57: 3 | BI57: 1 | BM57: 62001 | BN57: 0 | BP57: 0 | BQ57: 6 | BR57: 0 | BS57: 1 | BT57: 1 | BU57: 1 | BV57: 1 | BW57: 1 | BX57: 1 | BZ57: 80 | CA57: 50 | CF57: 0 | CG57: 0 | CM57: 0 | CO57: 0 | CP57: =(P57+Q57+S57) -> 0 | CQ57: =AC57*BC57 -> 0 | CR57: =AD57*BB57 -> 0 | CS57: =AE57*BS57 -> 0 | CT57: =AF57*BA57 -> 0 | CU57: =AG57 -> 0 | CV57: =AH57 -> 0 | CW57: =AI57 -> 0 | CX57: =AJ57 -> 0 | CY57: =(((S57+R57)*AT57)/100) -> 0 | CZ57: =(((S57+R57)*AU57)/100) -> 0 | DN57: 0 | DO57: 0 | DP57: 1 | DQ57: 1 | DU57: 1009 | DV57: т | DW57: т | DX57: 1000 | EE57: 39174587 | EF57: 6 | EG57: Ремонтно-строительные работы | EH57: 0 | EJ57: 1 | EK57: 62001 | EL57: Малярные работы | EM57: рФЕР-62 | EQ57: 0 | ER57: 0 | ES57: 0 | ET57: 0 | EU57: 0 | EV57: 0 | EW57: 0 | EX57: 0 | FQ57: 0 | FR57: =ROUND(IF(AND(BH57=3,BI57=3),P57,0),2) -> 0 | FS57: 0 | FX57: 80 | FY57: 50 | GA57: занесена вручную | GD57: 0 | GF57: 1891904026 | GG57: 1 | GH57: 1 | GI57: 4 | GJ57: 0 | GK57: =ROUND(R57*(R12)/100,2) -> 0 | GL57: =ROUND(IF(AND(BH57=3,BI57=3,FS57<>0),P57,0),2) -> 0 | GM57: =ROUND(O57+X57+Y57+GK57,2)+GX57 -> 0 | GN57: =IF(OR(BI57=0,BI57=1),ROUND(O57+X57+Y57+GK57,2),0) -> 0 | GO57: =IF(BI57=2,ROUND(O57+X57+Y57+GK57,2),0) -> 0 | GP57: =IF(BI57=4,ROUND(O57+X57+Y57+GK57,2)+GX57,0) -> 0 | GR57: 0 | GS57: 4 | GT57: 0 | GV57: =ROUND(GT57,2) -> 0 | GW57: 1 | GX57: =ROUND(GV57*GW57*I57,2) -> 0 | HA57: 0 | HB57: 0 | IK57: 0
A58: 17 | B58: 1 | C58: =ROW(SmtRes!A103) -> 103 | D58: =ROW(EtalonRes!A100) -> 100 | E58: 13 | F58: 62-16-5 | G58: Окрашивание водоэмульсионными составами поверхностей стен, ранее окрашенных масляной краской с расчисткой старой краски более 35% | H58: 100 м2 | I58: 2.9258 | J58: 0 | O58: =ROUND(CP58,2) -> 13952.08 | P58: =ROUND(CQ58*I58,2) -> 8696.52 | Q58: =ROUND(CR58*I58,2) -> 123.91 | R58: =ROUND(CS58*I58,2) -> 35.93 | S58: =ROUND(CT58*I58,2) -> 5131.65 | T58: =ROUND(CU58*I58,2) -> 0 | U58: =CV58*I58 -> 99.155362 | V58: =CW58*I58 -> 0.468128 | W58: =ROUND(CX58*I58,2) -> 0 | X58: =ROUND(CY58,2) -> 4134.06 | Y58: =ROUND(CZ58,2) -> 2583.79 | AA58: 39076825 | AB58: =ROUND((AC58+AD58+AF58),2) -> 796.1 | AC58: =ROUND((ES58),2) -> 496.22 | AD58: =ROUND((((ET58)-(EU58))+AE58),2) -> 7.07 | AE58: =ROUND((EU58),2) -> 2.05 | AF58: =ROUND((EV58),2) -> 292.81 | AG58: =ROUND((AP58),2) -> 0 | AH58: =(EW58) -> 33.89 | AI58: =(EX58) -> 0.16 | AJ58: =ROUND((AS58),2) -> 0 | AK58: 796.1 | AL58: 496.22 | AM58: 7.07 | AN58: 2.05 | AO58: 292.81 | AP58: 0 | AQ58: 33.89 | AR58: 0.16 | AS58: 0 | AT58: 80 | AU58: 50 | AV58: 1 | AW58: 1 | AZ58: 5.99 | BA58: 5.99 | BB58: 5.99 | BC58: 5.99 | BH58: 0 | BI58: 1 | BJ58: ФЕР-2001, 62-16-5, приказ Минстроя России №1039/пр от 30.12.2016г. | BM58: 62001 | BN58: 0 | BP58: 0 | BQ58: 6 | BR58: 0 | BS58: 5.99 | BT58: 1 | BU58: 1 | BV58: 1 | BW58: 1 | BX58: 1 | BZ58: 80 | CA58: 50 | CF58: 0 | CG58: 0 | CM58: 0 | CO58: 0 | CP58: =(P58+Q58+S58) -> 13952.08 | CQ58: =AC58*BC58 -> 2972.3578 | CR58: =AD58*BB58 -> 42.3493 | CS58: =AE58*BS58 -> 12.2795 | CT58: =AF58*BA58 -> 1753.9319 | CU58: =AG58 -> 0 | CV58: =AH58 -> 33.89 | CW58: =AI58 -> 0.16 | CX58: =AJ58 -> 0 | CY58: =(((S58+R58)*AT58)/100) -> 4134.064 | CZ58: =(((S58+R58)*AU58)/100) -> 2583.79 | DN58: 0 | DO58: 0 | DP58: 1 | DQ58: 1 | DU58: 1005 | DV58: 100 м2 | DW58: 100 м2 | DX58: 100 | EE58: 39174587 | EF58: 6 | EG58: Ремонтно-строительные работы | EH58: 0 | EJ58: 1 | EK58: 62001 | EL58: Малярные работы | EM58: рФЕР-62 | EQ58: 0 | ER58: 796.1 | ES58: 496.22 | ET58: 7.07 | EU58: 2.05 | EV58: 292.81 | EW58: 33.89 | EX58: 0.16 | EY58: 0 | FQ58: 0 | FR58: =ROUND(IF(AND(BH58=3,BI58=3),P58,0),2) -> 0 | FS58: 0 | FX58: 80 | FY58: 50 | GD58: 0 | GF58: 824855419 | GG58: 1 | GH58: 1 | GI58: 4 | GJ58: 0 | GK58: =ROUND(R58*(R12)/100,2) -> 0 | GL58: =ROUND(IF(AND(BH58=3,BI58=3,FS58<>0),P58,0),2) -> 0 | GM58: =ROUND(O58+X58+Y58+GK58,2)+GX58 -> 20669.93 | GN58: =IF(OR(BI58=0,BI58=1),ROUND(O58+X58+Y58+GK58,2),0) -> 20669.93 | GO58: =IF(BI58=2,ROUND(O58+X58+Y58+GK58,2),0) -> 0 | GP58: =IF(BI58=4,ROUND(O58+X58+Y58+GK58,2)+GX58,0) -> 0 | GR58: 0 | GS58: 3 | GT58: 0 | GV58: =ROUND(GT58,2) -> 0 | GW58: 1 | GX58: =ROUND(GV58*GW58*I58,2) -> 0 | HA58: 0 | HB58: 0 | IK58: 0
A59: 18 | B59: 1 | C59: 102 | E59: 13,1 | F59: 14.3.02.01-0224 | G59: Краска водоэмульсионная для внутренних работ ВАК-25 | H59: т | I59: =I58*J59 -> 0.207732 | J59: 0.071000068 | O59: =ROUND(CP59,2) -> 27977.99 | P59: =ROUND(CQ59*I59,2) -> 27977.99 | Q59: =ROUND(CR59*I59,2) -> 0 | R59: =ROUND(CS59*I59,2) -> 0 | S59: =ROUND(CT59*I59,2) -> 0 | T59: =ROUND(CU59*I59,2) -> 0 | U59: =CV59*I59 -> 0 | V59: =CW59*I59 -> 0 | W59: =ROUND(CX59*I59,2) -> 0 | X59: =ROUND(CY59,2) -> 0 | Y59: =ROUND(CZ59,2) -> 0 | AA59: 39076825 | AB59: =ROUND((AC59+AD59+AF59),2) -> 22484.66 | AC59: =ROUND((ES59),2) -> 22484.66 | AD59: =ROUND((((ET59)-(EU59))+AE59),2) -> 0 | AE59: =ROUND((EU59),2) -> 0 | AF59: =ROUND((EV59),2) -> 0 | AG59: =ROUND((AP59),2) -> 0 | AH59: =(EW59) -> 0 | AI59: =(EX59) -> 0 | AJ59: =ROUND((AS59),2) -> 0 | AK59: 22484.66 | AL59: 22484.66 | AM59: 0 | AN59: 0 | AO59: 0 | AP59: 0 | AQ59: 0 | AR59: 0 | AS59: 0 | AT59: 80 | AU59: 50 | AV59: 1 | AW59: 1 | AZ59: 5.99 | BA59: 1 | BB59: 1 | BC59: 5.99 | BH59: 3 | BI59: 1 | BJ59: ФССЦ-2001, 14.3.02.01-0224, приказ Минстроя России №1039/пр от 30.12.2016г. | BM59: 62001 | BN59: 0 | BP59: 0 | BQ59: 6 | BR59: 0 | BS59: 1 | BT59: 1 | BU59: 1 | BV59: 1 | BW59: 1 | BX59: 1 | BZ59: 80 | CA59: 50 | CF59: 0 | CG59: 0 | CM59: 0 | CO59: 0 | CP59: =(P59+Q59+S59) -> 27977.99 | CQ59: =AC59*BC59 -> 134683.11 | CR59: =AD59*BB59 -> 0 | CS59: =AE59*BS59 -> 0 | CT59: =AF59*BA59 -> 0 | CU59: =AG59 -> 0 | CV59: =AH59 -> 0 | CW59: =AI59 -> 0 | CX59: =AJ59 -> 0 | CY59: =(((S59+R59)*AT59)/100) -> 0 | CZ59: =(((S59+R59)*AU59)/100) -> 0 | DN59: 0 | DO59: 0 | DP59: 1 | DQ59: 1 | DU59: 1009 | DV59: т | DW59: т | DX59: 1000 | EE59: 39174587 | EF59: 6 | EG59: Ремонтно-строительные работы | EH59: 0 | EJ59: 1 | EK59: 62001 | EL59: Малярные работы | EM59: рФЕР-62 | EQ59: 0 | ER59: 22484.66 | ES59: 22484.66 | ET59: 0 | EU59: 0 | EV59: 0 | EW59: 0 | EX59: 0 | FQ59: 0 | FR59: =ROUND(IF(AND(BH59=3,BI59=3),P59,0),2) -> 0 | FS59: 0 | FX59: 80 | FY59: 50 | GD59: 0 | GF59: 960802034 | GG59: 1 | GH59: 1 | GI59: 4 | GJ59: 0 | GK59: =ROUND(R59*(R12)/100,2) -> 0 | GL59: =ROUND(IF(AND(BH59=3,BI59=3,FS59<>0),P59,0),2) -> 0 | GM59: =ROUND(O59+X59+Y59+GK59,2)+GX59 -> 27977.99 | GN59: =IF(OR(BI59=0,BI59=1),ROUND(O59+X59+Y59+GK59,2),0) -> 27977.99 | GO59: =IF(BI59=2,ROUND(O59+X59+Y59+GK59,2),0) -> 0 | GP59: =IF(BI59=4,ROUND(O59+X59+Y59+GK59,2)+GX59,0) -> 0 | GR59: 0 | GS59: 3 | GT59: 0 | GV59: =ROUND(GT59,2) -> 0 | GW59: 1 | GX59: =ROUND(GV59*GW59*I59,2) -> 0 | HA59: 0 | HB59: 0 | IK59: 0
A60: 18 | B60: 1 | C60: 101 | E60: 13,2 | F60: 14.3.02.01 | G60: Краска водоэмульсионная | H60: т | I60: =I58*J60 -> 0.207732 | J60: 0.071000068 | O60: =ROUND(CP60,2) -> 0 | P60: =ROUND(CQ60*I60,2) -> 0 | Q60: =ROUND(CR60*I60,2) -> 0 | R60: =ROUND(CS60*I60,2) -> 0 | S60: =ROUND(CT60*I60,2) -> 0 | T60: =ROUND(CU60*I60,2) -> 0 | U60: =CV60*I60 -> 0 | V60: =CW60*I60 -> 0 | W60: =ROUND(CX60*I60,2) -> 0 | X60: =ROUND(CY60,2) -> 0 | Y60: =ROUND(CZ60,2) -> 0 | AA60: 39076825 | AB60: =ROUND((AC60+AD60+AF60),2) -> 0 | AC60: =ROUND((ES60),2) -> 0 | AD60: =ROUND((((ET60)-(EU60))+AE60),2) -> 0 | AE60: =ROUND((EU60),2) -> 0 | AF60: =ROUND((EV60),2) -> 0 | AG60: =ROUND((AP60),2) -> 0 | AH60: =(EW60) -> 0 | AI60: =(EX60) -> 0 | AJ60: =ROUND((AS60),2) -> 0 | AK60: 0 | AL60: 0 | AM60: 0 | AN60: 0 | AO60: 0 | AP60: 0 | AQ60: 0 | AR60: 0 | AS60: 0 | AT60: 80 | AU60: 50 | AV60: 1 | AW60: 1 | AZ60: 5.99 | BA60: 1 | BB60: 1 | BC60: 5.99 | BH60: 3 | BI60: 1 | BM60: 62001 | BN60: 0 | BP60: 0 | BQ60: 6 | BR60: 0 | BS60: 1 | BT60: 1 | BU60: 1 | BV60: 1 | BW60: 1 | BX60: 1 | BZ60: 80 | CA60: 50 | CF60: 0 | CG60: 0 | CM60: 0 | CO60: 0 | CP60: =(P60+Q60+S60) -> 0 | CQ60: =AC60*BC60 -> 0 | CR60: =AD60*BB60 -> 0 | CS60: =AE60*BS60 -> 0 | CT60: =AF60*BA60 -> 0 | CU60: =AG60 -> 0 | CV60: =AH60 -> 0 | CW60: =AI60 -> 0 | CX60: =AJ60 -> 0 | CY60: =(((S60+R60)*AT60)/100) -> 0 | CZ60: =(((S60+R60)*AU60)/100) -> 0 | DN60: 0 | DO60: 0 | DP60: 1 | DQ60: 1 | DU60: 1009 | DV60: т | DW60: т | DX60: 1000 | EE60: 39174587 | EF60: 6 | EG60: Ремонтно-строительные работы | EH60: 0 | EJ60: 1 | EK60: 62001 | EL60: Малярные работы | EM60: рФЕР-62 | EQ60: 0 | ER60: 0 | ES60: 0 | ET60: 0 | EU60: 0 | EV60: 0 | EW60: 0 | EX60: 0 | FQ60: 0 | FR60: =ROUND(IF(AND(BH60=3,BI60=3),P60,0),2) -> 0 | FS60: 0 | FX60: 80 | FY60: 50 | GA60: занесена вручную | GD60: 0 | GF60: 1891904026 | GG60: 1 | GH60: 1 | GI60: 4 | GJ60: 0 | GK60: =ROUND(R60*(R12)/100,2) -> 0 | GL60: =ROUND(IF(AND(BH60=3,BI60=3,FS60<>0),P60,0),2) -> 0 | GM60: =ROUND(O60+X60+Y60+GK60,2)+GX60 -> 0 | GN60: =IF(OR(BI60=0,BI60=1),ROUND(O60+X60+Y60+GK60,2),0) -> 0 | GO60: =IF(BI60=2,ROUND(O60+X60+Y60+GK60,2),0) -> 0 | GP60: =IF(BI60=4,ROUND(O60+X60+Y60+GK60,2)+GX60,0) -> 0 | GR60: 0 | GS60: 4 | GT60: 0 | GV60: =ROUND(GT60,2) -> 0 | GW60: 1 | GX60: =ROUND(GV60*GW60*I60,2) -> 0 | HA60: 0 | HB60: 0 | IK60: 0
A61: 17 | B61: 1 | C61: =ROW(SmtRes!A114) -> 114 | D61: =ROW(EtalonRes!A110) -> 110 | E61: 14 | F61: 62-9-6 | G61: Улучшенная масляная окраска ранее окрашенных окон за два раза с расчисткой старой краски более 35% | H61: 100 м2 | I61: 2.086 | J61: 0 | O61: =ROUND(CP61,2) -> 20487.28 | P61: =ROUND(CQ61*I61,2) -> 5209.22 | Q61: =ROUND(CR61*I61,2) -> 88.34 | R61: =ROUND(CS61*I61,2) -> 25.62 | S61: =ROUND(CT61*I61,2) -> 15189.72 | T61: =ROUND(CU61*I61,2) -> 0 | U61: =CV61*I61 -> 293.5002 | V61: =CW61*I61 -> 0.33376 | W61: =ROUND(CX61*I61,2) -> 0 | X61: =ROUND(CY61,2) -> 12172.27 | Y61: =ROUND(CZ61,2) -> 7607.67 | AA61: 39076825 | AB61: =ROUND((AC61+AD61+AF61),2) -> 1639.62 | AC61: =ROUND((ES61),2) -> 416.9 | AD61: =ROUND((((ET61)-(EU61))+AE61),2) -> 7.07 | AE61: =ROUND((EU61),2) -> 2.05 | AF61: =ROUND((EV61),2) -> 1215.65 | AG61: =ROUND((AP61),2) -> 0 | AH61: =(EW61) -> 140.7 | AI61: =(EX61) -> 0.16 | AJ61: =ROUND((AS61),2) -> 0 | AK61: 1639.62 | AL61: 416.9 | AM61: 7.07 | AN61: 2.05 | AO61: 1215.65 | AP61: 0 | AQ61: 140.7 | AR61: 0.16 | AS61: 0 | AT61: 80 | AU61: 50 | AV61: 1 | AW61: 1 | AZ61: 5.99 | BA61: 5.99 | BB61: 5.99 | BC61: 5.99 | BH61: 0 | BI61: 1 | BJ61: ФЕР-2001, 62-9-6, приказ Минстроя России №1039/пр от 30.12.2016г. | BM61: 62001 | BN61: 0 | BP61: 0 | BQ61: 6 | BR61: 0 | BS61: 5.99 | BT61: 1 | BU61: 1 | BV61: 1 | BW61: 1 | BX61: 1 | BZ61: 80 | CA61: 50 | CF61: 0 | CG61: 0 | CM61: 0 | CO61: 0 | CP61: =(P61+Q61+S61) -> 20487.28 | CQ61: =AC61*BC61 -> 2497.231 | CR61: =AD61*BB61 -> 42.3493 | CS61: =AE61*BS61 -> 12.2795 | CT61: =AF61*BA61 -> 7281.7435 | CU61: =AG61 -> 0 | CV61: =AH61 -> 140.7 | CW61: =AI61 -> 0.16 | CX61: =AJ61 -> 0 | CY61: =(((S61+R61)*AT61)/100) -> 12172.272 | CZ61: =(((S61+R61)*AU61)/100) -> 7607.67 | DN61: 0 | DO61: 0 | DP61: 1 | DQ61: 1 | DU61: 1005 | DV61: 100 м2 | DW61: 100 м2 | DX61: 100 | EE61: 39174587 | EF61: 6 | EG61: Ремонтно-строительные работы | EH61: 0 | EJ61: 1 | EK61: 62001 | EL61: Малярные работы | EM61: рФЕР-62 | EQ61: 0 | ER61: 1639.62 | ES61: 416.9 | ET61: 7.07 | EU61: 2.05 | EV61: 1215.65 | EW61: 140.7 | EX61: 0.16 | EY61: 0 | FQ61: 0 | FR61: =ROUND(IF(AND(BH61=3,BI61=3),P61,0),2) -> 0 | FS61: 0 | FX61: 80 | FY61: 50 | GD61: 0 | GF61: -764977654 | GG61: 1 | GH61: 1 | GI61: 4 | GJ61: 0 | GK61: =ROUND(R61*(R12)/100,2) -> 0 | GL61: =ROUND(IF(AND(BH61=3,BI61=3,FS61<>0),P61,0),2) -> 0 | GM61: =ROUND(O61+X61+Y61+GK61,2)+GX61 -> 40267.22 | GN61: =IF(OR(BI61=0,BI61=1),ROUND(O61+X61+Y61+GK61,2),0) -> 40267.22 | GO61: =IF(BI61=2,ROUND(O61+X61+Y61+GK61,2),0) -> 0 | GP61: =IF(BI61=4,ROUND(O61+X61+Y61+GK61,2)+GX61,0) -> 0 | GR61: 0 | GS61: 3 | GT61: 0 | GV61: =ROUND(GT61,2) -> 0 | GW61: 1 | GX61: =ROUND(GV61*GW61*I61,2) -> 0 | HA61: 0 | HB61: 0 | IK61: 0
A62: 18 | B62: 1 | C62: 112 | E62: 14,1 | F62: 14.4.02.04-0223 | G62: Краски масляные и алкидные, готовые к применению белила цинковые МА-22 | H62: т | I62: =I61*J62 -> 0.048187 | J62: 0.023100192 | O62: =ROUND(CP62,2) -> 6503.93 | P62: =ROUND(CQ62*I62,2) -> 6503.93 | Q62: =ROUND(CR62*I62,2) -> 0 | R62: =ROUND(CS62*I62,2) -> 0 | S62: =ROUND(CT62*I62,2) -> 0 | T62: =ROUND(CU62*I62,2) -> 0 | U62: =CV62*I62 -> 0 | V62: =CW62*I62 -> 0 | W62: =ROUND(CX62*I62,2) -> 0 | X62: =ROUND(CY62,2) -> 0 | Y62: =ROUND(CZ62,2) -> 0 | AA62: 39076825 | AB62: =ROUND((AC62+AD62+AF62),2) -> 22533 | AC62: =ROUND((ES62),2) -> 22533 | AD62: =ROUND((((ET62)-(EU62))+AE62),2) -> 0 | AE62: =ROUND((EU62),2) -> 0 | AF62: =ROUND((EV62),2) -> 0 | AG62: =ROUND((AP62),2) -> 0 | AH62: =(EW62) -> 0 | AI62: =(EX62) -> 0 | AJ62: =ROUND((AS62),2) -> 0 | AK62: 22533 | AL62: 22533 | AM62: 0 | AN62: 0 | AO62: 0 | AP62: 0 | AQ62: 0 | AR62: 0 | AS62: 0 | AT62: 80 | AU62: 50 | AV62: 1 | AW62: 1 | AZ62: 5.99 | BA62: 1 | BB62: 1 | BC62: 5.99 | BH62: 3 | BI62: 1 | BJ62: ФССЦ-2001, 14.4.02.04-0223, приказ Минстроя России №1039/пр от 30.12.2016г. | BM62: 62001 | BN62: 0 | BP62: 0 | BQ62: 6 | BR62: 0 | BS62: 1 | BT62: 1 | BU62: 1 | BV62: 1 | BW62: 1 | BX62: 1 | BZ62: 80 | CA62: 50 | CF62: 0 | CG62: 0 | CM62: 0 | CO62: 0 | CP62: =(P62+Q62+S62) -> 6503.93 | CQ62: =AC62*BC62 -> 134972.67 | CR62: =AD62*BB62 -> 0 | CS62: =AE62*BS62 -> 0 | CT62: =AF62*BA62 -> 0 | CU62: =AG62 -> 0 | CV62: =AH62 -> 0 | CW62: =AI62 -> 0 | CX62: =AJ62 -> 0 | CY62: =(((S62+R62)*AT62)/100) -> 0 | CZ62: =(((S62+R62)*AU62)/100) -> 0 | DN62: 0 | DO62: 0 | DP62: 1 | DQ62: 1 | DU62: 1009 | DV62: т | DW62: т | DX62: 1000 | EE62: 39174587 | EF62: 6 | EG62: Ремонтно-строительные работы | EH62: 0 | EJ62: 1 | EK62: 62001 | EL62: Малярные работы | EM62: рФЕР-62 | EQ62: 0 | ER62: 22533 | ES62: 22533 | ET62: 0 | EU62: 0 | EV62: 0 | EW62: 0 | EX62: 0 | FQ62: 0 | FR62: =ROUND(IF(AND(BH62=3,BI62=3),P62,0),2) -> 0 | FS62: 0 | FX62: 80 | FY62: 50 | GD62: 0 | GF62: 400327460 | GG62: 1 | GH62: 1 | GI62: 4 | GJ62: 0 | GK62: =ROUND(R62*(R12)/100,2) -> 0 | GL62: =ROUND(IF(AND(BH62=3,BI62=3,FS62<>0),P62,0),2) -> 0 | GM62: =ROUND(O62+X62+Y62+GK62,2)+GX62 -> 6503.93 | GN62: =IF(OR(BI62=0,BI62=1),ROUND(O62+X62+Y62+GK62,2),0) -> 6503.93 | GO62: =IF(BI62=2,ROUND(O62+X62+Y62+GK62,2),0) -> 0 | GP62: =IF(BI62=4,ROUND(O62+X62+Y62+GK62,2)+GX62,0) -> 0 | GR62: 0 | GS62: 3 | GT62: 0 | GV62: =ROUND(GT62,2) -> 0 | GW62: 1 | GX62: =ROUND(GV62*GW62*I62,2) -> 0 | HA62: 0 | HB62: 0 | IK62: 0
A63: 18 | B63: 1 | C63: 111 | E63: 14,2 | F63: 14.4.02.04 | G63: Краски для внутренних работ масляные готовые к применению | H63: т | I63: =I61*J63 -> 0.048187 | J63: 0.023100192 | O63: =ROUND(CP63,2) -> 0 | P63: =ROUND(CQ63*I63,2) -> 0 | Q63: =ROUND(CR63*I63,2) -> 0 | R63: =ROUND(CS63*I63,2) -> 0 | S63: =ROUND(CT63*I63,2) -> 0 | T63: =ROUND(CU63*I63,2) -> 0 | U63: =CV63*I63 -> 0 | V63: =CW63*I63 -> 0 | W63: =ROUND(CX63*I63,2) -> 0 | X63: =ROUND(CY63,2) -> 0 | Y63: =ROUND(CZ63,2) -> 0 | AA63: 39076825 | AB63: =ROUND((AC63+AD63+AF63),2) -> 0 | AC63: =ROUND((ES63),2) -> 0 | AD63: =ROUND((((ET63)-(EU63))+AE63),2) -> 0 | AE63: =ROUND((EU63),2) -> 0 | AF63: =ROUND((EV63),2) -> 0 | AG63: =ROUND((AP63),2) -> 0 | AH63: =(EW63) -> 0 | AI63: =(EX63) -> 0 | AJ63: =ROUND((AS63),2) -> 0 | AK63: 0 | AL63: 0 | AM63: 0 | AN63: 0 | AO63: 0 | AP63: 0 | AQ63: 0 | AR63: 0 | AS63: 0 | AT63: 80 | AU63: 50 | AV63: 1 | AW63: 1 | AZ63: 5.99 | BA63: 1 | BB63: 1 | BC63: 5.99 | BH63: 3 | BI63: 1 | BM63: 62001 | BN63: 0 | BP63: 0 | BQ63: 6 | BR63: 0 | BS63: 1 | BT63: 1 | BU63: 1 | BV63: 1 | BW63: 1 | BX63: 1 | BZ63: 80 | CA63: 50 | CF63: 0 | CG63: 0 | CM63: 0 | CO63: 0 | CP63: =(P63+Q63+S63) -> 0 | CQ63: =AC63*BC63 -> 0 | CR63: =AD63*BB63 -> 0 | CS63: =AE63*BS63 -> 0 | CT63: =AF63*BA63 -> 0 | CU63: =AG63 -> 0 | CV63: =AH63 -> 0 | CW63: =AI63 -> 0 | CX63: =AJ63 -> 0 | CY63: =(((S63+R63)*AT63)/100) -> 0 | CZ63: =(((S63+R63)*AU63)/100) -> 0 | DN63: 0 | DO63: 0 | DP63: 1 | DQ63: 1 | DU63: 1009 | DV63: т | DW63: т | DX63: 1000 | EE63: 39174587 | EF63: 6 | EG63: Ремонтно-строительные работы | EH63: 0 | EJ63: 1 | EK63: 62001 | EL63: Малярные работы | EM63: рФЕР-62 | EQ63: 0 | ER63: 0 | ES63: 0 | ET63: 0 | EU63: 0 | EV63: 0 | EW63: 0 | EX63: 0 | FQ63: 0 | FR63: =ROUND(IF(AND(BH63=3,BI63=3),P63,0),2) -> 0 | FS63: 0 | FX63: 80 | FY63: 50 | GA63: занесена вручную | GD63: 0 | GF63: 84301199 | GG63: 1 | GH63: 1 | GI63: 4 | GJ63: 0 | GK63: =ROUND(R63*(R12)/100,2) -> 0 | GL63: =ROUND(IF(AND(BH63=3,BI63=3,FS63<>0),P63,0),2) -> 0 | GM63: =ROUND(O63+X63+Y63+GK63,2)+GX63 -> 0 | GN63: =IF(OR(BI63=0,BI63=1),ROUND(O63+X63+Y63+GK63,2),0) -> 0 | GO63: =IF(BI63=2,ROUND(O63+X63+Y63+GK63,2),0) -> 0 | GP63: =IF(BI63=4,ROUND(O63+X63+Y63+GK63,2)+GX63,0) -> 0 | GR63: 0 | GS63: 4 | GT63: 0 | GV63: =ROUND(GT63,2) -> 0 | GW63: 1 | GX63: =ROUND(GV63*GW63*I63,2) -> 0 | HA63: 0 | HB63: 0 | IK63: 0
A64: 17 | B64: 1 | C64: =ROW(SmtRes!A125) -> 125 | D64: =ROW(EtalonRes!A120) -> 120 | E64: 15 | F64: 62-10-6 | G64: Улучшенная масляная окраска ранее окрашенных дверей за два раза с расчисткой старой краски более 35% | H64: 100 м2 | I64: 0.1552 | J64: 0 | O64: =ROUND(CP64,2) -> 1191.83 | P64: =ROUND(CQ64*I64,2) -> 416.1 | Q64: =ROUND(CR64*I64,2) -> 6.57 | R64: =ROUND(CS64*I64,2) -> 1.91 | S64: =ROUND(CT64*I64,2) -> 769.16 | T64: =ROUND(CU64*I64,2) -> 0 | U64: =CV64*I64 -> 14.861952 | V64: =CW64*I64 -> 0.024832 | W64: =ROUND(CX64*I64,2) -> 0 | X64: =ROUND(CY64,2) -> 616.86 | Y64: =ROUND(CZ64,2) -> 385.54 | AA64: 39076825 | AB64: =ROUND((AC64+AD64+AF64),2) -> 1282.03 | AC64: =ROUND((ES64),2) -> 447.59 | AD64: =ROUND((((ET64)-(EU64))+AE64),2) -> 7.07 | AE64: =ROUND((EU64),2) -> 2.05 | AF64: =ROUND((EV64),2) -> 827.37 | AG64: =ROUND((AP64),2) -> 0 | AH64: =(EW64) -> 95.76 | AI64: =(EX64) -> 0.16 | AJ64: =ROUND((AS64),2) -> 0 | AK64: 1282.03 | AL64: 447.59 | AM64: 7.07 | AN64: 2.05 | AO64: 827.37 | AP64: 0 | AQ64: 95.76 | AR64: 0.16 | AS64: 0 | AT64: 80 | AU64: 50 | AV64: 1 | AW64: 1 | AZ64: 5.99 | BA64: 5.99 | BB64: 5.99 | BC64: 5.99 | BH64: 0 | BI64: 1 | BJ64: ФЕР-2001, 62-10-6, приказ Минстроя России №1039/пр от 30.12.2016г. | BM64: 62001 | BN64: 0 | BP64: 0 | BQ64: 6 | BR64: 0 | BS64: 5.99 | BT64: 1 | BU64: 1 | BV64: 1 | BW64: 1 | BX64: 1 | BZ64: 80 | CA64: 50 | CF64: 0 | CG64: 0 | CM64: 0 | CO64: 0 | CP64: =(P64+Q64+S64) -> 1191.83 | CQ64: =AC64*BC64 -> 2681.0641 | CR64: =AD64*BB64 -> 42.3493 | CS64: =AE64*BS64 -> 12.2795 | CT64: =AF64*BA64 -> 4955.9463 | CU64: =AG64 -> 0 | CV64: =AH64 -> 95.76 | CW64: =AI64 -> 0.16 | CX64: =AJ64 -> 0 | CY64: =(((S64+R64)*AT64)/100) -> 616.856 | CZ64: =(((S64+R64)*AU64)/100) -> 385.535 | DN64: 0 | DO64: 0 | DP64: 1 | DQ64: 1 | DU64: 1005 | DV64: 100 м2 | DW64: 100 м2 | DX64: 100 | EE64: 39174587 | EF64: 6 | EG64: Ремонтно-строительные работы | EH64: 0 | EJ64: 1 | EK64: 62001 | EL64: Малярные работы | EM64: рФЕР-62 | EQ64: 0 | ER64: 1282.03 | ES64: 447.59 | ET64: 7.07 | EU64: 2.05 | EV64: 827.37 | EW64: 95.76 | EX64: 0.16 | EY64: 0 | FQ64: 0 | FR64: =ROUND(IF(AND(BH64=3,BI64=3),P64,0),2) -> 0 | FS64: 0 | FX64: 80 | FY64: 50 | GD64: 0 | GF64: 1740484489 | GG64: 1 | GH64: 1 | GI64: 4 | GJ64: 0 | GK64: =ROUND(R64*(R12)/100,2) -> 0 | GL64: =ROUND(IF(AND(BH64=3,BI64=3,FS64<>0),P64,0),2) -> 0 | GM64: =ROUND(O64+X64+Y64+GK64,2)+GX64 -> 2194.23 | GN64: =IF(OR(BI64=0,BI64=1),ROUND(O64+X64+Y64+GK64,2),0) -> 2194.23 | GO64: =IF(BI64=2,ROUND(O64+X64+Y64+GK64,2),0) -> 0 | GP64: =IF(BI64=4,ROUND(O64+X64+Y64+GK64,2)+GX64,0) -> 0 | GR64: 0 | GS64: 3 | GT64: 0 | GV64: =ROUND(GT64,2) -> 0 | GW64: 1 | GX64: =ROUND(GV64*GW64*I64,2) -> 0 | HA64: 0 | HB64: 0 | IK64: 0
A65: 18 | B65: 1 | C65: 123 | E65: 15,1 | F65: 14.4.02.04-0223 | G65: Краски масляные и алкидные, готовые к применению белила цинковые МА-22 | H65: т | I65: =I64*J65 -> 0.003508 | J65: 0.022603093 | O65: =ROUND(CP65,2) -> 473.48 | P65: =ROUND(CQ65*I65,2) -> 473.48 | Q65: =ROUND(CR65*I65,2) -> 0 | R65: =ROUND(CS65*I65,2) -> 0 | S65: =ROUND(CT65*I65,2) -> 0 | T65: =ROUND(CU65*I65,2) -> 0 | U65: =CV65*I65 -> 0 | V65: =CW65*I65 -> 0 | W65: =ROUND(CX65*I65,2) -> 0 | X65: =ROUND(CY65,2) -> 0 | Y65: =ROUND(CZ65,2) -> 0 | AA65: 39076825 | AB65: =ROUND((AC65+AD65+AF65),2) -> 22533 | AC65: =ROUND((ES65),2) -> 22533 | AD65: =ROUND((((ET65)-(EU65))+AE65),2) -> 0 | AE65: =ROUND((EU65),2) -> 0 | AF65: =ROUND((EV65),2) -> 0 | AG65: =ROUND((AP65),2) -> 0 | AH65: =(EW65) -> 0 | AI65: =(EX65) -> 0 | AJ65: =ROUND((AS65),2) -> 0 | AK65: 22533 | AL65: 22533 | AM65: 0 | AN65: 0 | AO65: 0 | AP65: 0 | AQ65: 0 | AR65: 0 | AS65: 0 | AT65: 80 | AU65: 50 | AV65: 1 | AW65: 1 | AZ65: 5.99 | BA65: 1 | BB65: 1 | BC65: 5.99 | BH65: 3 | BI65: 1 | BJ65: ФССЦ-2001, 14.4.02.04-0223, приказ Минстроя России №1039/пр от 30.12.2016г. | BM65: 62001 | BN65: 0 | BP65: 0 | BQ65: 6 | BR65: 0 | BS65: 1 | BT65: 1 | BU65: 1 | BV65: 1 | BW65: 1 | BX65: 1 | BZ65: 80 | CA65: 50 | CF65: 0 | CG65: 0 | CM65: 0 | CO65: 0 | CP65: =(P65+Q65+S65) -> 473.48 | CQ65: =AC65*BC65 -> 134972.67 | CR65: =AD65*BB65 -> 0 | CS65: =AE65*BS65 -> 0 | CT65: =AF65*BA65 -> 0 | CU65: =AG65 -> 0 | CV65: =AH65 -> 0 | CW65: =AI65 -> 0 | CX65: =AJ65 -> 0 | CY65: =(((S65+R65)*AT65)/100) -> 0 | CZ65: =(((S65+R65)*AU65)/100) -> 0 | DN65: 0 | DO65: 0 | DP65: 1 | DQ65: 1 | DU65: 1009 | DV65: т | DW65: т | DX65: 1000 | EE65: 39174587 | EF65: 6 | EG65: Ремонтно-строительные работы | EH65: 0 | EJ65: 1 | EK65: 62001 | EL65: Малярные работы | EM65: рФЕР-62 | EQ65: 0 | ER65: 22533 | ES65: 22533 | ET65: 0 | EU65: 0 | EV65: 0 | EW65: 0 | EX65: 0 | FQ65: 0 | FR65: =ROUND(IF(AND(BH65=3,BI65=3),P65,0),2) -> 0 | FS65: 0 | FX65: 80 | FY65: 50 | GD65: 0 | GF65: 400327460 | GG65: 1 | GH65: 1 | GI65: 4 | GJ65: 0 | GK65: =ROUND(R65*(R12)/100,2) -> 0 | GL65: =ROUND(IF(AND(BH65=3,BI65=3,FS65<>0),P65,0),2) -> 0 | GM65: =ROUND(O65+X65+Y65+GK65,2)+GX65 -> 473.48 | GN65: =IF(OR(BI65=0,BI65=1),ROUND(O65+X65+Y65+GK65,2),0) -> 473.48 | GO65: =IF(BI65=2,ROUND(O65+X65+Y65+GK65,2),0) -> 0 | GP65: =IF(BI65=4,ROUND(O65+X65+Y65+GK65,2)+GX65,0) -> 0 | GR65: 0 | GS65: 3 | GT65: 0 | GV65: =ROUND(GT65,2) -> 0 | GW65: 1 | GX65: =ROUND(GV65*GW65*I65,2) -> 0 | HA65: 0 | HB65: 0 | IK65: 0
A66: 18 | B66: 1 | C66: 122 | E66: 15,2 | F66: 14.4.02.04 | G66: Краски для внутренних работ масляные готовые к применению | H66: т | I66: =I64*J66 -> 0.003508 | J66: 0.022603093 | O66: =ROUND(CP66,2) -> 0 | P66: =ROUND(CQ66*I66,2) -> 0 | Q66: =ROUND(CR66*I66,2) -> 0 | R66: =ROUND(CS66*I66,2) -> 0 | S66: =ROUND(CT66*I66,2) -> 0 | T66: =ROUND(CU66*I66,2) -> 0 | U66: =CV66*I66 -> 0 | V66: =CW66*I66 -> 0 | W66: =ROUND(CX66*I66,2) -> 0 | X66: =ROUND(CY66,2) -> 0 | Y66: =ROUND(CZ66,2) -> 0 | AA66: 39076825 | AB66: =ROUND((AC66+AD66+AF66),2) -> 0 | AC66: =ROUND((ES66),2) -> 0 | AD66: =ROUND((((ET66)-(EU66))+AE66),2) -> 0 | AE66: =ROUND((EU66),2) -> 0 | AF66: =ROUND((EV66),2) -> 0 | AG66: =ROUND((AP66),2) -> 0 | AH66: =(EW66) -> 0 | AI66: =(EX66) -> 0 | AJ66: =ROUND((AS66),2) -> 0 | AK66: 0 | AL66: 0 | AM66: 0 | AN66: 0 | AO66: 0 | AP66: 0 | AQ66: 0 | AR66: 0 | AS66: 0 | AT66: 80 | AU66: 50 | AV66: 1 | AW66: 1 | AZ66: 5.99 | BA66: 1 | BB66: 1 | BC66: 5.99 | BH66: 3 | BI66: 1 | BM66: 62001 | BN66: 0 | BP66: 0 | BQ66: 6 | BR66: 0 | BS66: 1 | BT66: 1 | BU66: 1 | BV66: 1 | BW66: 1 | BX66: 1 | BZ66: 80 | CA66: 50 | CF66: 0 | CG66: 0 | CM66: 0 | CO66: 0 | CP66: =(P66+Q66+S66) -> 0 | CQ66: =AC66*BC66 -> 0 | CR66: =AD66*BB66 -> 0 | CS66: =AE66*BS66 -> 0 | CT66: =AF66*BA66 -> 0 | CU66: =AG66 -> 0 | CV66: =AH66 -> 0 | CW66: =AI66 -> 0 | CX66: =AJ66 -> 0 | CY66: =(((S66+R66)*AT66)/100) -> 0 | CZ66: =(((S66+R66)*AU66)/100) -> 0 | DN66: 0 | DO66: 0 | DP66: 1 | DQ66: 1 | DU66: 1009 | DV66: т | DW66: т | DX66: 1000 | EE66: 39174587 | EF66: 6 | EG66: Ремонтно-строительные работы | EH66: 0 | EJ66: 1 | EK66: 62001 | EL66: Малярные работы | EM66: рФЕР-62 | EQ66: 0 | ER66: 0 | ES66: 0 | ET66: 0 | EU66: 0 | EV66: 0 | EW66: 0 | EX66: 0 | FQ66: 0 | FR66: =ROUND(IF(AND(BH66=3,BI66=3),P66,0),2) -> 0 | FS66: 0 | FX66: 80 | FY66: 50 | GA66: занесена вручную | GD66: 0 | GF66: 84301199 | GG66: 1 | GH66: 1 | GI66: 4 | GJ66: 0 | GK66: =ROUND(R66*(R12)/100,2) -> 0 | GL66: =ROUND(IF(AND(BH66=3,BI66=3,FS66<>0),P66,0),2) -> 0 | GM66: =ROUND(O66+X66+Y66+GK66,2)+GX66 -> 0 | GN66: =IF(OR(BI66=0,BI66=1),ROUND(O66+X66+Y66+GK66,2),0) -> 0 | GO66: =IF(BI66=2,ROUND(O66+X66+Y66+GK66,2),0) -> 0 | GP66: =IF(BI66=4,ROUND(O66+X66+Y66+GK66,2)+GX66,0) -> 0 | GR66: 0 | GS66: 4 | GT66: 0 | GV66: =ROUND(GT66,2) -> 0 | GW66: 1 | GX66: =ROUND(GV66*GW66*I66,2) -> 0 | HA66: 0 | HB66: 0 | IK66: 0
A67: 17 | B67: 1 | C67: =ROW(SmtRes!A133) -> 133 | D67: =ROW(EtalonRes!A129) -> 129 | E67: 16 | F67: 09-04-012-01 | G67: Установка металлических дверных блоков в готовые проемы | H67: м2 | I67: 6.21 | J67: 0 | O67: =ROUND(CP67,2) -> 2645.14 | P67: =ROUND(CQ67*I67,2) -> 956.73 | Q67: =ROUND(CR67*I67,2) -> 669.93 | R67: =ROUND(CS67*I67,2) -> 91.51 | S67: =ROUND(CT67*I67,2) -> 1018.48 | T67: =ROUND(CU67*I67,2) -> 0 | U67: =CV67*I67 -> 17.1396 | V67: =CW67*I67 -> 1.319625 | W67: =ROUND(CX67*I67,2) -> 0 | X67: =ROUND(CY67,2) -> 899.09 | Y67: =ROUND(CZ67,2) -> 799.19 | AA67: 39076825 | AB67: =ROUND((AC67+AD67+AF67),2) -> 71.11 | AC67: =ROUND((ES67),2) -> 25.72 | AD67: =ROUND(((((ET67*1.25))-((EU67*1.25)))+AE67),2) -> 18.01 | AE67: =ROUND(((EU67*1.25)),2) -> 2.46 | AF67: =ROUND(((EV67*1.15)),2) -> 27.38 | AG67: =ROUND((AP67),2) -> 0 | AH67: =((EW67*1.15)) -> 2.76 | AI67: =((EX67*1.25)) -> 0.2125 | AJ67: =ROUND((AS67),2) -> 0 | AK67: 63.94 | AL67: 25.72 | AM67: 14.41 | AN67: 1.97 | AO67: 23.81 | AP67: 0 | AQ67: 2.4 | AR67: 0.17 | AS67: 0 | AT67: 81 | AU67: 72 | AV67: 1 | AW67: 1 | AZ67: 5.99 | BA67: 5.99 | BB67: 5.99 | BC67: 5.99 | BH67: 0 | BI67: 1 | BJ67: ФЕР-2001, 09-04-012-01, приказ Минстроя России №1039/пр от 30.12.2016г. | BM67: 9001 | BN67: 0 | BP67: 0 | BQ67: 2 | BR67: 0 | BS67: 5.99 | BT67: 1 | BU67: 1 | BV67: 1 | BW67: 1 | BX67: 1 | BZ67: 90 | CA67: 85 | CF67: 0 | CG67: 0 | CM67: 0 | CN67: Поправка: МДС 81-35.2004, п.4.7 Наименование: Работы, выполняемые при реконструкции зданий и сооружений работы, аналогичные технологическим процессам в новом строительстве (в том числе возведение новых конструктивных элементов) стоимость которых определена по соответствующим сборникам ФЕР, кроме сборника № 46 «Работы при реконструкции зданий и сооружений» | CO67: 0 | CP67: =(P67+Q67+S67) -> 2645.14 | CQ67: =AC67*BC67 -> 154.0628 | CR67: =AD67*BB67 -> 107.8799 | CS67: =AE67*BS67 -> 14.7354 | CT67: =AF67*BA67 -> 164.0062 | CU67: =AG67 -> 0 | CV67: =AH67 -> 2.76 | CW67: =AI67 -> 0.2125 | CX67: =AJ67 -> 0 | CY67: =(((S67+R67)*AT67)/100) -> 899.0919 | CZ67: =(((S67+R67)*AU67)/100) -> 799.1928 | DE67: )*1,25 | DF67: )*1,25 | DG67: )*1,15 | DI67: )*1,15 | DJ67: )*1,25 | DN67: 0 | DO67: 0 | DP67: 1 | DQ67: 1 | DU67: 1005 | DV67: м2 | DW67: м2 | DX67: 1 | EE67: 39174502 | EF67: 2 | EG67: Общестроительные работы | EH67: 0 | EJ67: 1 | EK67: 9001 | EL67: Металлические конструкции | EM67: ФЕР-09 | EO67: Поправка: МДС 81-35.2004, п.4.7 | EQ67: 0 | ER67: 63.94 | ES67: 25.72 | ET67: 14.41 | EU67: 1.97 | EV67: 23.81 | EW67: 2.4 | EX67: 0.17 | EY67: 0 | FQ67: 0 | FR67: =ROUND(IF(AND(BH67=3,BI67=3),P67,0),2) -> 0 | FS67: 0 | FT67: *0,9 | FU67: *0,85 | FX67: 81 | FY67: 72.25 | GD67: 0 | GF67: 1555078569 | GG67: 1 | GH67: 1 | GI67: 4 | GJ67: 0 | GK67: =ROUND(R67*(R12)/100,2) -> 0 | GL67: =ROUND(IF(AND(BH67=3,BI67=3,FS67<>0),P67,0),2) -> 0 | GM67: =ROUND(O67+X67+Y67+GK67,2)+GX67 -> 4343.42 | GN67: =IF(OR(BI67=0,BI67=1),ROUND(O67+X67+Y67+GK67,2),0) -> 4343.42 | GO67: =IF(BI67=2,ROUND(O67+X67+Y67+GK67,2),0) -> 0 | GP67: =IF(BI67=4,ROUND(O67+X67+Y67+GK67,2)+GX67,0) -> 0 | GR67: 0 | GS67: 3 | GT67: 0 | GV67: =ROUND(GT67,2) -> 0 | GW67: 1 | GX67: =ROUND(GV67*GW67*I67,2) -> 0 | HA67: 0 | HB67: 0 | IK67: 0
A68: 18 | B68: 1 | C68: 131 | E68: 16,1 | F68: 07.1.01.01-0019 | G68: Дверь противопожарная металлическая однопольная ДПМ-01/60, размером 900х2300 мм,900х2000мм | H68: шт. | I68: =I67*J68 -> 3 | J68: 0.48309179 | O68: =ROUND(CP68,2) -> 48146.48 | P68: =ROUND(CQ68*I68,2) -> 48146.48 | Q68: =ROUND(CR68*I68,2) -> 0 | R68: =ROUND(CS68*I68,2) -> 0 | S68: =ROUND(CT68*I68,2) -> 0 | T68: =ROUND(CU68*I68,2) -> 0 | U68: =CV68*I68 -> 0 | V68: =CW68*I68 -> 0 | W68: =ROUND(CX68*I68,2) -> 0 | X68: =ROUND(CY68,2) -> 0 | Y68: =ROUND(CZ68,2) -> 0 | AA68: 39076825 | AB68: =ROUND((AC68+AD68+AF68),2) -> 2679.27 | AC68: =ROUND((ES68),2) -> 2679.27 | AD68: =ROUND((((ET68)-(EU68))+AE68),2) -> 0 | AE68: =ROUND((EU68),2) -> 0 | AF68: =ROUND((EV68),2) -> 0 | AG68: =ROUND((AP68),2) -> 0 | AH68: =(EW68) -> 0 | AI68: =(EX68) -> 0 | AJ68: =ROUND((AS68),2) -> 0 | AK68: 2679.27 | AL68: 2679.27 | AM68: 0 | AN68: 0 | AO68: 0 | AP68: 0 | AQ68: 0 | AR68: 0 | AS68: 0 | AT68: 81 | AU68: 72 | AV68: 1 | AW68: 1 | AZ68: 5.99 | BA68: 1 | BB68: 1 | BC68: 5.99 | BH68: 3 | BI68: 1 | BJ68: ФССЦ-2001, 07.1.01.01-0019, приказ Минстроя России №1039/пр от 30.12.2016г. | BM68: 9001 | BN68: 0 | BP68: 0 | BQ68: 2 | BR68: 0 | BS68: 1 | BT68: 1 | BU68: 1 | BV68: 1 | BW68: 1 | BX68: 1 | BZ68: 90 | CA68: 85 | CF68: 0 | CG68: 0 | CM68: 0 | CO68: 0 | CP68: =(P68+Q68+S68) -> 48146.48 | CQ68: =AC68*BC68 -> 16048.827 | CR68: =AD68*BB68 -> 0 | CS68: =AE68*BS68 -> 0 | CT68: =AF68*BA68 -> 0 | CU68: =AG68 -> 0 | CV68: =AH68 -> 0 | CW68: =AI68 -> 0 | CX68: =AJ68 -> 0 | CY68: =(((S68+R68)*AT68)/100) -> 0 | CZ68: =(((S68+R68)*AU68)/100) -> 0 | DN68: 0 | DO68: 0 | DP68: 1 | DQ68: 1 | DU68: 1010 | DV68: шт. | DW68: шт. | DX68: 1 | EE68: 39174502 | EF68: 2 | EG68: Общестроительные работы | EH68: 0 | EJ68: 1 | EK68: 9001 | EL68: Металлические конструкции | EM68: ФЕР-09 | EQ68: 0 | ER68: 2679.27 | ES68: 2679.27 | ET68: 0 | EU68: 0 | EV68: 0 | EW68: 0 | EX68: 0 | FQ68: 0 | FR68: =ROUND(IF(AND(BH68=3,BI68=3),P68,0),2) -> 0 | FS68: 0 | FT68: *0,9 | FU68: *0,85 | FX68: 81 | FY68: 72.25 | GD68: 0 | GF68: 287249520 | GG68: 1 | GH68: 1 | GI68: 4 | GJ68: 0 | GK68: =ROUND(R68*(R12)/100,2) -> 0 | GL68: =ROUND(IF(AND(BH68=3,BI68=3,FS68<>0),P68,0),2) -> 0 | GM68: =ROUND(O68+X68+Y68+GK68,2)+GX68 -> 48146.48 | GN68: =IF(OR(BI68=0,BI68=1),ROUND(O68+X68+Y68+GK68,2),0) -> 48146.48 | GO68: =IF(BI68=2,ROUND(O68+X68+Y68+GK68,2),0) -> 0 | GP68: =IF(BI68=4,ROUND(O68+X68+Y68+GK68,2)+GX68,0) -> 0 | GR68: 0 | GS68: 3 | GT68: 0 | GV68: =ROUND(GT68,2) -> 0 | GW68: 1 | GX68: =ROUND(GV68*GW68*I68,2) -> 0 | HA68: 0 | HB68: 0 | IK68: 0
A69: 17 | B69: 1 | C69: =ROW(SmtRes!A144) -> 144 | D69: =ROW(EtalonRes!A140) -> 140 | E69: 17 | F69: 10-01-039-01 | G69: Установка блоков в наружных и внутренних дверных проемах в каменных стенах, площадь проема до 3 м2 | H69: 100 м2 | I69: 0.0865 | J69: 0 | O69: =ROUND(CP69,2) -> 1999.47 | P69: =ROUND(CQ69*I69,2) -> 882.81 | Q69: =ROUND(CR69*I69,2) -> 626.93 | R69: =ROUND(CS69*I69,2) -> 99.68 | S69: =ROUND(CT69*I69,2) -> 489.73 | T69: =ROUND(CU69*I69,2) -> 0 | U69: =CV69*I69 -> 8.9059967 | V69: =CW69*I69 -> 1.2629 | W69: =ROUND(CX69*I69,2) -> 0 | X69: =ROUND(CY69,2) -> 624.77 | Y69: =ROUND(CZ69,2) -> 318.28 | AA69: 39076825 | AB69: =ROUND((AC69+AD69+AF69),2) -> 3858.97 | AC69: =ROUND((ES69),2) -> 1703.82 | AD69: =ROUND(((((ET69*1.25))-((EU69*1.25)))+AE69),2) -> 1209.98 | AE69: =ROUND(((EU69*1.25)),2) -> 192.38 | AF69: =ROUND(((EV69*1.15)),2) -> 945.17 | AG69: =ROUND((AP69),2) -> 0 | AH69: =((EW69*1.15)) -> 102.9595 | AI69: =((EX69*1.25)) -> 14.6 | AJ69: =ROUND((AS69),2) -> 0 | AK69: 3493.69 | AL69: 1703.82 | AM69: 967.98 | AN69: 153.9 | AO69: 821.89 | AP69: 0 | AQ69: 89.53 | AR69: 11.68 | AS69: 0 | AT69: 106 | AU69: 54 | AV69: 1 | AW69: 1 | AZ69: 5.99 | BA69: 5.99 | BB69: 5.99 | BC69: 5.99 | BH69: 0 | BI69: 1 | BJ69: ФЕР-2001, 10-01-039-01, приказ Минстроя России №1039/пр от 30.12.2016г. | BM69: 10001 | BN69: 0 | BP69: 0 | BQ69: 2 | BR69: 0 | BS69: 5.99 | BT69: 1 | BU69: 1 | BV69: 1 | BW69: 1 | BX69: 1 | BZ69: 118 | CA69: 63 | CF69: 0 | CG69: 0 | CM69: 0 | CN69: Поправка: МДС 81-35.2004, п.4.7 Наименование: Работы, выполняемые при реконструкции зданий и сооружений работы, аналогичные технологическим процессам в новом строительстве (в том числе возведение новых конструктивных элементов) стоимость которых определена по соответствующим сборникам ФЕР, кроме сборника № 46 «Работы при реконструкции зданий и сооружений» | CO69: 0 | CP69: =(P69+Q69+S69) -> 1999.47 | CQ69: =AC69*BC69 -> 10205.882 | CR69: =AD69*BB69 -> 7247.7802 | CS69: =AE69*BS69 -> 1152.3562 | CT69: =AF69*BA69 -> 5661.5683 | CU69: =AG69 -> 0 | CV69: =AH69 -> 102.9595 | CW69: =AI69 -> 14.6 | CX69: =AJ69 -> 0 | CY69: =(((S69+R69)*AT69)/100) -> 624.7746 | CZ69: =(((S69+R69)*AU69)/100) -> 318.2814 | DE69: )*1,25 | DF69: )*1,25 | DG69: )*1,15 | DI69: )*1,15 | DJ69: )*1,25 | DN69: 0 | DO69: 0 | DP69: 1 | DQ69: 1 | DU69: 1005 | DV69: 100 м2 | DW69: 100 м2 | DX69: 100 | EE69: 39174503 | EF69: 2 | EG69: Общестроительные работы | EH69: 0 | EJ69: 1 | EK69: 10001 | EL69: Деревянные конструкции | EM69: ФЕР-10 | EO69: Поправка: МДС 81-35.2004, п.4.7 | EQ69: 0 | ER69: 3493.69 | ES69: 1703.82 | ET69: 967.98 | EU69: 153.9 | EV69: 821.89 | EW69: 89.53 | EX69: 11.68 | EY69: 0 | FQ69: 0 | FR69: =ROUND(IF(AND(BH69=3,BI69=3),P69,0),2) -> 0 | FS69: 0 | FT69: *0,9 | FU69: *0,85 | FX69: 106.2 | FY69: 53.55 | GD69: 0 | GF69: -2063365966 | GG69: 1 | GH69: 1 | GI69: 4 | GJ69: 0 | GK69: =ROUND(R69*(R12)/100,2) -> 0 | GL69: =ROUND(IF(AND(BH69=3,BI69=3,FS69<>0),P69,0),2) -> 0 | GM69: =ROUND(O69+X69+Y69+GK69,2)+GX69 -> 2942.52 | GN69: =IF(OR(BI69=0,BI69=1),ROUND(O69+X69+Y69+GK69,2),0) -> 2942.52 | GO69: =IF(BI69=2,ROUND(O69+X69+Y69+GK69,2),0) -> 0 | GP69: =IF(BI69=4,ROUND(O69+X69+Y69+GK69,2)+GX69,0) -> 0 | GR69: 0 | GS69: 3 | GT69: 0 | GV69: =ROUND(GT69,2) -> 0 | GW69: 1 | GX69: =ROUND(GV69*GW69*I69,2) -> 0 | HA69: 0 | HB69: 0 | IK69: 0
A70: 18 | B70: 1 | C70: 142 | E70: 17,1 | F70: 11.2.02.01-0021 | G70: Блоки дверные внутренние двупольные глухие шлифованные, из массива сосны, без покрытия | H70: м2 | I70: =I69*J70 -> 2.8 | J70: 32.369942 | O70: =ROUND(CP70,2) -> 16688.64 | P70: =ROUND(CQ70*I70,2) -> 16688.64 | Q70: =ROUND(CR70*I70,2) -> 0 | R70: =ROUND(CS70*I70,2) -> 0 | S70: =ROUND(CT70*I70,2) -> 0 | T70: =ROUND(CU70*I70,2) -> 0 | U70: =CV70*I70 -> 0 | V70: =CW70*I70 -> 0 | W70: =ROUND(CX70*I70,2) -> 0 | X70: =ROUND(CY70,2) -> 0 | Y70: =ROUND(CZ70,2) -> 0 | AA70: 39076825 | AB70: =ROUND((AC70+AD70+AF70),2) -> 995.03 | AC70: =ROUND((ES70),2) -> 995.03 | AD70: =ROUND((((ET70)-(EU70))+AE70),2) -> 0 | AE70: =ROUND((EU70),2) -> 0 | AF70: =ROUND((EV70),2) -> 0 | AG70: =ROUND((AP70),2) -> 0 | AH70: =(EW70) -> 0 | AI70: =(EX70) -> 0 | AJ70: =ROUND((AS70),2) -> 0 | AK70: 995.03 | AL70: 995.03 | AM70: 0 | AN70: 0 | AO70: 0 | AP70: 0 | AQ70: 0 | AR70: 0 | AS70: 0 | AT70: 106 | AU70: 54 | AV70: 1 | AW70: 1 | AZ70: 5.99 | BA70: 1 | BB70: 1 | BC70: 5.99 | BH70: 3 | BI70: 1 | BJ70: ФССЦ-2001, 11.2.02.01-0021, приказ Минстроя России №1039/пр от 30.12.2016г. | BM70: 10001 | BN70: 0 | BP70: 0 | BQ70: 2 | BR70: 0 | BS70: 1 | BT70: 1 | BU70: 1 | BV70: 1 | BW70: 1 | BX70: 1 | BZ70: 118 | CA70: 63 | CF70: 0 | CG70: 0 | CM70: 0 | CO70: 0 | CP70: =(P70+Q70+S70) -> 16688.64 | CQ70: =AC70*BC70 -> 5960.2297 | CR70: =AD70*BB70 -> 0 | CS70: =AE70*BS70 -> 0 | CT70: =AF70*BA70 -> 0 | CU70: =AG70 -> 0 | CV70: =AH70 -> 0 | CW70: =AI70 -> 0 | CX70: =AJ70 -> 0 | CY70: =(((S70+R70)*AT70)/100) -> 0 | CZ70: =(((S70+R70)*AU70)/100) -> 0 | DN70: 0 | DO70: 0 | DP70: 1 | DQ70: 1 | DU70: 1005 | DV70: м2 | DW70: м2 | DX70: 1 | EE70: 39174503 | EF70: 2 | EG70: Общестроительные работы | EH70: 0 | EJ70: 1 | EK70: 10001 | EL70: Деревянные конструкции | EM70: ФЕР-10 | EQ70: 0 | ER70: 995.03 | ES70: 995.03 | ET70: 0 | EU70: 0 | EV70: 0 | EW70: 0 | EX70: 0 | FQ70: 0 | FR70: =ROUND(IF(AND(BH70=3,BI70=3),P70,0),2) -> 0 | FS70: 0 | FT70: *0,9 | FU70: *0,85 | FX70: 106.2 | FY70: 53.55 | GD70: 0 | GF70: 372894191 | GG70: 1 | GH70: 1 | GI70: 4 | GJ70: 0 | GK70: =ROUND(R70*(R12)/100,2) -> 0 | GL70: =ROUND(IF(AND(BH70=3,BI70=3,FS70<>0),P70,0),2) -> 0 | GM70: =ROUND(O70+X70+Y70+GK70,2)+GX70 -> 16688.64 | GN70: =IF(OR(BI70=0,BI70=1),ROUND(O70+X70+Y70+GK70,2),0) -> 16688.64 | GO70: =IF(BI70=2,ROUND(O70+X70+Y70+GK70,2),0) -> 0 | GP70: =IF(BI70=4,ROUND(O70+X70+Y70+GK70,2)+GX70,0) -> 0 | GR70: 0 | GS70: 3 | GT70: 0 | GV70: =ROUND(GT70,2) -> 0 | GW70: 1 | GX70: =ROUND(GV70*GW70*I70,2) -> 0 | HA70: 0 | HB70: 0 | IK70: 0
A71: 18 | B71: 1 | C71: 143 | E71: 17,2 | F71: 11.2.02.01-0033 | G71: Блоки дверные внутренние однопольные глухие, фанерованные шпоном дуба | H71: м2 | I71: =I69*J71 -> 5.85 | J71: 67.630058 | O71: =ROUND(CP71,2) -> 44559.82 | P71: =ROUND(CQ71*I71,2) -> 44559.82 | Q71: =ROUND(CR71*I71,2) -> 0 | R71: =ROUND(CS71*I71,2) -> 0 | S71: =ROUND(CT71*I71,2) -> 0 | T71: =ROUND(CU71*I71,2) -> 0 | U71: =CV71*I71 -> 0 | V71: =CW71*I71 -> 0 | W71: =ROUND(CX71*I71,2) -> 0 | X71: =ROUND(CY71,2) -> 0 | Y71: =ROUND(CZ71,2) -> 0 | AA71: 39076825 | AB71: =ROUND((AC71+AD71+AF71),2) -> 1271.63 | AC71: =ROUND((ES71),2) -> 1271.63 | AD71: =ROUND((((ET71)-(EU71))+AE71),2) -> 0 | AE71: =ROUND((EU71),2) -> 0 | AF71: =ROUND((EV71),2) -> 0 | AG71: =ROUND((AP71),2) -> 0 | AH71: =(EW71) -> 0 | AI71: =(EX71) -> 0 | AJ71: =ROUND((AS71),2) -> 0 | AK71: 1271.63 | AL71: 1271.63 | AM71: 0 | AN71: 0 | AO71: 0 | AP71: 0 | AQ71: 0 | AR71: 0 | AS71: 0 | AT71: 106 | AU71: 54 | AV71: 1 | AW71: 1 | AZ71: 5.99 | BA71: 1 | BB71: 1 | BC71: 5.99 | BH71: 3 | BI71: 1 | BJ71: ФССЦ-2001, 11.2.02.01-0033, приказ Минстроя России №1039/пр от 30.12.2016г. | BM71: 10001 | BN71: 0 | BP71: 0 | BQ71: 2 | BR71: 0 | BS71: 1 | BT71: 1 | BU71: 1 | BV71: 1 | BW71: 1 | BX71: 1 | BZ71: 118 | CA71: 63 | CF71: 0 | CG71: 0 | CM71: 0 | CO71: 0 | CP71: =(P71+Q71+S71) -> 44559.82 | CQ71: =AC71*BC71 -> 7617.0637 | CR71: =AD71*BB71 -> 0 | CS71: =AE71*BS71 -> 0 | CT71: =AF71*BA71 -> 0 | CU71: =AG71 -> 0 | CV71: =AH71 -> 0 | CW71: =AI71 -> 0 | CX71: =AJ71 -> 0 | CY71: =(((S71+R71)*AT71)/100) -> 0 | CZ71: =(((S71+R71)*AU71)/100) -> 0 | DN71: 0 | DO71: 0 | DP71: 1 | DQ71: 1 | DU71: 1005 | DV71: м2 | DW71: м2 | DX71: 1 | EE71: 39174503 | EF71: 2 | EG71: Общестроительные работы | EH71: 0 | EJ71: 1 | EK71: 10001 | EL71: Деревянные конструкции | EM71: ФЕР-10 | EQ71: 0 | ER71: 1271.63 | ES71: 1271.63 | ET71: 0 | EU71: 0 | EV71: 0 | EW71: 0 | EX71: 0 | FQ71: 0 | FR71: =ROUND(IF(AND(BH71=3,BI71=3),P71,0),2) -> 0 | FS71: 0 | FT71: *0,9 | FU71: *0,85 | FX71: 106.2 | FY71: 53.55 | GD71: 0 | GF71: -796608360 | GG71: 1 | GH71: 1 | GI71: 4 | GJ71: 0 | GK71: =ROUND(R71*(R12)/100,2) -> 0 | GL71: =ROUND(IF(AND(BH71=3,BI71=3,FS71<>0),P71,0),2) -> 0 | GM71: =ROUND(O71+X71+Y71+GK71,2)+GX71 -> 44559.82 | GN71: =IF(OR(BI71=0,BI71=1),ROUND(O71+X71+Y71+GK71,2),0) -> 44559.82 | GO71: =IF(BI71=2,ROUND(O71+X71+Y71+GK71,2),0) -> 0 | GP71: =IF(BI71=4,ROUND(O71+X71+Y71+GK71,2)+GX71,0) -> 0 | GR71: 0 | GS71: 3 | GT71: 0 | GV71: =ROUND(GT71,2) -> 0 | GW71: 1 | GX71: =ROUND(GV71*GW71*I71,2) -> 0 | HA71: 0 | HB71: 0 | IK71: 0
A72: 18 | B72: 1 | C72: 141 | E72: 17,3 | F72: 11.2.02.01 | G72: Блоки дверные | H72: м2 | I72: =I69*J72 -> 8.65 | J72: 100 | O72: =ROUND(CP72,2) -> 0 | P72: =ROUND(CQ72*I72,2) -> 0 | Q72: =ROUND(CR72*I72,2) -> 0 | R72: =ROUND(CS72*I72,2) -> 0 | S72: =ROUND(CT72*I72,2) -> 0 | T72: =ROUND(CU72*I72,2) -> 0 | U72: =CV72*I72 -> 0 | V72: =CW72*I72 -> 0 | W72: =ROUND(CX72*I72,2) -> 0 | X72: =ROUND(CY72,2) -> 0 | Y72: =ROUND(CZ72,2) -> 0 | AA72: 39076825 | AB72: =ROUND((AC72+AD72+AF72),2) -> 0 | AC72: =ROUND((ES72),2) -> 0 | AD72: =ROUND((((ET72)-(EU72))+AE72),2) -> 0 | AE72: =ROUND((EU72),2) -> 0 | AF72: =ROUND((EV72),2) -> 0 | AG72: =ROUND((AP72),2) -> 0 | AH72: =(EW72) -> 0 | AI72: =(EX72) -> 0 | AJ72: =ROUND((AS72),2) -> 0 | AK72: 0 | AL72: 0 | AM72: 0 | AN72: 0 | AO72: 0 | AP72: 0 | AQ72: 0 | AR72: 0 | AS72: 0 | AT72: 106 | AU72: 54 | AV72: 1 | AW72: 1 | AZ72: 5.99 | BA72: 1 | BB72: 1 | BC72: 5.99 | BH72: 3 | BI72: 1 | BM72: 10001 | BN72: 0 | BP72: 0 | BQ72: 2 | BR72: 0 | BS72: 1 | BT72: 1 | BU72: 1 | BV72: 1 | BW72: 1 | BX72: 1 | BZ72: 118 | CA72: 63 | CF72: 0 | CG72: 0 | CM72: 0 | CO72: 0 | CP72: =(P72+Q72+S72) -> 0 | CQ72: =AC72*BC72 -> 0 | CR72: =AD72*BB72 -> 0 | CS72: =AE72*BS72 -> 0 | CT72: =AF72*BA72 -> 0 | CU72: =AG72 -> 0 | CV72: =AH72 -> 0 | CW72: =AI72 -> 0 | CX72: =AJ72 -> 0 | CY72: =(((S72+R72)*AT72)/100) -> 0 | CZ72: =(((S72+R72)*AU72)/100) -> 0 | DN72: 0 | DO72: 0 | DP72: 1 | DQ72: 1 | DU72: 1005 | DV72: м2 | DW72: м2 | DX72: 1 | EE72: 39174503 | EF72: 2 | EG72: Общестроительные работы | EH72: 0 | EJ72: 1 | EK72: 10001 | EL72: Деревянные конструкции | EM72: ФЕР-10 | EQ72: 0 | ER72: 0 | ES72: 0 | ET72: 0 | EU72: 0 | EV72: 0 | EW72: 0 | EX72: 0 | FQ72: 0 | FR72: =ROUND(IF(AND(BH72=3,BI72=3),P72,0),2) -> 0 | FS72: 0 | FT72: *0,9 | FU72: *0,85 | FX72: 106.2 | FY72: 53.55 | GA72: занесена вручную | GD72: 0 | GF72: -732808487 | GG72: 1 | GH72: 1 | GI72: 4 | GJ72: 0 | GK72: =ROUND(R72*(R12)/100,2) -> 0 | GL72: =ROUND(IF(AND(BH72=3,BI72=3,FS72<>0),P72,0),2) -> 0 | GM72: =ROUND(O72+X72+Y72+GK72,2)+GX72 -> 0 | GN72: =IF(OR(BI72=0,BI72=1),ROUND(O72+X72+Y72+GK72,2),0) -> 0 | GO72: =IF(BI72=2,ROUND(O72+X72+Y72+GK72,2),0) -> 0 | GP72: =IF(BI72=4,ROUND(O72+X72+Y72+GK72,2)+GX72,0) -> 0 | GR72: 0 | GS72: 4 | GT72: 0 | GV72: =ROUND(GT72,2) -> 0 | GW72: 1 | GX72: =ROUND(GV72*GW72*I72,2) -> 0 | HA72: 0 | HB72: 0 | IK72: 0
A73: 17 | B73: 1 | C73: =ROW(SmtRes!A151) -> 151 | D73: =ROW(EtalonRes!A146) -> 146 | E73: 18 | F73: 62-33-2 | G73: Окраска масляными составами ранее окрашенных поверхностей радиаторов и ребристых труб отопления за 2 раза | H73: 100 м2 | I73: 0.09 | J73: 0 | O73: =ROUND(CP73,2) -> 393.39 | P73: =ROUND(CQ73*I73,2) -> 82.34 | Q73: =ROUND(CR73*I73,2) -> 0.36 | R73: =ROUND(CS73*I73,2) -> 0.06 | S73: =ROUND(CT73*I73,2) -> 310.69 | T73: =ROUND(CU73*I73,2) -> 0 | U73: =CV73*I73 -> 5.9346 | V73: =CW73*I73 -> 0.0009 | W73: =ROUND(CX73*I73,2) -> 0 | X73: =ROUND(CY73,2) -> 248.6 | Y73: =ROUND(CZ73,2) -> 155.38 | AA73: 39076825 | AB73: =ROUND((AC73+AD73+AF73),2) -> 729.71 | AC73: =ROUND((ES73),2) -> 152.73 | AD73: =ROUND((((ET73)-(EU73))+AE73),2) -> 0.66 | AE73: =ROUND((EU73),2) -> 0.12 | AF73: =ROUND((EV73),2) -> 576.32 | AG73: =ROUND((AP73),2) -> 0 | AH73: =(EW73) -> 65.94 | AI73: =(EX73) -> 0.01 | AJ73: =ROUND((AS73),2) -> 0 | AK73: 729.71 | AL73: 152.73 | AM73: 0.66 | AN73: 0.12 | AO73: 576.32 | AP73: 0 | AQ73: 65.94 | AR73: 0.01 | AS73: 0 | AT73: 80 | AU73: 50 | AV73: 1 | AW73: 1 | AZ73: 5.99 | BA73: 5.99 | BB73: 5.99 | BC73: 5.99 | BH73: 0 | BI73: 1 | BJ73: ФЕР-2001, 62-33-2, приказ Минстроя России №1039/пр от 30.12.2016г. | BM73: 62001 | BN73: 0 | BP73: 0 | BQ73: 6 | BR73: 0 | BS73: 5.99 | BT73: 1 | BU73: 1 | BV73: 1 | BW73: 1 | BX73: 1 | BZ73: 80 | CA73: 50 | CF73: 0 | CG73: 0 | CM73: 0 | CO73: 0 | CP73: =(P73+Q73+S73) -> 393.39 | CQ73: =AC73*BC73 -> 914.8527 | CR73: =AD73*BB73 -> 3.9534 | CS73: =AE73*BS73 -> 0.7188 | CT73: =AF73*BA73 -> 3452.1568 | CU73: =AG73 -> 0 | CV73: =AH73 -> 65.94 | CW73: =AI73 -> 0.01 | CX73: =AJ73 -> 0 | CY73: =(((S73+R73)*AT73)/100) -> 248.6 | CZ73: =(((S73+R73)*AU73)/100) -> 155.375 | DN73: 0 | DO73: 0 | DP73: 1 | DQ73: 1 | DU73: 1005 | DV73: 100 м2 | DW73: 100 м2 | DX73: 100 | EE73: 39174587 | EF73: 6 | EG73: Ремонтно-строительные работы | EH73: 0 | EJ73: 1 | EK73: 62001 | EL73: Малярные работы | EM73: рФЕР-62 | EQ73: 0 | ER73: 729.71 | ES73: 152.73 | ET73: 0.66 | EU73: 0.12 | EV73: 576.32 | EW73: 65.94 | EX73: 0.01 | EY73: 0 | FQ73: 0 | FR73: =ROUND(IF(AND(BH73=3,BI73=3),P73,0),2) -> 0 | FS73: 0 | FX73: 80 | FY73: 50 | GD73: 0 | GF73: -1809699380 | GG73: 1 | GH73: 1 | GI73: 4 | GJ73: 0 | GK73: =ROUND(R73*(R12)/100,2) -> 0 | GL73: =ROUND(IF(AND(BH73=3,BI73=3,FS73<>0),P73,0),2) -> 0 | GM73: =ROUND(O73+X73+Y73+GK73,2)+GX73 -> 797.37 | GN73: =IF(OR(BI73=0,BI73=1),ROUND(O73+X73+Y73+GK73,2),0) -> 797.37 | GO73: =IF(BI73=2,ROUND(O73+X73+Y73+GK73,2),0) -> 0 | GP73: =IF(BI73=4,ROUND(O73+X73+Y73+GK73,2)+GX73,0) -> 0 | GR73: 0 | GS73: 3 | GT73: 0 | GV73: =ROUND(GT73,2) -> 0 | GW73: 1 | GX73: =ROUND(GV73*GW73*I73,2) -> 0 | HA73: 0 | HB73: 0 | IK73: 0
A74: 18 | B74: 1 | C74: 150 | E74: 18,1 | F74: 14.4.02.04-0223 | G74: Краски масляные и алкидные, готовые к применению белила цинковые МА-22 | H74: т | I74: =I73*J74 -> 0.001449 | J74: 0.0161 | O74: =ROUND(CP74,2) -> 195.58 | P74: =ROUND(CQ74*I74,2) -> 195.58 | Q74: =ROUND(CR74*I74,2) -> 0 | R74: =ROUND(CS74*I74,2) -> 0 | S74: =ROUND(CT74*I74,2) -> 0 | T74: =ROUND(CU74*I74,2) -> 0 | U74: =CV74*I74 -> 0 | V74: =CW74*I74 -> 0 | W74: =ROUND(CX74*I74,2) -> 0 | X74: =ROUND(CY74,2) -> 0 | Y74: =ROUND(CZ74,2) -> 0 | AA74: 39076825 | AB74: =ROUND((AC74+AD74+AF74),2) -> 22533 | AC74: =ROUND((ES74),2) -> 22533 | AD74: =ROUND((((ET74)-(EU74))+AE74),2) -> 0 | AE74: =ROUND((EU74),2) -> 0 | AF74: =ROUND((EV74),2) -> 0 | AG74: =ROUND((AP74),2) -> 0 | AH74: =(EW74) -> 0 | AI74: =(EX74) -> 0 | AJ74: =ROUND((AS74),2) -> 0 | AK74: 22533 | AL74: 22533 | AM74: 0 | AN74: 0 | AO74: 0 | AP74: 0 | AQ74: 0 | AR74: 0 | AS74: 0 | AT74: 80 | AU74: 50 | AV74: 1 | AW74: 1 | AZ74: 5.99 | BA74: 1 | BB74: 1 | BC74: 5.99 | BH74: 3 | BI74: 1 | BJ74: ФССЦ-2001, 14.4.02.04-0223, приказ Минстроя России №1039/пр от 30.12.2016г. | BM74: 62001 | BN74: 0 | BP74: 0 | BQ74: 6 | BR74: 0 | BS74: 1 | BT74: 1 | BU74: 1 | BV74: 1 | BW74: 1 | BX74: 1 | BZ74: 80 | CA74: 50 | CF74: 0 | CG74: 0 | CM74: 0 | CO74: 0 | CP74: =(P74+Q74+S74) -> 195.58 | CQ74: =AC74*BC74 -> 134972.67 | CR74: =AD74*BB74 -> 0 | CS74: =AE74*BS74 -> 0 | CT74: =AF74*BA74 -> 0 | CU74: =AG74 -> 0 | CV74: =AH74 -> 0 | CW74: =AI74 -> 0 | CX74: =AJ74 -> 0 | CY74: =(((S74+R74)*AT74)/100) -> 0 | CZ74: =(((S74+R74)*AU74)/100) -> 0 | DN74: 0 | DO74: 0 | DP74: 1 | DQ74: 1 | DU74: 1009 | DV74: т | DW74: т | DX74: 1000 | EE74: 39174587 | EF74: 6 | EG74: Ремонтно-строительные работы | EH74: 0 | EJ74: 1 | EK74: 62001 | EL74: Малярные работы | EM74: рФЕР-62 | EQ74: 0 | ER74: 22533 | ES74: 22533 | ET74: 0 | EU74: 0 | EV74: 0 | EW74: 0 | EX74: 0 | FQ74: 0 | FR74: =ROUND(IF(AND(BH74=3,BI74=3),P74,0),2) -> 0 | FS74: 0 | FX74: 80 | FY74: 50 | GD74: 0 | GF74: 400327460 | GG74: 1 | GH74: 1 | GI74: 4 | GJ74: 0 | GK74: =ROUND(R74*(R12)/100,2) -> 0 | GL74: =ROUND(IF(AND(BH74=3,BI74=3,FS74<>0),P74,0),2) -> 0 | GM74: =ROUND(O74+X74+Y74+GK74,2)+GX74 -> 195.58 | GN74: =IF(OR(BI74=0,BI74=1),ROUND(O74+X74+Y74+GK74,2),0) -> 195.58 | GO74: =IF(BI74=2,ROUND(O74+X74+Y74+GK74,2),0) -> 0 | GP74: =IF(BI74=4,ROUND(O74+X74+Y74+GK74,2)+GX74,0) -> 0 | GR74: 0 | GS74: 3 | GT74: 0 | GV74: =ROUND(GT74,2) -> 0 | GW74: 1 | GX74: =ROUND(GV74*GW74*I74,2) -> 0 | HA74: 0 | HB74: 0 | IK74: 0
A75: 18 | B75: 1 | C75: 149 | E75: 18,2 | F75: 14.4.02.04 | G75: Краски для внутренних работ масляные готовые к применению | H75: т | I75: =I73*J75 -> 0.001449 | J75: 0.0161 | O75: =ROUND(CP75,2) -> 0 | P75: =ROUND(CQ75*I75,2) -> 0 | Q75: =ROUND(CR75*I75,2) -> 0 | R75: =ROUND(CS75*I75,2) -> 0 | S75: =ROUND(CT75*I75,2) -> 0 | T75: =ROUND(CU75*I75,2) -> 0 | U75: =CV75*I75 -> 0 | V75: =CW75*I75 -> 0 | W75: =ROUND(CX75*I75,2) -> 0 | X75: =ROUND(CY75,2) -> 0 | Y75: =ROUND(CZ75,2) -> 0 | AA75: 39076825 | AB75: =ROUND((AC75+AD75+AF75),2) -> 0 | AC75: =ROUND((ES75),2) -> 0 | AD75: =ROUND((((ET75)-(EU75))+AE75),2) -> 0 | AE75: =ROUND((EU75),2) -> 0 | AF75: =ROUND((EV75),2) -> 0 | AG75: =ROUND((AP75),2) -> 0 | AH75: =(EW75) -> 0 | AI75: =(EX75) -> 0 | AJ75: =ROUND((AS75),2) -> 0 | AK75: 0 | AL75: 0 | AM75: 0 | AN75: 0 | AO75: 0 | AP75: 0 | AQ75: 0 | AR75: 0 | AS75: 0 | AT75: 80 | AU75: 50 | AV75: 1 | AW75: 1 | AZ75: 5.99 | BA75: 1 | BB75: 1 | BC75: 5.99 | BH75: 3 | BI75: 1 | BM75: 62001 | BN75: 0 | BP75: 0 | BQ75: 6 | BR75: 0 | BS75: 1 | BT75: 1 | BU75: 1 | BV75: 1 | BW75: 1 | BX75: 1 | BZ75: 80 | CA75: 50 | CF75: 0 | CG75: 0 | CM75: 0 | CO75: 0 | CP75: =(P75+Q75+S75) -> 0 | CQ75: =AC75*BC75 -> 0 | CR75: =AD75*BB75 -> 0 | CS75: =AE75*BS75 -> 0 | CT75: =AF75*BA75 -> 0 | CU75: =AG75 -> 0 | CV75: =AH75 -> 0 | CW75: =AI75 -> 0 | CX75: =AJ75 -> 0 | CY75: =(((S75+R75)*AT75)/100) -> 0 | CZ75: =(((S75+R75)*AU75)/100) -> 0 | DN75: 0 | DO75: 0 | DP75: 1 | DQ75: 1 | DU75: 1009 | DV75: т | DW75: т | DX75: 1000 | EE75: 39174587 | EF75: 6 | EG75: Ремонтно-строительные работы | EH75: 0 | EJ75: 1 | EK75: 62001 | EL75: Малярные работы | EM75: рФЕР-62 | EQ75: 0 | ER75: 0 | ES75: 0 | ET75: 0 | EU75: 0 | EV75: 0 | EW75: 0 | EX75: 0 | FQ75: 0 | FR75: =ROUND(IF(AND(BH75=3,BI75=3),P75,0),2) -> 0 | FS75: 0 | FX75: 80 | FY75: 50 | GA75: занесена вручную | GD75: 0 | GF75: 84301199 | GG75: 1 | GH75: 1 | GI75: 4 | GJ75: 0 | GK75: =ROUND(R75*(R12)/100,2) -> 0 | GL75: =ROUND(IF(AND(BH75=3,BI75=3,FS75<>0),P75,0),2) -> 0 | GM75: =ROUND(O75+X75+Y75+GK75,2)+GX75 -> 0 | GN75: =IF(OR(BI75=0,BI75=1),ROUND(O75+X75+Y75+GK75,2),0) -> 0 | GO75: =IF(BI75=2,ROUND(O75+X75+Y75+GK75,2),0) -> 0 | GP75: =IF(BI75=4,ROUND(O75+X75+Y75+GK75,2)+GX75,0) -> 0 | GR75: 0 | GS75: 4 | GT75: 0 | GV75: =ROUND(GT75,2) -> 0 | GW75: 1 | GX75: =ROUND(GV75*GW75*I75,2) -> 0 | HA75: 0 | HB75: 0 | IK75: 0
A76: 17 | B76: 1 | C76: =ROW(SmtRes!A158) -> 158 | D76: =ROW(EtalonRes!A152) -> 152 | E76: 19 | F76: 62-32-2 | G76: Окраска масляными составами ранее окрашенных поверхностей труб стальных за 2 раза | H76: 100 м2 | I76: 0.0624 | J76: 0 | O76: =ROUND(CP76,2) -> 301.06 | P76: =ROUND(CQ76*I76,2) -> 57.09 | Q76: =ROUND(CR76*I76,2) -> 0.25 | R76: =ROUND(CS76*I76,2) -> 0.04 | S76: =ROUND(CT76*I76,2) -> 243.72 | T76: =ROUND(CU76*I76,2) -> 0 | U76: =CV76*I76 -> 5.02944 | V76: =CW76*I76 -> 0.000624 | W76: =ROUND(CX76*I76,2) -> 0 | X76: =ROUND(CY76,2) -> 195.01 | Y76: =ROUND(CZ76,2) -> 121.88 | AA76: 39076825 | AB76: =ROUND((AC76+AD76+AF76),2) -> 805.44 | AC76: =ROUND((ES76),2) -> 152.73 | AD76: =ROUND((((ET76)-(EU76))+AE76),2) -> 0.66 | AE76: =ROUND((EU76),2) -> 0.12 | AF76: =ROUND((EV76),2) -> 652.05 | AG76: =ROUND((AP76),2) -> 0 | AH76: =(EW76) -> 80.6 | AI76: =(EX76) -> 0.01 | AJ76: =ROUND((AS76),2) -> 0 | AK76: 805.44 | AL76: 152.73 | AM76: 0.66 | AN76: 0.12 | AO76: 652.05 | AP76: 0 | AQ76: 80.6 | AR76: 0.01 | AS76: 0 | AT76: 80 | AU76: 50 | AV76: 1 | AW76: 1 | AZ76: 5.99 | BA76: 5.99 | BB76: 5.99 | BC76: 5.99 | BH76: 0 | BI76: 1 | BJ76: ФЕР-2001, 62-32-2, приказ Минстроя России №1039/пр от 30.12.2016г. | BM76: 62001 | BN76: 0 | BP76: 0 | BQ76: 6 | BR76: 0 | BS76: 5.99 | BT76: 1 | BU76: 1 | BV76: 1 | BW76: 1 | BX76: 1 | BZ76: 80 | CA76: 50 | CF76: 0 | CG76: 0 | CM76: 0 | CO76: 0 | CP76: =(P76+Q76+S76) -> 301.06 | CQ76: =AC76*BC76 -> 914.8527 | CR76: =AD76*BB76 -> 3.9534 | CS76: =AE76*BS76 -> 0.7188 | CT76: =AF76*BA76 -> 3905.7795 | CU76: =AG76 -> 0 | CV76: =AH76 -> 80.6 | CW76: =AI76 -> 0.01 | CX76: =AJ76 -> 0 | CY76: =(((S76+R76)*AT76)/100) -> 195.008 | CZ76: =(((S76+R76)*AU76)/100) -> 121.88 | DN76: 0 | DO76: 0 | DP76: 1 | DQ76: 1 | DU76: 1005 | DV76: 100 м2 | DW76: 100 м2 | DX76: 100 | EE76: 39174587 | EF76: 6 | EG76: Ремонтно-строительные работы | EH76: 0 | EJ76: 1 | EK76: 62001 | EL76: Малярные работы | EM76: рФЕР-62 | EQ76: 0 | ER76: 805.44 | ES76: 152.73 | ET76: 0.66 | EU76: 0.12 | EV76: 652.05 | EW76: 80.6 | EX76: 0.01 | EY76: 0 | FQ76: 0 | FR76: =ROUND(IF(AND(BH76=3,BI76=3),P76,0),2) -> 0 | FS76: 0 | FX76: 80 | FY76: 50 | GD76: 0 | GF76: 1737780028 | GG76: 1 | GH76: 1 | GI76: 4 | GJ76: 0 | GK76: =ROUND(R76*(R12)/100,2) -> 0 | GL76: =ROUND(IF(AND(BH76=3,BI76=3,FS76<>0),P76,0),2) -> 0 | GM76: =ROUND(O76+X76+Y76+GK76,2)+GX76 -> 617.95 | GN76: =IF(OR(BI76=0,BI76=1),ROUND(O76+X76+Y76+GK76,2),0) -> 617.95 | GO76: =IF(BI76=2,ROUND(O76+X76+Y76+GK76,2),0) -> 0 | GP76: =IF(BI76=4,ROUND(O76+X76+Y76+GK76,2)+GX76,0) -> 0 | GR76: 0 | GS76: 3 | GT76: 0 | GV76: =ROUND(GT76,2) -> 0 | GW76: 1 | GX76: =ROUND(GV76*GW76*I76,2) -> 0 | HA76: 0 | HB76: 0 | IK76: 0
A77: 18 | B77: 1 | C77: 157 | E77: 19,1 | F77: 14.4.02.04-0223 | G77: Краски масляные и алкидные, готовые к применению белила цинковые МА-22 | H77: т | I77: =I76*J77 -> 0.001005 | J77: 0.016105769 | O77: =ROUND(CP77,2) -> 135.65 | P77: =ROUND(CQ77*I77,2) -> 135.65 | Q77: =ROUND(CR77*I77,2) -> 0 | R77: =ROUND(CS77*I77,2) -> 0 | S77: =ROUND(CT77*I77,2) -> 0 | T77: =ROUND(CU77*I77,2) -> 0 | U77: =CV77*I77 -> 0 | V77: =CW77*I77 -> 0 | W77: =ROUND(CX77*I77,2) -> 0 | X77: =ROUND(CY77,2) -> 0 | Y77: =ROUND(CZ77,2) -> 0 | AA77: 39076825 | AB77: =ROUND((AC77+AD77+AF77),2) -> 22533 | AC77: =ROUND((ES77),2) -> 22533 | AD77: =ROUND((((ET77)-(EU77))+AE77),2) -> 0 | AE77: =ROUND((EU77),2) -> 0 | AF77: =ROUND((EV77),2) -> 0 | AG77: =ROUND((AP77),2) -> 0 | AH77: =(EW77) -> 0 | AI77: =(EX77) -> 0 | AJ77: =ROUND((AS77),2) -> 0 | AK77: 22533 | AL77: 22533 | AM77: 0 | AN77: 0 | AO77: 0 | AP77: 0 | AQ77: 0 | AR77: 0 | AS77: 0 | AT77: 80 | AU77: 50 | AV77: 1 | AW77: 1 | AZ77: 5.99 | BA77: 1 | BB77: 1 | BC77: 5.99 | BH77: 3 | BI77: 1 | BJ77: ФССЦ-2001, 14.4.02.04-0223, приказ Минстроя России №1039/пр от 30.12.2016г. | BM77: 62001 | BN77: 0 | BP77: 0 | BQ77: 6 | BR77: 0 | BS77: 1 | BT77: 1 | BU77: 1 | BV77: 1 | BW77: 1 | BX77: 1 | BZ77: 80 | CA77: 50 | CF77: 0 | CG77: 0 | CM77: 0 | CO77: 0 | CP77: =(P77+Q77+S77) -> 135.65 | CQ77: =AC77*BC77 -> 134972.67 | CR77: =AD77*BB77 -> 0 | CS77: =AE77*BS77 -> 0 | CT77: =AF77*BA77 -> 0 | CU77: =AG77 -> 0 | CV77: =AH77 -> 0 | CW77: =AI77 -> 0 | CX77: =AJ77 -> 0 | CY77: =(((S77+R77)*AT77)/100) -> 0 | CZ77: =(((S77+R77)*AU77)/100) -> 0 | DN77: 0 | DO77: 0 | DP77: 1 | DQ77: 1 | DU77: 1009 | DV77: т | DW77: т | DX77: 1000 | EE77: 39174587 | EF77: 6 | EG77: Ремонтно-строительные работы | EH77: 0 | EJ77: 1 | EK77: 62001 | EL77: Малярные работы | EM77: рФЕР-62 | EQ77: 0 | ER77: 22533 | ES77: 22533 | ET77: 0 | EU77: 0 | EV77: 0 | EW77: 0 | EX77: 0 | FQ77: 0 | FR77: =ROUND(IF(AND(BH77=3,BI77=3),P77,0),2) -> 0 | FS77: 0 | FX77: 80 | FY77: 50 | GD77: 0 | GF77: 400327460 | GG77: 1 | GH77: 1 | GI77: 4 | GJ77: 0 | GK77: =ROUND(R77*(R12)/100,2) -> 0 | GL77: =ROUND(IF(AND(BH77=3,BI77=3,FS77<>0),P77,0),2) -> 0 | GM77: =ROUND(O77+X77+Y77+GK77,2)+GX77 -> 135.65 | GN77: =IF(OR(BI77=0,BI77=1),ROUND(O77+X77+Y77+GK77,2),0) -> 135.65 | GO77: =IF(BI77=2,ROUND(O77+X77+Y77+GK77,2),0) -> 0 | GP77: =IF(BI77=4,ROUND(O77+X77+Y77+GK77,2)+GX77,0) -> 0 | GR77: 0 | GS77: 3 | GT77: 0 | GV77: =ROUND(GT77,2) -> 0 | GW77: 1 | GX77: =ROUND(GV77*GW77*I77,2) -> 0 | HA77: 0 | HB77: 0 | IK77: 0
A78: 18 | B78: 1 | C78: 156 | E78: 19,2 | F78: 14.4.02.04 | G78: Краски для внутренних работ масляные готовые к применению | H78: т | I78: =I76*J78 -> 0.001005 | J78: 0.016105769 | O78: =ROUND(CP78,2) -> 0 | P78: =ROUND(CQ78*I78,2) -> 0 | Q78: =ROUND(CR78*I78,2) -> 0 | R78: =ROUND(CS78*I78,2) -> 0 | S78: =ROUND(CT78*I78,2) -> 0 | T78: =ROUND(CU78*I78,2) -> 0 | U78: =CV78*I78 -> 0 | V78: =CW78*I78 -> 0 | W78: =ROUND(CX78*I78,2) -> 0 | X78: =ROUND(CY78,2) -> 0 | Y78: =ROUND(CZ78,2) -> 0 | AA78: 39076825 | AB78: =ROUND((AC78+AD78+AF78),2) -> 0 | AC78: =ROUND((ES78),2) -> 0 | AD78: =ROUND((((ET78)-(EU78))+AE78),2) -> 0 | AE78: =ROUND((EU78),2) -> 0 | AF78: =ROUND((EV78),2) -> 0 | AG78: =ROUND((AP78),2) -> 0 | AH78: =(EW78) -> 0 | AI78: =(EX78) -> 0 | AJ78: =ROUND((AS78),2) -> 0 | AK78: 0 | AL78: 0 | AM78: 0 | AN78: 0 | AO78: 0 | AP78: 0 | AQ78: 0 | AR78: 0 | AS78: 0 | AT78: 80 | AU78: 50 | AV78: 1 | AW78: 1 | AZ78: 5.99 | BA78: 1 | BB78: 1 | BC78: 5.99 | BH78: 3 | BI78: 1 | BM78: 62001 | BN78: 0 | BP78: 0 | BQ78: 6 | BR78: 0 | BS78: 1 | BT78: 1 | BU78: 1 | BV78: 1 | BW78: 1 | BX78: 1 | BZ78: 80 | CA78: 50 | CF78: 0 | CG78: 0 | CM78: 0 | CO78: 0 | CP78: =(P78+Q78+S78) -> 0 | CQ78: =AC78*BC78 -> 0 | CR78: =AD78*BB78 -> 0 | CS78: =AE78*BS78 -> 0 | CT78: =AF78*BA78 -> 0 | CU78: =AG78 -> 0 | CV78: =AH78 -> 0 | CW78: =AI78 -> 0 | CX78: =AJ78 -> 0 | CY78: =(((S78+R78)*AT78)/100) -> 0 | CZ78: =(((S78+R78)*AU78)/100) -> 0 | DN78: 0 | DO78: 0 | DP78: 1 | DQ78: 1 | DU78: 1009 | DV78: т | DW78: т | DX78: 1000 | EE78: 39174587 | EF78: 6 | EG78: Ремонтно-строительные работы | EH78: 0 | EJ78: 1 | EK78: 62001 | EL78: Малярные работы | EM78: рФЕР-62 | EQ78: 0 | ER78: 0 | ES78: 0 | ET78: 0 | EU78: 0 | EV78: 0 | EW78: 0 | EX78: 0 | FQ78: 0 | FR78: =ROUND(IF(AND(BH78=3,BI78=3),P78,0),2) -> 0 | FS78: 0 | FX78: 80 | FY78: 50 | GA78: занесена вручную | GD78: 0 | GF78: 84301199 | GG78: 1 | GH78: 1 | GI78: 4 | GJ78: 0 | GK78: =ROUND(R78*(R12)/100,2) -> 0 | GL78: =ROUND(IF(AND(BH78=3,BI78=3,FS78<>0),P78,0),2) -> 0 | GM78: =ROUND(O78+X78+Y78+GK78,2)+GX78 -> 0 | GN78: =IF(OR(BI78=0,BI78=1),ROUND(O78+X78+Y78+GK78,2),0) -> 0 | GO78: =IF(BI78=2,ROUND(O78+X78+Y78+GK78,2),0) -> 0 | GP78: =IF(BI78=4,ROUND(O78+X78+Y78+GK78,2)+GX78,0) -> 0 | GR78: 0 | GS78: 4 | GT78: 0 | GV78: =ROUND(GT78,2) -> 0 | GW78: 1 | GX78: =ROUND(GV78*GW78*I78,2) -> 0 | HA78: 0 | HB78: 0 | IK78: 0
A79: 17 | B79: 1 | C79: =ROW(SmtRes!A159) -> 159 | D79: =ROW(EtalonRes!A154) -> 154 | E79: 20 | F79: 67-1-1 | G79: Демонтаж электропроводки | H79: 100 м | I79: 1.2 | J79: 0 | O79: =ROUND(CP79,2) -> 142.39 | P79: =ROUND(CQ79*I79,2) -> 0 | Q79: =ROUND(CR79*I79,2) -> 0 | R79: =ROUND(CS79*I79,2) -> 0 | S79: =ROUND(CT79*I79,2) -> 142.39 | T79: =ROUND(CU79*I79,2) -> 0 | U79: =CV79*I79 -> 3.048 | V79: =CW79*I79 -> 0 | W79: =ROUND(CX79*I79,2) -> 0 | X79: =ROUND(CY79,2) -> 121.03 | Y79: =ROUND(CZ79,2) -> 92.55 | AA79: 39076825 | AB79: =ROUND((AC79+AD79+AF79),2) -> 19.81 | AC79: =ROUND((ES79),2) -> 0 | AD79: =ROUND((((ET79)-(EU79))+AE79),2) -> 0 | AE79: =ROUND((EU79),2) -> 0 | AF79: =ROUND((EV79),2) -> 19.81 | AG79: =ROUND((AP79),2) -> 0 | AH79: =(EW79) -> 2.54 | AI79: =(EX79) -> 0 | AJ79: =ROUND((AS79),2) -> 0 | AK79: 19.81 | AL79: 0 | AM79: 0 | AN79: 0 | AO79: 19.81 | AP79: 0 | AQ79: 2.54 | AR79: 0 | AS79: 0 | AT79: 85 | AU79: 65 | AV79: 1 | AW79: 1 | AZ79: 5.99 | BA79: 5.99 | BB79: 5.99 | BC79: 5.99 | BH79: 0 | BI79: 1 | BJ79: ФЕР-2001, 67-1-1, приказ Минстроя России №1039/пр от 30.12.2016г. | BM79: 67001 | BN79: 0 | BP79: 0 | BQ79: 6 | BR79: 0 | BS79: 5.99 | BT79: 1 | BU79: 1 | BV79: 1 | BW79: 1 | BX79: 1 | BZ79: 85 | CA79: 65 | CF79: 0 | CG79: 0 | CM79: 0 | CO79: 0 | CP79: =(P79+Q79+S79) -> 142.39 | CQ79: =AC79*BC79 -> 0 | CR79: =AD79*BB79 -> 0 | CS79: =AE79*BS79 -> 0 | CT79: =AF79*BA79 -> 118.6619 | CU79: =AG79 -> 0 | CV79: =AH79 -> 2.54 | CW79: =AI79 -> 0 | CX79: =AJ79 -> 0 | CY79: =(((S79+R79)*AT79)/100) -> 121.0315 | CZ79: =(((S79+R79)*AU79)/100) -> 92.5535 | DN79: 0 | DO79: 0 | DP79: 1 | DQ79: 1 | DU79: 1003 | DV79: 100 м | DW79: 100 м | DX79: 100 | EE79: 39174628 | EF79: 6 | EG79: Ремонтно-строительные работы | EH79: 0 | EJ79: 1 | EK79: 67001 | EL79: Электромонтажные работы | EM79: рФЕР-67 | EQ79: 0 | ER79: 19.81 | ES79: 0 | ET79: 0 | EU79: 0 | EV79: 19.81 | EW79: 2.54 | EX79: 0 | EY79: 0 | FQ79: 0 | FR79: =ROUND(IF(AND(BH79=3,BI79=3),P79,0),2) -> 0 | FS79: 0 | FX79: 85 | FY79: 65 | GD79: 0 | GF79: -728393377 | GG79: 1 | GH79: 1 | GI79: 4 | GJ79: 0 | GK79: =ROUND(R79*(R12)/100,2) -> 0 | GL79: =ROUND(IF(AND(BH79=3,BI79=3,FS79<>0),P79,0),2) -> 0 | GM79: =ROUND(O79+X79+Y79+GK79,2)+GX79 -> 355.97 | GN79: =IF(OR(BI79=0,BI79=1),ROUND(O79+X79+Y79+GK79,2),0) -> 355.97 | GO79: =IF(BI79=2,ROUND(O79+X79+Y79+GK79,2),0) -> 0 | GP79: =IF(BI79=4,ROUND(O79+X79+Y79+GK79,2)+GX79,0) -> 0 | GR79: 0 | GS79: 3 | GT79: 0 | GV79: =ROUND(GT79,2) -> 0 | GW79: 1 | GX79: =ROUND(GV79*GW79*I79,2) -> 0 | HA79: 0 | HB79: 0 | IK79: 0
A80: 17 | B80: 1 | C80: =ROW(SmtRes!A162) -> 162 | D80: =ROW(EtalonRes!A157) -> 157 | E80: 21 | F80: 67-4-5 | G80: Демонтаж светильников для люминесцентных ламп | H80: 100 ШТ | I80: 0.84 | J80: 0 | O80: =ROUND(CP80,2) -> 734.51 | P80: =ROUND(CQ80*I80,2) -> 0 | Q80: =ROUND(CR80*I80,2) -> 12.58 | R80: =ROUND(CS80*I80,2) -> 5.43 | S80: =ROUND(CT80*I80,2) -> 721.93 | T80: =ROUND(CU80*I80,2) -> 0 | U80: =CV80*I80 -> 15.0276 | V80: =CW80*I80 -> 0.0672 | W80: =ROUND(CX80*I80,2) -> 0 | X80: =ROUND(CY80,2) -> 618.26 | Y80: =ROUND(CZ80,2) -> 472.78 | AA80: 39076825 | AB80: =ROUND((AC80+AD80+AF80),2) -> 145.98 | AC80: =ROUND((ES80),2) -> 0 | AD80: =ROUND((((ET80)-(EU80))+AE80),2) -> 2.5 | AE80: =ROUND((EU80),2) -> 1.08 | AF80: =ROUND((EV80),2) -> 143.48 | AG80: =ROUND((AP80),2) -> 0 | AH80: =(EW80) -> 17.89 | AI80: =(EX80) -> 0.08 | AJ80: =ROUND((AS80),2) -> 0 | AK80: 145.98 | AL80: 0 | AM80: 2.5 | AN80: 1.08 | AO80: 143.48 | AP80: 0 | AQ80: 17.89 | AR80: 0.08 | AS80: 0 | AT80: 85 | AU80: 65 | AV80: 1 | AW80: 1 | AZ80: 5.99 | BA80: 5.99 | BB80: 5.99 | BC80: 5.99 | BH80: 0 | BI80: 1 | BJ80: ФЕР-2001, 67-4-5, приказ Минстроя России №1039/пр от 30.12.2016г. | BM80: 67001 | BN80: 0 | BP80: 0 | BQ80: 6 | BR80: 0 | BS80: 5.99 | BT80: 1 | BU80: 1 | BV80: 1 | BW80: 1 | BX80: 1 | BZ80: 85 | CA80: 65 | CF80: 0 | CG80: 0 | CM80: 0 | CO80: 0 | CP80: =(P80+Q80+S80) -> 734.51 | CQ80: =AC80*BC80 -> 0 | CR80: =AD80*BB80 -> 14.975 | CS80: =AE80*BS80 -> 6.4692 | CT80: =AF80*BA80 -> 859.4452 | CU80: =AG80 -> 0 | CV80: =AH80 -> 17.89 | CW80: =AI80 -> 0.08 | CX80: =AJ80 -> 0 | CY80: =(((S80+R80)*AT80)/100) -> 618.256 | CZ80: =(((S80+R80)*AU80)/100) -> 472.784 | DN80: 0 | DO80: 0 | DP80: 1 | DQ80: 1 | DU80: 1013 | DV80: 100 ШТ | DW80: 100 ШТ | DX80: 1 | EE80: 39174628 | EF80: 6 | EG80: Ремонтно-строительные работы | EH80: 0 | EJ80: 1 | EK80: 67001 | EL80: Электромонтажные работы | EM80: рФЕР-67 | EQ80: 0 | ER80: 145.98 | ES80: 0 | ET80: 2.5 | EU80: 1.08 | EV80: 143.48 | EW80: 17.89 | EX80: 0.08 | EY80: 0 | FQ80: 0 | FR80: =ROUND(IF(AND(BH80=3,BI80=3),P80,0),2) -> 0 | FS80: 0 | FX80: 85 | FY80: 65 | GD80: 0 | GF80: -194580641 | GG80: 1 | GH80: 1 | GI80: 4 | GJ80: 0 | GK80: =ROUND(R80*(R12)/100,2) -> 0 | GL80: =ROUND(IF(AND(BH80=3,BI80=3,FS80<>0),P80,0),2) -> 0 | GM80: =ROUND(O80+X80+Y80+GK80,2)+GX80 -> 1825.55 | GN80: =IF(OR(BI80=0,BI80=1),ROUND(O80+X80+Y80+GK80,2),0) -> 1825.55 | GO80: =IF(BI80=2,ROUND(O80+X80+Y80+GK80,2),0) -> 0 | GP80: =IF(BI80=4,ROUND(O80+X80+Y80+GK80,2)+GX80,0) -> 0 | GR80: 0 | GS80: 3 | GT80: 0 | GV80: =ROUND(GT80,2) -> 0 | GW80: 1 | GX80: =ROUND(GV80*GW80*I80,2) -> 0 | HA80: 0 | HB80: 0 | IK80: 0
A81: 17 | B81: 1 | C81: =ROW(SmtRes!A163) -> 163 | D81: =ROW(EtalonRes!A158) -> 158 | E81: 22 | F81: 67-4-1 | G81: Демонтаж выключателей, розеток | H81: 100 ШТ | I81: 1.18 | J81: 0 | O81: =ROUND(CP81,2) -> 321.96 | P81: =ROUND(CQ81*I81,2) -> 0 | Q81: =ROUND(CR81*I81,2) -> 0 | R81: =ROUND(CS81*I81,2) -> 0 | S81: =ROUND(CT81*I81,2) -> 321.96 | T81: =ROUND(CU81*I81,2) -> 0 | U81: =CV81*I81 -> 6.8912 | V81: =CW81*I81 -> 0 | W81: =ROUND(CX81*I81,2) -> 0 | X81: =ROUND(CY81,2) -> 273.67 | Y81: =ROUND(CZ81,2) -> 209.27 | AA81: 39076825 | AB81: =ROUND((AC81+AD81+AF81),2) -> 45.55 | AC81: =ROUND((ES81),2) -> 0 | AD81: =ROUND((((ET81)-(EU81))+AE81),2) -> 0 | AE81: =ROUND((EU81),2) -> 0 | AF81: =ROUND((EV81),2) -> 45.55 | AG81: =ROUND((AP81),2) -> 0 | AH81: =(EW81) -> 5.84 | AI81: =(EX81) -> 0 | AJ81: =ROUND((AS81),2) -> 0 | AK81: 45.55 | AL81: 0 | AM81: 0 | AN81: 0 | AO81: 45.55 | AP81: 0 | AQ81: 5.84 | AR81: 0 | AS81: 0 | AT81: 85 | AU81: 65 | AV81: 1 | AW81: 1 | AZ81: 5.99 | BA81: 5.99 | BB81: 5.99 | BC81: 5.99 | BH81: 0 | BI81: 1 | BJ81: ФЕР-2001, 67-4-1, приказ Минстроя России №1039/пр от 30.12.2016г. | BM81: 67001 | BN81: 0 | BP81: 0 | BQ81: 6 | BR81: 0 | BS81: 5.99 | BT81: 1 | BU81: 1 | BV81: 1 | BW81: 1 | BX81: 1 | BZ81: 85 | CA81: 65 | CF81: 0 | CG81: 0 | CM81: 0 | CO81: 0 | CP81: =(P81+Q81+S81) -> 321.96 | CQ81: =AC81*BC81 -> 0 | CR81: =AD81*BB81 -> 0 | CS81: =AE81*BS81 -> 0 | CT81: =AF81*BA81 -> 272.8445 | CU81: =AG81 -> 0 | CV81: =AH81 -> 5.84 | CW81: =AI81 -> 0 | CX81: =AJ81 -> 0 | CY81: =(((S81+R81)*AT81)/100) -> 273.666 | CZ81: =(((S81+R81)*AU81)/100) -> 209.274 | DN81: 0 | DO81: 0 | DP81: 1 | DQ81: 1 | DU81: 1013 | DV81: 100 ШТ | DW81: 100 ШТ | DX81: 1 | EE81: 39174628 | EF81: 6 | EG81: Ремонтно-строительные работы | EH81: 0 | EJ81: 1 | EK81: 67001 | EL81: Электромонтажные работы | EM81: рФЕР-67 | EQ81: 0 | ER81: 45.55 | ES81: 0 | ET81: 0 | EU81: 0 | EV81: 45.55 | EW81: 5.84 | EX81: 0 | EY81: 0 | FQ81: 0 | FR81: =ROUND(IF(AND(BH81=3,BI81=3),P81,0),2) -> 0 | FS81: 0 | FX81: 85 | FY81: 65 | GD81: 0 | GF81: -364073208 | GG81: 1 | GH81: 1 | GI81: 4 | GJ81: 0 | GK81: =ROUND(R81*(R12)/100,2) -> 0 | GL81: =ROUND(IF(AND(BH81=3,BI81=3,FS81<>0),P81,0),2) -> 0 | GM81: =ROUND(O81+X81+Y81+GK81,2)+GX81 -> 804.9 | GN81: =IF(OR(BI81=0,BI81=1),ROUND(O81+X81+Y81+GK81,2),0) -> 804.9 | GO81: =IF(BI81=2,ROUND(O81+X81+Y81+GK81,2),0) -> 0 | GP81: =IF(BI81=4,ROUND(O81+X81+Y81+GK81,2)+GX81,0) -> 0 | GR81: 0 | GS81: 3 | GT81: 0 | GV81: =ROUND(GT81,2) -> 0 | GW81: 1 | GX81: =ROUND(GV81*GW81*I81,2) -> 0 | HA81: 0 | HB81: 0 | IK81: 0
A82: 17 | B82: 1 | C82: =ROW(SmtRes!A172) -> 172 | D82: =ROW(EtalonRes!A166) -> 166 | E82: 23 | F82: м08-02-399-01 прим. | G82: Провод в коробах, сечением до 6 мм2 | H82: 100 м | I82: =ROUND(12/100,9) -> 0.12 | J82: 0 | O82: =ROUND(CP82,2) -> 29.56 | P82: =ROUND(CQ82*I82,2) -> 9.22 | Q82: =ROUND(CR82*I82,2) -> 1.28 | R82: =ROUND(CS82*I82,2) -> 0.19 | S82: =ROUND(CT82*I82,2) -> 19.06 | T82: =ROUND(CU82*I82,2) -> 0 | U82: =CV82*I82 -> 0.3384 | V82: =CW82*I82 -> 0.0024 | W82: =ROUND(CX82*I82,2) -> 0 | X82: =ROUND(CY82,2) -> 18.29 | Y82: =ROUND(CZ82,2) -> 12.51 | AA82: 39076825 | AB82: =ROUND((AC82+AD82+AF82),2) -> 41.11 | AC82: =ROUND((ES82),2) -> 12.82 | AD82: =ROUND((((ET82)-(EU82))+AE82),2) -> 1.78 | AE82: =ROUND((EU82),2) -> 0.26 | AF82: =ROUND((EV82),2) -> 26.51 | AG82: =ROUND((AP82),2) -> 0 | AH82: =(EW82) -> 2.82 | AI82: =(EX82) -> 0.02 | AJ82: =ROUND((AS82),2) -> 0 | AK82: 41.11 | AL82: 12.82 | AM82: 1.78 | AN82: 0.26 | AO82: 26.51 | AP82: 0 | AQ82: 2.82 | AR82: 0.02 | AS82: 0 | AT82: 95 | AU82: 65 | AV82: 1 | AW82: 1 | AZ82: 5.99 | BA82: 5.99 | BB82: 5.99 | BC82: 5.99 | BH82: 0 | BI82: 2 | BJ82: ФЕРм-2001, м08-02-399-01, приказ Минстроя России №1039/пр от 30.12.2016г. | BM82: 108001 | BN82: 0 | BP82: 0 | BQ82: 3 | BR82: 0 | BS82: 5.99 | BT82: 1 | BU82: 1 | BV82: 1 | BW82: 1 | BX82: 1 | BZ82: 95 | CA82: 65 | CF82: 0 | CG82: 0 | CM82: 0 | CO82: 0 | CP82: =(P82+Q82+S82) -> 29.56 | CQ82: =AC82*BC82 -> 76.7918 | CR82: =AD82*BB82 -> 10.6622 | CS82: =AE82*BS82 -> 1.5574 | CT82: =AF82*BA82 -> 158.7949 | CU82: =AG82 -> 0 | CV82: =AH82 -> 2.82 | CW82: =AI82 -> 0.02 | CX82: =AJ82 -> 0 | CY82: =(((S82+R82)*AT82)/100) -> 18.2875 | CZ82: =(((S82+R82)*AU82)/100) -> 12.5125 | DN82: 0 | DO82: 0 | DP82: 1 | DQ82: 1 | DU82: 1003 | DV82: 100 м | DW82: 100 м | DX82: 100 | EE82: 39174386 | EF82: 3 | EG82: Монтажные работы | EH82: 0 | EJ82: 2 | EK82: 108001 | EL82: Электромонтажные работы , отдел 01-03 : ( на АЭС НР = 110% ) - (работы по упр. авиа.- движением: СП=55% ( {АВИА}=1; обычные работы : СП=65 - {AВИА}=0), при работе на АЭС СП= 68% ) | EM82: мФЕР-08 | EQ82: 0 | ER82: 41.11 | ES82: 12.82 | ET82: 1.78 | EU82: 0.26 | EV82: 26.51 | EW82: 2.82 | EX82: 0.02 | EY82: 0 | FQ82: 0 | FR82: =ROUND(IF(AND(BH82=3,BI82=3),P82,0),2) -> 0 | FS82: 0 | FX82: 95 | FY82: 65 | GD82: 0 | GF82: -859099330 | GG82: 1 | GH82: 1 | GI82: 4 | GJ82: 0 | GK82: =ROUND(R82*(R12)/100,2) -> 0 | GL82: =ROUND(IF(AND(BH82=3,BI82=3,FS82<>0),P82,0),2) -> 0 | GM82: =ROUND(O82+X82+Y82+GK82,2)+GX82 -> 60.36 | GN82: =IF(OR(BI82=0,BI82=1),ROUND(O82+X82+Y82+GK82,2),0) -> 0 | GO82: =IF(BI82=2,ROUND(O82+X82+Y82+GK82,2),0) -> 60.36 | GP82: =IF(BI82=4,ROUND(O82+X82+Y82+GK82,2)+GX82,0) -> 0 | GR82: 0 | GS82: 3 | GT82: 0 | GV82: =ROUND(GT82,2) -> 0 | GW82: 1 | GX82: =ROUND(GV82*GW82*I82,2) -> 0 | HA82: 0 | HB82: 0 | IK82: 0
A83: 18 | B83: 1 | C83: 171 | E83: 23,1 | F83: 21.1.06.09-0151 | G83: Кабель силовой с медными жилами с поливинилхлоридной изоляцией и оболочкой, не распространяющий горение, с низким дымо- и газовыделением марки ВВГнг-LS, с числом жил - 3 и сечением 1,5 мм2 | H83: 1000 м | I83: =I82*J83 -> 0.012 | J83: 0.1 | O83: =ROUND(CP83,2) -> 347.33 | P83: =ROUND(CQ83*I83,2) -> 347.33 | Q83: =ROUND(CR83*I83,2) -> 0 | R83: =ROUND(CS83*I83,2) -> 0 | S83: =ROUND(CT83*I83,2) -> 0 | T83: =ROUND(CU83*I83,2) -> 0 | U83: =CV83*I83 -> 0 | V83: =CW83*I83 -> 0 | W83: =ROUND(CX83*I83,2) -> 0 | X83: =ROUND(CY83,2) -> 0 | Y83: =ROUND(CZ83,2) -> 0 | AA83: 39076825 | AB83: =ROUND((AC83+AD83+AF83),2) -> 4832.12 | AC83: =ROUND((ES83),2) -> 4832.12 | AD83: =ROUND((((ET83)-(EU83))+AE83),2) -> 0 | AE83: =ROUND((EU83),2) -> 0 | AF83: =ROUND((EV83),2) -> 0 | AG83: =ROUND((AP83),2) -> 0 | AH83: =(EW83) -> 0 | AI83: =(EX83) -> 0 | AJ83: =ROUND((AS83),2) -> 0 | AK83: 4832.12 | AL83: 4832.12 | AM83: 0 | AN83: 0 | AO83: 0 | AP83: 0 | AQ83: 0 | AR83: 0 | AS83: 0 | AT83: 95 | AU83: 65 | AV83: 1 | AW83: 1 | AZ83: 5.99 | BA83: 1 | BB83: 1 | BC83: 5.99 | BH83: 3 | BI83: 2 | BJ83: ФССЦ-2001, 21.1.06.09-0151, приказ Минстроя России №1039/пр от 30.12.2016г. | BM83: 108001 | BN83: 0 | BP83: 0 | BQ83: 3 | BR83: 0 | BS83: 1 | BT83: 1 | BU83: 1 | BV83: 1 | BW83: 1 | BX83: 1 | BZ83: 95 | CA83: 65 | CF83: 0 | CG83: 0 | CM83: 0 | CO83: 0 | CP83: =(P83+Q83+S83) -> 347.33 | CQ83: =AC83*BC83 -> 28944.399 | CR83: =AD83*BB83 -> 0 | CS83: =AE83*BS83 -> 0 | CT83: =AF83*BA83 -> 0 | CU83: =AG83 -> 0 | CV83: =AH83 -> 0 | CW83: =AI83 -> 0 | CX83: =AJ83 -> 0 | CY83: =(((S83+R83)*AT83)/100) -> 0 | CZ83: =(((S83+R83)*AU83)/100) -> 0 | DN83: 0 | DO83: 0 | DP83: 1 | DQ83: 1 | DU83: 1013 | DV83: 1000 м | DW83: 1000 М | DX83: 1 | EE83: 39174386 | EF83: 3 | EG83: Монтажные работы | EH83: 0 | EJ83: 2 | EK83: 108001 | EL83: Электромонтажные работы , отдел 01-03 : ( на АЭС НР = 110% ) - (работы по упр. авиа.- движением: СП=55% ( {АВИА}=1; обычные работы : СП=65 - {AВИА}=0), при работе на АЭС СП= 68% ) | EM83: мФЕР-08 | EQ83: 0 | ER83: 4832.12 | ES83: 4832.12 | ET83: 0 | EU83: 0 | EV83: 0 | EW83: 0 | EX83: 0 | FQ83: 0 | FR83: =ROUND(IF(AND(BH83=3,BI83=3),P83,0),2) -> 0 | FS83: 0 | FX83: 95 | FY83: 65 | GD83: 0 | GF83: -1479501953 | GG83: 1 | GH83: 1 | GI83: 4 | GJ83: 0 | GK83: =ROUND(R83*(R12)/100,2) -> 0 | GL83: =ROUND(IF(AND(BH83=3,BI83=3,FS83<>0),P83,0),2) -> 0 | GM83: =ROUND(O83+X83+Y83+GK83,2)+GX83 -> 347.33 | GN83: =IF(OR(BI83=0,BI83=1),ROUND(O83+X83+Y83+GK83,2),0) -> 0 | GO83: =IF(BI83=2,ROUND(O83+X83+Y83+GK83,2),0) -> 347.33 | GP83: =IF(BI83=4,ROUND(O83+X83+Y83+GK83,2)+GX83,0) -> 0 | GR83: 0 | GS83: 3 | GT83: 0 | GV83: =ROUND(GT83,2) -> 0 | GW83: 1 | GX83: =ROUND(GV83*GW83*I83,2) -> 0 | HA83: 0 | HB83: 0 | IK83: 0
A84: 17 | B84: 1 | C84: =ROW(SmtRes!A179) -> 179 | D84: =ROW(EtalonRes!A172) -> 172 | E84: 24 | F84: м08-02-390-01 | G84: Короба пластмассовые шириной до 40 мм | H84: 100 м | I84: 0.77 | J84: 0 | O84: =ROUND(CP84,2) -> 953.64 | P84: =ROUND(CQ84*I84,2) -> 237.67 | Q84: =ROUND(CR84*I84,2) -> 1.43 | R84: =ROUND(CS84*I84,2) -> 0.65 | S84: =ROUND(CT84*I84,2) -> 714.54 | T84: =ROUND(CU84*I84,2) -> 0 | U84: =CV84*I84 -> 12.5433 | V84: =CW84*I84 -> 0.0077 | W84: =ROUND(CX84*I84,2) -> 0 | X84: =ROUND(CY84,2) -> 679.43 | Y84: =ROUND(CZ84,2) -> 464.87 | AA84: 39076825 | AB84: =ROUND((AC84+AD84+AF84),2) -> 206.76 | AC84: =ROUND((ES84),2) -> 51.53 | AD84: =ROUND((((ET84)-(EU84))+AE84),2) -> 0.31 | AE84: =ROUND((EU84),2) -> 0.14 | AF84: =ROUND((EV84),2) -> 154.92 | AG84: =ROUND((AP84),2) -> 0 | AH84: =(EW84) -> 16.29 | AI84: =(EX84) -> 0.01 | AJ84: =ROUND((AS84),2) -> 0 | AK84: 206.76 | AL84: 51.53 | AM84: 0.31 | AN84: 0.14 | AO84: 154.92 | AP84: 0 | AQ84: 16.29 | AR84: 0.01 | AS84: 0 | AT84: 95 | AU84: 65 | AV84: 1 | AW84: 1 | AZ84: 5.99 | BA84: 5.99 | BB84: 5.99 | BC84: 5.99 | BH84: 0 | BI84: 2 | BJ84: ФЕРм-2001, м08-02-390-01, приказ Минстроя России №1039/пр от 30.12.2016г. | BM84: 108001 | BN84: 0 | BP84: 0 | BQ84: 3 | BR84: 0 | BS84: 5.99 | BT84: 1 | BU84: 1 | BV84: 1 | BW84: 1 | BX84: 1 | BZ84: 95 | CA84: 65 | CF84: 0 | CG84: 0 | CM84: 0 | CO84: 0 | CP84: =(P84+Q84+S84) -> 953.64 | CQ84: =AC84*BC84 -> 308.6647 | CR84: =AD84*BB84 -> 1.8569 | CS84: =AE84*BS84 -> 0.8386 | CT84: =AF84*BA84 -> 927.9708 | CU84: =AG84 -> 0 | CV84: =AH84 -> 16.29 | CW84: =AI84 -> 0.01 | CX84: =AJ84 -> 0 | CY84: =(((S84+R84)*AT84)/100) -> 679.4305 | CZ84: =(((S84+R84)*AU84)/100) -> 464.8735 | DN84: 0 | DO84: 0 | DP84: 1 | DQ84: 1 | DU84: 1003 | DV84: 100 м | DW84: 100 м | DX84: 100 | EE84: 39174386 | EF84: 3 | EG84: Монтажные работы | EH84: 0 | EJ84: 2 | EK84: 108001 | EL84: Электромонтажные работы , отдел 01-03 : ( на АЭС НР = 110% ) - (работы по упр. авиа.- движением: СП=55% ( {АВИА}=1; обычные работы : СП=65 - {AВИА}=0), при работе на АЭС СП= 68% ) | EM84: мФЕР-08 | EQ84: 0 | ER84: 206.76 | ES84: 51.53 | ET84: 0.31 | EU84: 0.14 | EV84: 154.92 | EW84: 16.29 | EX84: 0.01 | EY84: 0 | FQ84: 0 | FR84: =ROUND(IF(AND(BH84=3,BI84=3),P84,0),2) -> 0 | FS84: 0 | FX84: 95 | FY84: 65 | GD84: 0 | GF84: -1776686347 | GG84: 1 | GH84: 1 | GI84: 4 | GJ84: 0 | GK84: =ROUND(R84*(R12)/100,2) -> 0 | GL84: =ROUND(IF(AND(BH84=3,BI84=3,FS84<>0),P84,0),2) -> 0 | GM84: =ROUND(O84+X84+Y84+GK84,2)+GX84 -> 2097.94 | GN84: =IF(OR(BI84=0,BI84=1),ROUND(O84+X84+Y84+GK84,2),0) -> 0 | GO84: =IF(BI84=2,ROUND(O84+X84+Y84+GK84,2),0) -> 2097.94 | GP84: =IF(BI84=4,ROUND(O84+X84+Y84+GK84,2)+GX84,0) -> 0 | GR84: 0 | GS84: 3 | GT84: 0 | GV84: =ROUND(GT84,2) -> 0 | GW84: 1 | GX84: =ROUND(GV84*GW84*I84,2) -> 0 | HA84: 0 | HB84: 0 | IK84: 0
A85: 18 | B85: 1 | C85: 178 | E85: 24,1 | F85: 20.2.05.04-0011 | G85: Кабель-канал (короб) "Legrand" 10х10 мм прим. | H85: 100 м | I85: =I84*J85 -> 0.77 | J85: 1 | O85: =ROUND(CP85,2) -> 3297.79 | P85: =ROUND(CQ85*I85,2) -> 3297.79 | Q85: =ROUND(CR85*I85,2) -> 0 | R85: =ROUND(CS85*I85,2) -> 0 | S85: =ROUND(CT85*I85,2) -> 0 | T85: =ROUND(CU85*I85,2) -> 0 | U85: =CV85*I85 -> 0 | V85: =CW85*I85 -> 0 | W85: =ROUND(CX85*I85,2) -> 0 | X85: =ROUND(CY85,2) -> 0 | Y85: =ROUND(CZ85,2) -> 0 | AA85: 39076825 | AB85: =ROUND((AC85+AD85+AF85),2) -> 715 | AC85: =ROUND((ES85),2) -> 715 | AD85: =ROUND((((ET85)-(EU85))+AE85),2) -> 0 | AE85: =ROUND((EU85),2) -> 0 | AF85: =ROUND((EV85),2) -> 0 | AG85: =ROUND((AP85),2) -> 0 | AH85: =(EW85) -> 0 | AI85: =(EX85) -> 0 | AJ85: =ROUND((AS85),2) -> 0 | AK85: 715 | AL85: 715 | AM85: 0 | AN85: 0 | AO85: 0 | AP85: 0 | AQ85: 0 | AR85: 0 | AS85: 0 | AT85: 95 | AU85: 65 | AV85: 1 | AW85: 1 | AZ85: 5.99 | BA85: 1 | BB85: 1 | BC85: 5.99 | BH85: 3 | BI85: 2 | BJ85: ФССЦ-2001, 20.2.05.04-0011, приказ Минстроя России №1039/пр от 30.12.2016г. | BM85: 108001 | BN85: 0 | BP85: 0 | BQ85: 3 | BR85: 0 | BS85: 1 | BT85: 1 | BU85: 1 | BV85: 1 | BW85: 1 | BX85: 1 | BZ85: 95 | CA85: 65 | CF85: 0 | CG85: 0 | CM85: 0 | CO85: 0 | CP85: =(P85+Q85+S85) -> 3297.79 | CQ85: =AC85*BC85 -> 4282.85 | CR85: =AD85*BB85 -> 0 | CS85: =AE85*BS85 -> 0 | CT85: =AF85*BA85 -> 0 | CU85: =AG85 -> 0 | CV85: =AH85 -> 0 | CW85: =AI85 -> 0 | CX85: =AJ85 -> 0 | CY85: =(((S85+R85)*AT85)/100) -> 0 | CZ85: =(((S85+R85)*AU85)/100) -> 0 | DN85: 0 | DO85: 0 | DP85: 1 | DQ85: 1 | DU85: 1003 | DV85: 100 м | DW85: 100 м | DX85: 100 | EE85: 39174386 | EF85: 3 | EG85: Монтажные работы | EH85: 0 | EJ85: 2 | EK85: 108001 | EL85: Электромонтажные работы , отдел 01-03 : ( на АЭС НР = 110% ) - (работы по упр. авиа.- движением: СП=55% ( {АВИА}=1; обычные работы : СП=65 - {AВИА}=0), при работе на АЭС СП= 68% ) | EM85: мФЕР-08 | EQ85: 0 | ER85: 715 | ES85: 715 | ET85: 0 | EU85: 0 | EV85: 0 | EW85: 0 | EX85: 0 | FQ85: 0 | FR85: =ROUND(IF(AND(BH85=3,BI85=3),P85,0),2) -> 0 | FS85: 0 | FX85: 95 | FY85: 65 | GD85: 0 | GF85: -481293366 | GG85: 1 | GH85: 1 | GI85: 4 | GJ85: 0 | GK85: =ROUND(R85*(R12)/100,2) -> 0 | GL85: =ROUND(IF(AND(BH85=3,BI85=3,FS85<>0),P85,0),2) -> 0 | GM85: =ROUND(O85+X85+Y85+GK85,2)+GX85 -> 3297.79 | GN85: =IF(OR(BI85=0,BI85=1),ROUND(O85+X85+Y85+GK85,2),0) -> 0 | GO85: =IF(BI85=2,ROUND(O85+X85+Y85+GK85,2),0) -> 3297.79 | GP85: =IF(BI85=4,ROUND(O85+X85+Y85+GK85,2)+GX85,0) -> 0 | GR85: 0 | GS85: 3 | GT85: 0 | GV85: =ROUND(GT85,2) -> 0 | GW85: 1 | GX85: =ROUND(GV85*GW85*I85,2) -> 0 | HA85: 0 | HB85: 0 | IK85: 0
A86: 17 | B86: 1 | C86: =ROW(SmtRes!A185) -> 185 | D86: =ROW(EtalonRes!A177) -> 177 | E86: 25 | F86: м10-08-019-01 | G86: Коробка ответвительная на стене | H86: ШТ | I86: 56 | J86: 0 | O86: =ROUND(CP86,2) -> 1774.48 | P86: =ROUND(CQ86*I86,2) -> 137.53 | Q86: =ROUND(CR86*I86,2) -> 0 | R86: =ROUND(CS86*I86,2) -> 0 | S86: =ROUND(CT86*I86,2) -> 1636.95 | T86: =ROUND(CU86*I86,2) -> 0 | U86: =CV86*I86 -> 28 | V86: =CW86*I86 -> 0 | W86: =ROUND(CX86*I86,2) -> 0 | X86: =ROUND(CY86,2) -> 1309.56 | Y86: =ROUND(CZ86,2) -> 982.17 | AA86: 39076825 | AB86: =ROUND((AC86+AD86+AF86),2) -> 5.29 | AC86: =ROUND((ES86),2) -> 0.41 | AD86: =ROUND((((ET86)-(EU86))+AE86),2) -> 0 | AE86: =ROUND((EU86),2) -> 0 | AF86: =ROUND((EV86),2) -> 4.88 | AG86: =ROUND((AP86),2) -> 0 | AH86: =(EW86) -> 0.5 | AI86: =(EX86) -> 0 | AJ86: =ROUND((AS86),2) -> 0 | AK86: 5.29 | AL86: 0.41 | AM86: 0 | AN86: 0 | AO86: 4.88 | AP86: 0 | AQ86: 0.5 | AR86: 0 | AS86: 0 | AT86: 80 | AU86: 60 | AV86: 1 | AW86: 1 | AZ86: 5.99 | BA86: 5.99 | BB86: 5.99 | BC86: 5.99 | BH86: 0 | BI86: 2 | BJ86: ФЕРм-2001, м10-08-019-01, приказ Минстроя России №1039/пр от 30.12.2016г. | BM86: 110011 | BN86: 0 | BP86: 0 | BQ86: 3 | BR86: 0 | BS86: 5.99 | BT86: 1 | BU86: 1 | BV86: 1 | BW86: 1 | BX86: 1 | BZ86: 80 | CA86: 60 | CF86: 0 | CG86: 0 | CM86: 0 | CO86: 0 | CP86: =(P86+Q86+S86) -> 1774.48 | CQ86: =AC86*BC86 -> 2.4559 | CR86: =AD86*BB86 -> 0 | CS86: =AE86*BS86 -> 0 | CT86: =AF86*BA86 -> 29.2312 | CU86: =AG86 -> 0 | CV86: =AH86 -> 0.5 | CW86: =AI86 -> 0 | CX86: =AJ86 -> 0 | CY86: =(((S86+R86)*AT86)/100) -> 1309.56 | CZ86: =(((S86+R86)*AU86)/100) -> 982.17 | DN86: 0 | DO86: 0 | DP86: 1 | DQ86: 1 | DU86: 1013 | DV86: ШТ | DW86: ШТ | DX86: 1 | EE86: 39174433 | EF86: 3 | EG86: Монтажные работы | EH86: 0 | EJ86: 2 | EK86: 110011 | EL86: Связь: пожарно-охранная сигнализация и пром. телевиз. установки ( отделы 8 и 9 ) (при устройстве средств посадки самолетов : НР=95%, СП=55% - {АВИА}=1) | EM86: мФЕР-10 | EQ86: 0 | ER86: 5.29 | ES86: 0.41 | ET86: 0 | EU86: 0 | EV86: 4.88 | EW86: 0.5 | EX86: 0 | EY86: 0 | FQ86: 0 | FR86: =ROUND(IF(AND(BH86=3,BI86=3),P86,0),2) -> 0 | FS86: 0 | FX86: 80 | FY86: 60 | GD86: 0 | GF86: 287023441 | GG86: 1 | GH86: 1 | GI86: 4 | GJ86: 0 | GK86: =ROUND(R86*(R12)/100,2) -> 0 | GL86: =ROUND(IF(AND(BH86=3,BI86=3,FS86<>0),P86,0),2) -> 0 | GM86: =ROUND(O86+X86+Y86+GK86,2)+GX86 -> 4066.21 | GN86: =IF(OR(BI86=0,BI86=1),ROUND(O86+X86+Y86+GK86,2),0) -> 0 | GO86: =IF(BI86=2,ROUND(O86+X86+Y86+GK86,2),0) -> 4066.21 | GP86: =IF(BI86=4,ROUND(O86+X86+Y86+GK86,2)+GX86,0) -> 0 | GR86: 0 | GS86: 3 | GT86: 0 | GV86: =ROUND(GT86,2) -> 0 | GW86: 1 | GX86: =ROUND(GV86*GW86*I86,2) -> 0 | HA86: 0 | HB86: 0 | IK86: 0
A87: 18 | B87: 1 | C87: 184 | E87: 25,1 | F87: 20.5.02.11-0041 | G87: Коробка установочная ОП-3 | H87: 10 шт. | I87: =I86*J87 -> 5.6 | J87: 0.1 | O87: =ROUND(CP87,2) -> 2787.51 | P87: =ROUND(CQ87*I87,2) -> 2787.51 | Q87: =ROUND(CR87*I87,2) -> 0 | R87: =ROUND(CS87*I87,2) -> 0 | S87: =ROUND(CT87*I87,2) -> 0 | T87: =ROUND(CU87*I87,2) -> 0 | U87: =CV87*I87 -> 0 | V87: =CW87*I87 -> 0 | W87: =ROUND(CX87*I87,2) -> 0 | X87: =ROUND(CY87,2) -> 0 | Y87: =ROUND(CZ87,2) -> 0 | AA87: 39076825 | AB87: =ROUND((AC87+AD87+AF87),2) -> 83.1 | AC87: =ROUND((ES87),2) -> 83.1 | AD87: =ROUND((((ET87)-(EU87))+AE87),2) -> 0 | AE87: =ROUND((EU87),2) -> 0 | AF87: =ROUND((EV87),2) -> 0 | AG87: =ROUND((AP87),2) -> 0 | AH87: =(EW87) -> 0 | AI87: =(EX87) -> 0 | AJ87: =ROUND((AS87),2) -> 0 | AK87: 83.1 | AL87: 83.1 | AM87: 0 | AN87: 0 | AO87: 0 | AP87: 0 | AQ87: 0 | AR87: 0 | AS87: 0 | AT87: 80 | AU87: 60 | AV87: 1 | AW87: 1 | AZ87: 5.99 | BA87: 1 | BB87: 1 | BC87: 5.99 | BH87: 3 | BI87: 2 | BJ87: ФССЦ-2001, 20.5.02.11-0041, приказ Минстроя России №1039/пр от 30.12.2016г. | BM87: 110011 | BN87: 0 | BP87: 0 | BQ87: 3 | BR87: 0 | BS87: 1 | BT87: 1 | BU87: 1 | BV87: 1 | BW87: 1 | BX87: 1 | BZ87: 80 | CA87: 60 | CF87: 0 | CG87: 0 | CM87: 0 | CO87: 0 | CP87: =(P87+Q87+S87) -> 2787.51 | CQ87: =AC87*BC87 -> 497.769 | CR87: =AD87*BB87 -> 0 | CS87: =AE87*BS87 -> 0 | CT87: =AF87*BA87 -> 0 | CU87: =AG87 -> 0 | CV87: =AH87 -> 0 | CW87: =AI87 -> 0 | CX87: =AJ87 -> 0 | CY87: =(((S87+R87)*AT87)/100) -> 0 | CZ87: =(((S87+R87)*AU87)/100) -> 0 | DN87: 0 | DO87: 0 | DP87: 1 | DQ87: 1 | DU87: 1010 | DV87: 10 шт. | DW87: 10 шт. | DX87: 10 | EE87: 39174433 | EF87: 3 | EG87: Монтажные работы | EH87: 0 | EJ87: 2 | EK87: 110011 | EL87: Связь: пожарно-охранная сигнализация и пром. телевиз. установки ( отделы 8 и 9 ) (при устройстве средств посадки самолетов : НР=95%, СП=55% - {АВИА}=1) | EM87: мФЕР-10 | EQ87: 0 | ER87: 83.1 | ES87: 83.1 | ET87: 0 | EU87: 0 | EV87: 0 | EW87: 0 | EX87: 0 | FQ87: 0 | FR87: =ROUND(IF(AND(BH87=3,BI87=3),P87,0),2) -> 0 | FS87: 0 | FX87: 80 | FY87: 60 | GD87: 0 | GF87: -763151964 | GG87: 1 | GH87: 1 | GI87: 4 | GJ87: 0 | GK87: =ROUND(R87*(R12)/100,2) -> 0 | GL87: =ROUND(IF(AND(BH87=3,BI87=3,FS87<>0),P87,0),2) -> 0 | GM87: =ROUND(O87+X87+Y87+GK87,2)+GX87 -> 2787.51 | GN87: =IF(OR(BI87=0,BI87=1),ROUND(O87+X87+Y87+GK87,2),0) -> 0 | GO87: =IF(BI87=2,ROUND(O87+X87+Y87+GK87,2),0) -> 2787.51 | GP87: =IF(BI87=4,ROUND(O87+X87+Y87+GK87,2)+GX87,0) -> 0 | GR87: 0 | GS87: 3 | GT87: 0 | GV87: =ROUND(GT87,2) -> 0 | GW87: 1 | GX87: =ROUND(GV87*GW87*I87,2) -> 0 | HA87: 0 | HB87: 0 | IK87: 0
A88: 17 | B88: 1 | C88: =ROW(SmtRes!A194) -> 194 | D88: =ROW(EtalonRes!A185) -> 185 | E88: 26 | F88: м08-03-591-04 | G88: Выключатель двухклавишный неутопленного типа при открытой проводке | H88: 100 ШТ | I88: 0.1 | J88: 0 | O88: =ROUND(CP88,2) -> 273.36 | P88: =ROUND(CQ88*I88,2) -> 61.81 | Q88: =ROUND(CR88*I88,2) -> 2.8 | R88: =ROUND(CS88*I88,2) -> 0.38 | S88: =ROUND(CT88*I88,2) -> 208.75 | T88: =ROUND(CU88*I88,2) -> 0 | U88: =CV88*I88 -> 3.513 | V88: =CW88*I88 -> 0.005 | W88: =ROUND(CX88*I88,2) -> 0 | X88: =ROUND(CY88,2) -> 198.67 | Y88: =ROUND(CZ88,2) -> 135.93 | AA88: 39076825 | AB88: =ROUND((AC88+AD88+AF88),2) -> 456.35 | AC88: =ROUND((ES88),2) -> 103.19 | AD88: =ROUND((((ET88)-(EU88))+AE88),2) -> 4.67 | AE88: =ROUND((EU88),2) -> 0.64 | AF88: =ROUND((EV88),2) -> 348.49 | AG88: =ROUND((AP88),2) -> 0 | AH88: =(EW88) -> 35.13 | AI88: =(EX88) -> 0.05 | AJ88: =ROUND((AS88),2) -> 0 | AK88: 456.35 | AL88: 103.19 | AM88: 4.67 | AN88: 0.64 | AO88: 348.49 | AP88: 0 | AQ88: 35.13 | AR88: 0.05 | AS88: 0 | AT88: 95 | AU88: 65 | AV88: 1 | AW88: 1 | AZ88: 5.99 | BA88: 5.99 | BB88: 5.99 | BC88: 5.99 | BH88: 0 | BI88: 2 | BJ88: ФЕРм-2001, м08-03-591-04, приказ Минстроя России №1039/пр от 30.12.2016г. | BM88: 108001 | BN88: 0 | BP88: 0 | BQ88: 3 | BR88: 0 | BS88: 5.99 | BT88: 1 | BU88: 1 | BV88: 1 | BW88: 1 | BX88: 1 | BZ88: 95 | CA88: 65 | CF88: 0 | CG88: 0 | CM88: 0 | CO88: 0 | CP88: =(P88+Q88+S88) -> 273.36 | CQ88: =AC88*BC88 -> 618.1081 | CR88: =AD88*BB88 -> 27.9733 | CS88: =AE88*BS88 -> 3.8336 | CT88: =AF88*BA88 -> 2087.4551 | CU88: =AG88 -> 0 | CV88: =AH88 -> 35.13 | CW88: =AI88 -> 0.05 | CX88: =AJ88 -> 0 | CY88: =(((S88+R88)*AT88)/100) -> 198.6735 | CZ88: =(((S88+R88)*AU88)/100) -> 135.9345 | DN88: 0 | DO88: 0 | DP88: 1 | DQ88: 1 | DU88: 1013 | DV88: 100 ШТ | DW88: 100 ШТ | DX88: 1 | EE88: 39174386 | EF88: 3 | EG88: Монтажные работы | EH88: 0 | EJ88: 2 | EK88: 108001 | EL88: Электромонтажные работы , отдел 01-03 : ( на АЭС НР = 110% ) - (работы по упр. авиа.- движением: СП=55% ( {АВИА}=1; обычные работы : СП=65 - {AВИА}=0), при работе на АЭС СП= 68% ) | EM88: мФЕР-08 | EQ88: 0 | ER88: 456.35 | ES88: 103.19 | ET88: 4.67 | EU88: 0.64 | EV88: 348.49 | EW88: 35.13 | EX88: 0.05 | EY88: 0 | FQ88: 0 | FR88: =ROUND(IF(AND(BH88=3,BI88=3),P88,0),2) -> 0 | FS88: 0 | FX88: 95 | FY88: 65 | GD88: 0 | GF88: -991288307 | GG88: 1 | GH88: 1 | GI88: 4 | GJ88: 0 | GK88: =ROUND(R88*(R12)/100,2) -> 0 | GL88: =ROUND(IF(AND(BH88=3,BI88=3,FS88<>0),P88,0),2) -> 0 | GM88: =ROUND(O88+X88+Y88+GK88,2)+GX88 -> 607.96 | GN88: =IF(OR(BI88=0,BI88=1),ROUND(O88+X88+Y88+GK88,2),0) -> 0 | GO88: =IF(BI88=2,ROUND(O88+X88+Y88+GK88,2),0) -> 607.96 | GP88: =IF(BI88=4,ROUND(O88+X88+Y88+GK88,2)+GX88,0) -> 0 | GR88: 0 | GS88: 3 | GT88: 0 | GV88: =ROUND(GT88,2) -> 0 | GW88: 1 | GX88: =ROUND(GV88*GW88*I88,2) -> 0 | HA88: 0 | HB88: 0 | IK88: 0
